Workbook
Name accion: BBDD!$C$2:$C$5
Name dependencia: [1]bd!$E$3:$E$45
Name eficacia: BBDD!$H$2:$H$3
Name ehallazgo: BBDD!$G$2:$G$3
Name estadoaccion: BBDD!$F$2:$F$5
Name hallazgo: BBDD!$B$2:$B$4
Name modifica: BBDD!$E$2:$E$3
Name Origen: BBDD!$A$2:$A$17
Name proceso: BBDD!$D$2:$D$19
Name tipo_accion: [1]bd!$F$3:$F$5
Name ubicacion_origen: [1]bd!$D$3:$D$72
Name valida: [1]bd!$H$3:$H$4

Sheet Detalle1
A1: Detalles de Cuenta de DESCRIPCIÓN DEL HALLAZGO
A3: Origen del hallazgo | B3: DESCRIPCIÓN DEL HALLAZGO | C3: CUMPLIDO | D3: EN EJECUCIÓN | E3: PENDIENTE DE REVISIÓN | F3: VENCIDO | G3: Total general
A4: Auditoría al sistema de Gestión en Seguridad y Salud en el Trabajo | B4: Aunque se han diseñado programas de mantenimiento preventivo para instalaciones, equipos y vehículos, éstos no se han ejecutado a la fecha, incumpliendo lo establecido en el ítem Mantenimiento periódico de instalaciones, equipos, máquinas, herramientas, del Artículo 16, Resolución 312 de 2019, además corriendo el riesgo de daño de los vehículos, entre otros y conllevando a mantenimientos correctivos, lo cual podría generar un incremento en los costos para la DNBC. | D4: 2 | G4: 2
A5: Auditoria anual control interno contable 2023 | B5: Al interior de la entidad no se tienen establecidos procedimiento internos documentados que faciliten la aplicación de la política de Flujos de Información | C5: 1 | G5: 1
A6: Auditoria anual control interno contable 2023 | B6: Aunque existen lineamientos específicos para la realización de los cruces de información y periódicamente realizar los inventarios, al 31 de diciembre de 2023, no se realizó el Inventario Físico de los Bienes y la conciliación de las provisiones no se realizó de manera mensual sino se consolidaron cuatro (4) meses. | C6: 1 | G6: 1
A7: Auditoria anual control interno contable 2023 | B7: Con relación a la Constitución de las Reservas Presupuestales y Cuentas por pagar no se evidencia el acto administrativo de constitución del Rezago Presupuestal. Con base en los listados emitidos por el SIIF se evidencia: 28 cuentas por pagar $142.044.420.71, las cuales están justificadas y poseen soportes 32 Reservas de Inversión $25.127.071.269 de las cuales 14 tienen justificaciones y soportes que coinciden con el valor de la constitución y 18 presentan diferencia entre el valor escrito en la justificación y lo establecido en el libro o listado.15 Reservas de Funcionamiento $301.518.533.57de las cuales 8 tienen justificaciones y soportes que coinciden con el valor de la constitución y 7 presentan diferencia entre el valor escrito en la justificación y lo establecido en el libro o listado. | C7: 1 | G7: 1
A8: Auditoria anual control interno contable 2023 | B8: El día 24 de agosto de 2024, se llevó a cabo la socialización de las políticas contables al personal involucrado en el proceso contable, no obstante, la resolución aunque incorporó el capitulo de manejo de flujos de información, en la parte resolutiva de esta resolución únicamente se hace alusión al capitulo de prendas de vestir, quedando sin lineamiento la política para Flujos de Información. | C8: 1 | G8: 1
A9: Auditoria anual control interno contable 2023 | B9: El proceso de Gestión Financiera, efectúa conciliaciones entre las áreas para verificar los saldos de las cuentas. De igual forma, se analizan los saldos y se presentan al Comité Técnico de Sostenibilidad Contable, con antelación a la trasmisión en el aplicativo CHIP. No obstante, no se realizó el Inventario Físico ni la Depreciación Acumulada de la Propiedad, Planta y Equipo del mes de Diciembre de 2023. | C9: 1 | D9: 3 | G9: 4
A10: Auditoria anual control interno contable 2023 | B10: La Resolución 381 de 2015, por medio del cual se adopta el Manual para el Manejo Administrativo de los bienes de propiedad de la Dirección Nacional de Bomberos, se consideró en el Capitulo V numeral 5, la Baja y comercialización de bienes usados, obsoletos e inservibles, Mediante la Resolución 433 de 2017, numeral 5,4 de Lineamiento para la Baja en Cuentas de la Propiedad, Planta y Equipo de la DNBC. No obstante, hay elementos en el Inventario que no se encuentran individualizados | D10: 4 | G10: 4
A11: Auditoria anual control interno contable 2023 | B11: Los criterios de medición de los activos, pasivos, ingresos, gastos y costos, son aplicables al objeto y misión de la DNBC. No obstante, en la cuenta de Ingresos se acumuló el recaudo de lo aportado por las aseguradoras de los meses de noviembre y diciembre de 2023 | D11: 1 | G11: 1
A12: Auditoria anual control interno contable 2023 | B12: Los procesos de la entidad al cierre de la vigencia 2023, entregaron parcialmente información a Financiera, en cumplimiento a lo establecido en el Memorando de Cierre, tal es el caso del área de Almacén que no realizó el Inventarió Físico, depreciación y amortización del mes de Diciembre de 2023. | C12: 2 | G12: 2
A13: Auditoria anual control interno contable 2023 | B13: Mediante el procedimiento PC-MC-02 Acciones correctivas, preventivas y de mejora Versión 4, se establece la formulación y el seguimiento al Plan de Mejoramiento como resultado de las Auditorías Internas, en las siguientes actividades: La No. 8 por parte del Líder del Proceso y la No. 13 a través del Proceso de Evaluación y Seguimiento. Con respecto, al seguimiento realizado a los Planes de Mejoramiento derivados de las auditorías externas, este procedimiento hace mención en la actividad No. 1 al (Procedimiento PC-ES-02 Atención de visitas y requerimientos), pero no establece los tiempos. | C13: 1 | G13: 1
A14: Auditoria anual control interno contable 2023 | B14: Mediante la resolución 253 de 2023, se actualizaron las políticas contables, creando los capítulos de Manejo de Prendas de Vestir y Flujos de información; no obstante, en la parte resolutiva de esta resolución únicamente se hace alusión al capitulo de prendas de vestir, quedando sin lineamiento la política para Flujos de Información | C14: 1 | F14: 1 | G14: 2
A15: Auditoria anual control interno contable 2023 | B15: Numeral 10.3 Aunque existen lineamientos específicos para la depuración el seguimiento de las cuentas en las Políticas contables se evidenció en las cuentas del Activo: 1.En la cuenta de Bancos, existe un saldo de $29.8 millones que corresponde a los valores descontados por concepto de la Pila de las vigencia 2019,2020,2022, que hacen referencia a los Retroactivos pero no han sido girado a las EPS. Asimismo, esta cifra incluye el valor de la seguridad social de los pagos realizados por concepto de liquidación de prestaciones sociales de ex funcionarios que se retiraron en la vigencia 2023. 2. En la Cuenta por Cobrar correspondiente a Ingresos no tributarios se evidencia el saldo de $1.223.156,01 correspondiente a un mayor valor cancelado por concepto de Cuota de Auditaje. 4. En la Cuenta 1322 Otras Cuentas por Cobrar están registradas Incapacidades por valor de $27.6 millones, dentro de las cuales algunas ya expiraron y por indicación de la CGN, hay que reclasificar a la cuenta 1384 Pagos por cuenta de terceros. 5.La conciliación por licencias e incapacidades se ha estado haciendo de manera extemporanea con respecto a las fechas de cierre, tal es el caso del cuarto trimestre que se se conciliaron hasta el 05 de febrero de 2024 6. El Saldo de la cuenta de PPyE presenta un saldo de $93.255 millones, pero al realizar la conciliación con el saldo Almacén presenta diferencias. 7. En la cuenta 1384 Recursos de Acreedores reintegrados a Tesorerias existe una partida por concepto que un proveedor no ha entregado 3 vehiculos y se suscribio acta de terminación bilateral. 8. Con relación a la cuenta de prendas de vestir y calzado el area de almacén reporto movimientos con saldo negativo, y como no se realizó la conciliación, quedó en ceros(0) | C15: 4 | D15: 5 | F15: 1 | G15: 10
A16: Auditoria anual control interno contable 2023 | B16: Para la vigencia 2023 no se evidencia la revisión de la vida útil y la depreciación de la Propiedad, Planta y Equipo | C16: 1 | D16: 3 | G16: 4
A17: Auditoria anual control interno contable 2023 | B17: Para la vigencia 2023, no se realizó el deterioro de la PPyE E, debido a que no fue reportada por el Área de Almacén. | C17: 1 | D17: 3 | G17: 4
A18: Auditoria anual control interno contable 2023 | B18: Pendiente | E18: 1 | G18: 1
A19: Auditoria anual control interno contable 2023 | B19: Por medio de la Resolución 433 del 2017 en el articulo 5.2 y 5.3 se estipula la depreciación y amortización de los bienes de la DNBC. No obstante, no se le realizó la Depreciación a la Propiedad, Planta y Equipo del mes de diciembre debido a que no se realizó el Inventario físico a este corte. La PPyE, quedó registrada al 30 de noviembre de 2023 | C19: 1 | D19: 3 | G19: 4
A20: Auditoria anual control interno contable 2023 | B20: Por medio de la Resolución 433 del 2017 en el articulo 5.2 y 5.3 se estipula la depreciación y amortización de los bienes de la DNBC. Sin embargo al no realizarse Inventario físico al 31 de diciembre de 2023 no fue posible generar la depreciación y amortización del mes de Diciembre de 2023 | C20: 1 | D20: 3 | G20: 4
A21: Auditoria anual control interno contable 2023 | B21: Por medio de los Cruces de inventarios, Legalizaciones de Viáticos, diferencias en nómina, Nóminas mensuales, actas entre otros, se informa al área contable las transacciones y movimientos realizados por los diferentes procesos; sin embargo, la resolución 253 de 2023 no indicó los documentos idóneos por medio de los cuales se informa al área contable | C21: 1 | G21: 1
A22: Auditoria anual control interno contable 2023 | B22: V5 Procedimiento de gestión de Bienes vigente desde el 02 de noviembre de 2023 incorporó en el numeral 6.2 la ejecución de inventarios físicos, el Inventario Físico se realizó con fecha corte al 30 de noviembre de 2023. Es decir, no se cuenta con el Inventario Físico al 31 de diciembre de 2023. | C22: 1 | D22: 4 | G22: 5
A23: Auditoría Gestión Contractual | B23: El proceso de Gestión Contractual presenta incumplimiento en los tiempos y debilidades en los controles establecidos actualmente, lo cual va en contravía a lo establecido en el actual Manual de Contratación institucional el cual determina que: “5. PLANEACIÓN DE LA GESTIÓN CONTRACTUAL La planeación será el pilar de los todos los procesos contractuales que adelante la Dirección Nacional de Bomberos. La aplicación de este principio implicara contar con un plan que consolide y priorice las adquisiciones de la dirección, teniendo en cuenta las necesidades diagnosticadas, la realización de estudios y análisis antes de iniciar un procedimiento de selección...” dicha priorización no se evidencia en los instrumentos actuales de la gestión contractual, por lo cual se estructura la presente No Conformidad. | D23: 1 | G23: 1
A24: Auditoría Gestión Contractual | B24: Se evidenció que la “Constancia de idoneidad y experiencia” en los contratós de Prestación de servicios profesionales No. 014, 022, 087 y 089 del 2018, y en el documento “Verificación de los documentos de la propuesta” de los contratós de prestación de servicios No. 006, 014, 081, 087, 088 y 089 de 2018 expedidos y suscritos por el Subdirector Administrativo y Financiero de la DNBC, registraron información que no fue fidedigna a la aportada por el contratista, situación que denota que los controles presentaron debilidades al generarse documentos oficiales con inconsistencias, incumpliendo lo establecido en el MIPG - Dimensión 3 Gestión con valores para resultados - cuando señala: “... los aspectos mínimos que una entidad debe tener en cuenta para trabajar por procesos son los siguientes: …- Documentar y formalizar los procesos para identificar el aporte que cada uno hace a la prestación del servicio y la adecuada gestión, - Definir los responsables del proceso y sus obligaciones, -Identificar los riesgos del proceso, así como establecer los controles correspondientes. - Definir los controles de medición y seguimiento correspondientes”. | F24: 2 | G24: 2
A25: Auditoria Interna al Proceso Educación Nacional para Bomberos | B25: Aplicativo ORFEO Se realizó cruce de la información generada en el proceso frente a la registrada en el aplicativo ORFEO, con lo cual se evidenciaron las siguientes debilidades del aplicativo, así:  No arroja un reporte con las variables necesarias para realizar un cruce efectivo para un periodo que contenga dos vigencias  En el campo “dependencia actual” se diligencia generalmente como “Dependencia de Salida”, lo cual no permite identificar todos los registros asociados a una dependencia de la DNBC.  Al exportar la información a Excel, el aplicativo agrega dos (2) espacios en el campo “Radicado” de cada uno de los registros, lo cual dificultó el cruce con las bases de datos del proceso Lo anterior incumple lo establecido en la 5 Dimensión Información y Comunicación del MIPG “Identificar y gestionar la información y comunicación interna” el cual señala “(…) Se debe garantizar su registro y divulgación oportuna, exacta y confiable, en procura de la realización efectiva y eficiente de las operaciones, soportar la toma de decisiones y permitir a los servidores un conocimiento más preciso y exacto de la entidad”. | C25: 1 | D25: 1 | F25: 1 | G25: 3
A26: Auditoria Interna al Proceso Educación Nacional para Bomberos | B26: Aval y reconocimiento de instructores Se evidenció que no se ha definido con claridad el método/soporte válido para acreditar la antigüedad como bombero de mínimo 5 años, ya que las unidades bomberiles están aportando para este requisito la Hoja de vida en formato común, en otros casos la hoja de vida Bomberil, sin la firma de comandante de su CB, inclusive se adjunta un formato de hoja de vida en idioma inglés, además no legible, incumpliendo lo establecido en el artículo 39 “Requisitos para ser instructor” de la resolución 1127 de 2018 | C26: 1 | G26: 1
A27: Auditoria Interna al Proceso Educación Nacional para Bomberos | B27: Documentación: En revisión de la documentación del proceso se encontró que la actividad 7 de la Caracterización “Realizar acciones de asesoría por medio del Comité Académico (…)” se encuentra clasificada como una actividad de “verificar”, sin embargo, de acuerdo con su naturaleza, realmente corresponde al “hacer” ya que es una acción de la misionalidad del proceso. Así mismo, Procedimiento para Registro de Capacitación Bomberil y Firma de Certificados, en las definiciones la actividad de control la señalan con Símbolo (©) y en la matriz de actividades la representan con (ACC), Así mismo, se aprecia que en los diagramas de flujo hay un conector A, que no tiene destino. Adicionalmente, se observó, que no hay estandarización en la denominación del servicio el “Aval y Reconocimiento de Instructores” por cuanto en el Manual, procedimiento y OPA tienen denominaciones diferentes lo cual genera confusión a las partes interesadas. Lo cual podría incumplir lo establecido en el MIPG Dimensión: Gestión con valores para resultados el cual señala “Definir la secuencia de cada una de las diferentes actividades del proceso, desagregándolo en procedimientos o tareas” | C27: 1 | F27: 1 | G27: 2
A28: Auditoria Interna al Proceso Educación Nacional para Bomberos | B28: Indicadores Se evidenció que no se han formulado indicadores para medir el cumplimiento de las actividades establecidas en la caracterización del proceso tales como reconocimiento de centros de entrenamiento de brigadas contraincendio y reconocimiento de escuelas de formación para Bomberos, actividades relacionadas intrínsecamente con el objetivo del proceso, lo cual incumple lo establecido en dimensión 1 Direccionamiento Estratégico y Planeación del MIPG “(…) Definir los indicadores a utilizar y el método de construcción que más se adapte a la propia dinámica y cultura organizacional”. | C28: 1 | G28: 1
A29: Auditoria Interna al Proceso Educación Nacional para Bomberos | B29: Plan de Acción Realizando el análisis del cumplimiento de los productos del proceso, se encontró que el plan de acción contempla veinticuatro (24) productos, suministrado en desarrollo de la auditoria, difiere del plan de acción publicado en la página web de la DNBC, para la vigencia 2022, el cual registra 17 productos, por cuanto no contempla los siguientes productos. • Foro de Control de Incendios • Cursos de formación bomberil • Monitoreo y seguimiento a los Riesgos de Gestión • Reporte de seguimiento al PAAC • Reporte trimestral de Indicadores de gestión del proceso • Monitoreo periódico de avance de los referentes estratégicos institucionales • Documentación Sistema de Gestión DNBC Lo cual incumple el Principio de la divulgación proactiva de la información señalado en el artículo 3. Otros principios de la transparencia y acceso a la información pública. de la Ley 1712 de 2014 el cual establece que “(…) lo que conlleva la obligación de publicar y divulgar documentos y archivos que plasman la actividad estatal y de interés público, de forma rutinaria y proactiva, actualizada, accesible y comprensible” | D29: 1 | G29: 1
A30: Auditoria Interna al Proceso Educación Nacional para Bomberos | B30: Reconocimiento de Centros de Entrenamiento de Brigadas Contra Incendios Se evidenció documentos en el aplicativo ORFEO con restricciones, por lo que no se pueden consultar como es el caso de la respuesta al radicado 20213800102572, incumpliendo lo establecido en la Ley 1712 de 2014, Por medio de la cual se crea la Ley de Transparencia y del Derecho de Acceso a la Información Pública Nacional y se dictan otras disposiciones. | C30: 1 | G30: 1
A31: Auditoria Interna al Proceso Educación Nacional para Bomberos | B31: Se encontró debilidad en el control para verificar los soportes aportados por las unidades bomberiles para optar por el aval como instructor, por cuanto se evidenció que se otorgaron avales sin que se hayan cargado los soportes correspondientes en el aplicativo ORFEO como es el caso de las solicitudes con radicados 20211140118912 y 20221140135982, incumpliendo lo establecido en el artículo 39 “Requisitos para ser instructor” de la resolución 1127 de 2018. | C31: 1 | G31: 1
A32: Auditoria Interna al Proceso Educación Nacional para Bomberos | B32: Se evidencia debilidad en los controles implementados por el Proceso por cuanto, se encontraron los consecutivos 330, 333 y 334 de la vigencia 2022 sin número de radicado de entrada en la base de datos de Registros de cursos de formación bomberil, y con los cuales se otorgaron cuatro (4) registros. Así mismo, en la base de datos de firma de certificados se encontraron 12 registros sin el radicado de entrada y de los cuales solo uno (1) tiene radicado de salida. Lo anterior incumple lo establecido en la actividad 1 de “Asignación registro de cursos de formación bomberil” y de “Firma de Certificados de Cursos de Formación Bomberil” del Procedimiento para Registro de Capacitación Bomberil y Firma de Certificados, que establecen “Recibir los documentos de solicitud de registro de cursos de formación bomberil / de firma de certificados”, por parte de los Cuerpos de Bomberos de Colombia, en la oficina de atención al usuario de la DNBC o en la cuenta de correo: atencionciudadano@dnbc.gov.co”. Así como, la actividad 4 de “Firma de Certificados de Cursos de Formación Bomberil” “Ingresar los datos de los certificados del curso de formación bomberil, en la base de datos de Excel, para seguimiento y trazabilidad en la nube (ACC).” | C32: 1 | G32: 1
A33: Auditoria Interna al Proceso Educación Nacional para Bomberos | B33: Se evidencia que los soportes de los radicados en Orfeo, no se están digitalizando de manera consecutiva, como lo observado en el aval de instructores del 03-10-2021, del curso Inspector de seguridad autorizado al Cuerpo de Bomberos Voluntarios La Mesa, mediante registro 017-2022 que consta de dos (2) hojas, del cual aparece la primera hoja al inicio de los documentos y la segunda hoja, es decir en donde se encuentra la firma del aval se encuentra en la parte final de todos los documentos escaneados generando confusión en cuanto a la consistencia de los soportes, incumpliendo el artículo 11. obligatoriedad de la conformación de los archivos públicos de la Ley 594 de 2000 que señala “El Estado está obligado a la creación, organización, preservación y control de los archivos, teniendo en cuenta los principios de procedencia y orden original, el ciclo vital de los documentos y la normatividad archivística” el subrayado es nuestro. | C33: 1 | G33: 1
A34: Auditoria Interna al Proceso Educación Nacional para Bomberos | B34: Se evidenció demora en la respuesta de solicitudes de aval de instructores, por cuanto El CBV Alcalá solicitó ratificar el aval como instructor de Christian Ramírez mediante radicado 20221140152592 del 24/05/2022 al cual a la fecha no se le ha dado respuesta, incumpliendo el plazo para otorgar el aval y reconocimiento de instructores de bomberos, que es de 15 días hábiles establecido en el aplicativo SUIT del DAFP. | C34: 1 | G34: 1
A35: Auditoria Interna al Proceso Educación Nacional para Bomberos | B35: Se evidenció en el ejercicio de la auditoria que se otorgaron registros 157-2021, 156-2021, 023-2022, 257-2022 y 130-2022, los cuales se autorizaron con cupo superior al establecido en la normativa, incumpliendo lo establecido en el parágrafo 1 del artículo 31, de la resolución 1127 de 2018, el cual establece “Verificada la totalidad de los requisitos enunciados, la DNBC enviará al solicitante, a través de correo electrónico, el número y la fecha de registro aprobado, para dar inicio al curso respectivo. El número de registro será para un cupo de máximo de treinta (30) participantes.” | D35: 1 | G35: 1
A36: Auditoria Interna al Proceso Educación Nacional para Bomberos | B36: Se evidenció que en la página web de la entidad, así como en la documentación del proceso no se han publicado los requisitos para el Reconocimiento de Centros de Entrenamiento de Brigadas Contra Incendios plasmados en la resolución 256 de 2014, con lo cual no se tiene claridad frente a los criterios para que los Cuerpos de Bomberos puedan optar por dicho reconocimiento para su Institución, incumpliendo lo establecido en la Ley 1712 de 2014 articulo 7 “Disponibilidad de la Información.” y la Dimensión 6. Información y Comunicación de MIPG, la cual señala “Tenga en cuenta que, respecto a la publicación de información de manera proactiva, el derecho de acceso a la información no radica únicamente en la obligación de dar respuesta a las peticiones, sino también en el deber de publicar y divulgar documentos y archivos de valor para el ciudadano y que constituyen un aporte en la construcción de una cultura de transparencia”. | F36: 1 | G36: 1
A37: Auditoria Interna al Proceso Educación Nacional para Bomberos | B37: Se realizó modificación al formato establecido por la DNBC para los certificados del registro del curso, evidenciado en el registro 032-2021, incumpliendo el numeral 6 del PARÁGRAFO 4. del Artículo 31. de la Resolución 1127 de 2018, que señala “Certificados: La Dirección Nacional de Bomberos establecerá el modelo de certificado, el cual no deberá sufrir modificación o adulteración de ningún tipo. (…)”. | C37: 1 | G37: 1
A38: Auditoria Interna al Sistema de Gestión en Seguridad y Salud en el Trabajo 2021 | B38: Se evidenció que la entidad durante la vigencia 2021 no ha suscrito contrato para realizar el mantenimiento de los vehículos y en la actualidad el vehículo Volkswagen Amarok de placas ZXW 532 se encuentra varado, adicionalmente no se cuenta con los soportes de la ejecución del mantenimiento preventivo y correctivo de las instalaciones, incumpliendo lo establecido en el Decreto 1072 de 2015, artículo 2.2.4.6.24 Medidas de prevención y control, parágrafo 2 | D38: 1 | G38: 1
A39: Auditoria Interna al Sistema de Gestión en Seguridad y Salud en el Trabajo 2021 | B39: Se evidenció que se cuenta con un documento borrador del plan estratégico de seguridad vial, sin embargo, a la fecha no se ha realizado el diagnostico de seguridad vial, así como la capacitación a los actores viales, incumpliendo lo establecido en la ley 1503 de 201, articulo 12 | D39: 1 | G39: 1
A40: Auditoria Interna al Sistema de Gestión en Seguridad y Salud en el Trabajo 2021 | B40: Se observó que la Entidad se encuentra realizando el pago de riesgos laborales de Contratistas que tienen formación Bomberil, sin embargo, al verificar las obligaciones de una muestra de cinco (5) contratos, se evidenció que cuatro (4) de ellos solo tienen obligaciones de tipo administrativo, incumpliendo lo establecido en el artículo 2 de la Resolución 2087 de 2013 | F40: 1 | G40: 1
A41: Auditoria Interna al Sistema de Gestión en Seguridad y Salud en el Trabajo 2022 | B41: Aunque el Equipo de Seguridad y Salud en el trabajo ha realizado inducción en SST al personal del Aseo y Cafetería, al igual que al personal que realizó la adecuación de la pantalla de la sala situacional, se evidenció que no se realizó la capacitación en SST antes de iniciar labores a todo el personal de prestación de servicios vinculado a la entidad, incumpliendo lo establecido en el parágrafo 2 del artículo 2.2.4.6.11 del decreto 1072 de 2015. | F41: 1 | G41: 1
A42: Auditoria Interna al Sistema de Gestión en Seguridad y Salud en el Trabajo 2022 | B42: En recorrido por el centro logístico se encontró que no se cuenta con los adecuados controles para el aseguramiento de las actividades propias del bodegaje, tales como ayudas mecánicas para manipulación de cargas, hojas de seguridad de los productos químicos y matriz de compatibilidad, adecuada señalización de emergencias, doble pasamanos en la escalera, mecanismos suficientes para extinción de incendios ni personal capacitado como brigadista. Adicionalmente no se cuenta con los soportes de vacunación del personal que realiza actividades en el nivel territorial. Incumpliendo lo establecido en el Decreto 1072 de 2015, artículo 2.2.4.6.24 Medidas de prevención y control. | D42: 1 | F42: 1 | G42: 2
A43: Auditoria Interna al Sistema de Gestión en Seguridad y Salud en el Trabajo 2022 | B43: La entidad estableció el Manual de Contratación Código: MN-CO-01, Versión: 2, vigente desde el 13/06/2022, en el numeral 1.1.9, sin embargo, Se evidenció a través del contrato de exámenes ocupacionales realizado en la vigencia 2021, que en el estudio previo no se estableció la totalidad de los requisitos en seguridad y salud en el trabajo para exigir al contratista su cumplimiento, es de anotar que al verificar los requisitos el responsable de SST contaba con la totalidad de los soportes, lo cual podría incumplir lo establecido en el artículo 2.2.4.6.27, Decreto 1072 de 2015. | F43: 1 | G43: 1
A44: Auditoria Interna al Sistema de Gestión en Seguridad y Salud en el Trabajo 2022 | B44: Se evidenció que no se está realizado el mantenimiento preventivo de los vehículos de la entidad por cuanto en lo corrido de la vigencia no se ha suscrito el contrato de mantenimiento de vehículos, adicionalmente no se está reportando oportunamente la inspección preoperacional (diaria), así mismo, se encontró que no se están ejecutando las actividades programadas de mantenimiento preventivo de las instalaciones de la DNBC y no se cuenta con programa de mantenimiento del centro logístico, incumpliendo lo establecido en el parágrafo 2, Artículo 2.2.4.6.24 del decreto 1072 de 2015. | C44: 1 | D44: 2 | G44: 3
A45: Auditoria Interna al Sistema de Gestión en Seguridad y Salud en el Trabajo vigencia 2020 | B45: Se evidencia que no se cuenta con el programa de mantenimiento preventivo de las instalaciones y vehículo de la entidad. Incumpliendo lo establecido en el parágrafo 2, artículo 2.2.4.6.24 Decreto 1072 de 2015 | D45: 2 | G45: 2
A46: Decreto 491 de 2020 | B46: No se están siguiendo los linemientos conforme lo establece el capitulo VI. Seguimiento a la ejecución contractual En el SECOP II, de la Guia para Hacer la Gestión Contractual en el SECOP II; por cuanto, se evidenció que en los contratos 116,124,126,131,142,172,195, 205 y 207, los supervisores no confirmaron las entregas, los contratistas no ingresaron los Documentos de Supervisión del Contrato, y el Proceso de Gestión Financiera no Aprobó las facturas ni las marco como pagas. | D46: 1 | G46: 1
A47: Evaluación al grado de eficacia, eficiencia y efectividad del proceso de Gestión Contractual, la administración de los riesgos, los controles y el cumplimiento de la normatividad legal vigente | B47: Inconsistencias en la Designación de la Supervisión. Se evidenciaron falencias en la Delegación de la supervisión de los contratos 211, 214, 165,110, 265, 290, 266 y orden de compra 56640 de 2020; por cuanto no poseen claridad en esta designación, incumpliendo el ARTÍCULO 83 de la ley 1474 de 2011, que indica “Supervisión e interventoría contractual, …La supervisión consistirá en el seguimiento técnico, administrativo, financiero, contable, y jurídico que, sobre el cumplimiento del objeto del contrato, es ejercida por la misma entidad estatal cuando no requieren conocimientos especializados. Para la supervisión, la Entidad estatal podrá contratar personal de apoyo, a través de los contratos de prestación de servicios que sean requeridos.” Así como lo preceptuado en la Guía para el ejercicio de las funciones de supervisión e interventoría de los contratos suscritos por las Entidades Estatales numeral 1 Designación de supervisores que dice: “El ordenador del gasto de la Entidad Estatal es responsable de la vigilancia y control de la ejecución del gasto y del contrato, por lo cual es quien debe designar el supervisor de un contrato.” | C47: 1 | G47: 1
A48: Evaluación al grado de eficacia, eficiencia y efectividad del proceso de Gestión Contractual, la administración de los riesgos, los controles y el cumplimiento de la normatividad legal vigente | B48: Indicadores de Gestión El proceso de GESTION CONTRACTUAL no cuenta con indicadores de EFICIENCIA y EFECTIVIDAD, impidiendo evaluar el logro de los resultados, conforme a lo indicado en el Modelo Integrado de Planeación y Gestión (MIPG) Dimensión “Direccionamiento Estratégico y planeación” (Formulación de Indicadores), que trata de la Definir los indicadores a utilizar y el método de construcción que más se adapte a la propia dinámica y cultura organizacional. De acuerdo con el manual “Planificación estratégica e indicadores de desempeño en el sector público” (CEPAL, 2011: 59) se pueden diferenciar varios tipos de indicadores de producto o resultados, de Insumos de proceso, procesos o actividades, o de desempeño de dichas actuaciones en las dimensiones de eficiencia, eficacia, calidad y economía, así como la Dimensión “Evaluación de resultados” numeral 4.2.1 Seguimiento y evaluación del desempeño institucional que indica: … se debe aplicar los indicadores definidos de acuerdo con las decisiones que la entidad haya asumido y las disposiciones establecidas en las normas y lineamientos de política frente a las maneras, plazos y poblaciones a quienes decide entregar la información del seguimiento y evaluación. | C48: 1 | G48: 1
A49: Evaluación al grado de eficacia, eficiencia y efectividad del proceso de Gestión Contractual, la administración de los riesgos, los controles y el cumplimiento de la normatividad legal vigente | B49: Plan de Mejoramiento Se evidenció al corte 31 marzo de 2021, incumplimiento del Plan de Mejoramiento del Proceso; por cuanto, tienen dos (2) acciones sin iniciar y diecinueve (19) acciones vencidas. Es de anotar que seis (6) hallazgos, vienen desde la vigencia 2018, cinco (5) del 2019 y siete (7) del 2020 y una (1) del 2021, sin que se hayan tomado los correctivos del caso para dar cumplimiento al mismo, que se refieren en términos generales a la construcción del PAAC y los manuales de Contratación y Supervisión. Lo anterior desatiende lo establecido en el manual operativo MIPG, en el numeral 4.1 de la Dimensión 4ª. Dimensión: Evaluación de Resultados que señala “(…) A nivel institucional, es fundamental efectuar el seguimiento periódico a todos planes que se implementan en la entidad (…)” y en el numeral 4.2.1. Seguimiento y evaluación del desempeño institucional específica “Las dependencias de planeación suelen ser las responsables y competentes para liderar estos ejercicios. No obstante, los responsables de hacer el seguimiento y la evaluación de los resultados institucionales son los servidores públicos que tienen a su cargo cada plan, programa, proyecto o estrategia objeto de seguimiento y evaluación. Así mismo, son ellos quienes deben establecer oportunamente las acciones de corrección o prevención de riesgos, si aplica, y registrar o suministrar los datos en los diferentes sistemas de información de que dispone la organización | D49: 1 | G49: 1
A50: Evaluación al grado de eficacia, eficiencia y efectividad del proceso de Gestión Contractual, la administración de los riesgos, los controles y el cumplimiento de la normatividad legal vigente | B50: Suscripción del contrato por persona no Autorizada Subasta Inversa En la cláusula 25 de los contratos 266 y 290 de 2020, se establece que, para el perfeccionamiento y ejecución del contrato, se requiere la firma de las partes; no obstante, al revisar digitalmente la firma de las partes en la plataforma SECOP II estos fueron aceptados por las Contratistas Carolina Escárraga y Sandra Carolina Pulido; quienes no están facultadas para hacerlo, con base en lo señalado en el artículo 12 de la Ley 80 de 1993, que establece “De la Delegación para Contratar. Los jefes y los representantes legales de las entidades estatales podrán delegar total o parcialmente la competencia para celebrar contratos y desconcentrar la realización de licitaciones o concursos en los servidores públicos que desempeñen cargos del nivel directivo o ejecutivo o en sus equivalentes. La expresión "Concurso" fue derogada por el art. 32 de la Ley 1150 de 2007.” | C50: 1 | G50: 1
A51: Evaluación Control Interno Contable de la vigencia 2020 | B51: Al verificar el Inventario final al 31-12-2020, se evidencia un listado de bienes pero el mismo no está totalizado por cada una de las cuentas de la Propiedad, Planta y Equipo, al igual no cuenta con la respectiva firma del Almacenista ni el Subdirector Administrativo y Financiero. Con respecto a las cuentas del Pasivo, no se están conciliando los saldos con las diferentes areas al interior de la entidad, al igual que No existen procedimientos ni lineamientos para estos cruces de Información. | C51: 1 | D51: 3 | G51: 4
A52: Evaluación Control Interno Contable de la vigencia 2020 | B52: Cada una de las transacciones financieras están respaldadas con los soportes idóneos y requeridos para su registro. Sin embargo en lo que respecta a las constitución de las reservas presupuestales y las cuentas por pagar; se evidenció que en algunas la justificación técnica y juridica es insuficiente para sustentar el caso fortuito o fuerza mayor para la generación de las Reservas, adicionalmente no fueron suministrados la totalidad de los soportes documentales de la constitución de las reservas de funcionamiento que son (10), de las cuentas por pagar de inversión (7), y de las reservas de Inversión únicamente se anexaron (6) evidencias de las (12) constituidas. | C52: 2 | G52: 2
A53: Evaluación Control Interno Contable de la vigencia 2020 | B53: Como resultado del seguimiento al Control Interno Contable, realizado por la Asesora de Control Interno de la DNBC, se generaron hechos económicos de actualización, los cuales no fueron tenidos en cuenta, como fue el caso de la política para la conciliación de saldos, Política para los flujos de información, ni un lineamiento sobre la identificación de los bienes fisicos en forma individualizada entre otros. | C53: 1 | G53: 1
A54: Evaluación Control Interno Contable de la vigencia 2020 | B54: Dentro del Plan de Capacitación de la entidad, no se evidencia capacitación a los funcionarios del Area Financiera que apunten al mejoramiento de competencias y habilidades. De igual forma, es ncesria la respectiva verificación del cumplimiento del mismo. | D54: 1 | G54: 1
A55: Evaluación Control Interno Contable de la vigencia 2020 | B55: En la vigencia 2020 no se socializó el procedimiento del proceso de Gestión Administrativa PC-AD-01 Procedimiento Gestión de Bienes. | D55: 1 | G55: 1
A56: Evaluación Control Interno Contable de la vigencia 2020 | B56: Las cuentas del Pasivo, no están siendo conciliadas con las diferentes areas al interior de la entidad, al igual que No existen procedimientos ni lineamientos para estos cruces de Información. De igual forma, requiere de socialización. | C56: 2 | G56: 2
A57: Evaluación Control Interno Contable de la vigencia 2020 | B57: Pendiente | C57: 1 | G57: 1
A58: Evaluación Control Interno Contable de la vigencia 2020 | B58: Se encontró que el Proceso Gestión Financiera no esta realizando el respectivo monitoreo a la formulación y ejecución de las acciones de mejora derivadas de la evaluación al Control Interno Contable,ya que no se establecieron acciones de mejora para algunos items del presente cuestionario, que quedaron por ejecutar en la vigencia 2019. | D58: 1 | G58: 1
A59: Gestión Administrativa | B59: A pesar de establecer un sistema de control en la información de los inventarios a través del Excel, se encontró que no se cuenta con mecanismos de control necesario como es (Software de inventarios) que garanticen la contabilización y confiabilidad de la información recibida y generada, para el ingreso, entrega y actualización de inventario. Se evidencia que se estableció la Compra de Software de inventario, el en el Plan Anual de Adquisiciones de este año, por valor de $ 80.000.000, el cual a la fecha no se ha comprado por falta de recursos en la DNBC. Teniendo en cuenta lo anterior, el proceso de gestión administrativa, afirma que personal encargado del almacén diseñó una base de datos que permite la contabilización de la información recibida y generada, para el ingreso, entrega y actualización de inventario, así mismo informan que el día 14 de octubre de 2016 se actualizó el Plan Anual de Adquisiciones y se retiró del mismo la adquisición del Software de inventarios ya que no se cuenta con presupuesto disponible para su compra. No se posee un Programa Sistemático de Inventarios, que lleve un adecuado control, tanto de entradas como salidas de elementos. Asimismo, que permita de manera inmediata reflejar cantidades, valores unitarios, totales y el centro de costo (ubicación) del bien. | D59: 1 | G59: 1
A60: Gestión Administrativa | B60: Se evidenció que no se han establecido los requisitos ambientales para la compra de productos y servicios. Aunque Gestión Administrativa, ha identificado los requisitos ambientales para la adquisición de insumos y servicios al interior de la entidad, dichos requisitos no han sido establecidos formalmente en el proceso de Gestión Contractual (Compras verdes). Dicha observación ha sido recurrente ya que se había evidenciado en la auditoría de la vigencia 2016. | D60: 2 | G60: 2
A61: INFORME DE SEGUIMIENTO DEL ESTADO ACTUAL DE LA INFORMACIÓN REGISTRADA POR LA DIRECCIÓN NACIONAL DE BOMBEROS, EN EL SISTEMA DE INFORMACIÓN Y GESTIÓN DEL EMPLEO PÚBLICO (SIGEPII) | B61: CATALOGO REPORTES SIGEPII *Actualización hoja de Vida contratistas: Del catálogo del SIGEPII solo 24 contratistas actualizaron su hoja de vida en el sistema para la vigencia 2021, de los cuales 13 figuran en la base datos aportada por contratación (116 contratistas), es decir que: •Falta el registro de 103 contratistas por actualizar su hoja de vida, incumpliéndose con ello lo establecido en el numeral 3 del artículo 2.2.17.10 Formato de hoja de vida. Del Decreto 1083 de 2015 que establece “(…) Están obligados a diligenciar el formato único de hoja de vida, (…) .Los contratistas de prestación de servicios, previamente a la celebración del contrato” •En el catálogo del SIGEPII, se encontraron once (11) contratistas de los cuales no se evidencia vínculo con la Entidad. *Contratos de prestación de servicios profesionales: Verificado el reporte del SIGEPII “Contratos de prestación de servicios profesionales”, se observó que solo registra un (1) contratista para la vigencia 2021, con lo cual se evidencia que no está cumpliendo el artículo 2.2.17.7 del Decreto 1083 de 2015.•Asi mismo De los 22 contratistas del catálogo del SIGEPII, se encontraron cuatro (4) registros repetidos de los reportados por contratación y cinco (5) que no se evidencia vínculo con la Entidad para el periodo objeto del seguimiento, dentro de los cuales también hay tres (3) que están repetidos *Roles de usuarios activos: •De los 116 contratistas de la base datos aportada por contratación se evidenció que 38 de los contratistas no tienen asignado el rol para acceder al sistema, con lo cual se evidencia que no está cumpliendo el artículo 2.2.17.7 del Decreto 1083 de 2015 . •Respecto del rol operador de contratos, único que coincide con el habilitado de la Entidad, se evidencia que no está cumpliendo a cabalidad con las responsabilidades establecidas en el artículo 2.2.17.7 del Decreto 1083 de 2015. •En el reporte se aprecia que el rol de administrador de Entidades está asignado a un servidor público, del cual se evidencia que no está cumpliendo a cabalidad las responsabilidades establecidas en el artículo 2.2.17.7 del Decreto 1083 de 2015 •De la Información reportada en el catálogo Roles de usuarios activos, como se observa en la matriz, las cantidades no corresponden con los roles asignados, cargos de los servidores y contratistas activos, con lo cual se ratifica el incumplimiento señalado al artículo 2.2.17.7 del Decreto 1083 de 2015 •También se apreció inconsistencia en el número de identificación y contratistas que no pertenecen a la DNBC *Consulta de hojas de vida aprobadas de la entidad+G10 •Para los servidores públicos, en el campo “Fecha de Aprobación de la Hoja de Vida” 28 figuran con fecha 04/12/2021 y uno con fecha 20/03/2018, fechas que no corresponden con las de posesión de los servidores, con lo cual se evidencia que no se está cumpliendo a cabalidad las responsabilidades establecidas en el artículo 2.2.17.7 del Decreto 1083 de 2015 •De los 116 contratistas se observó que 38 no figuran en el catálogo, 32 que no registran Fecha de Aprobación de la Hoja de Vida y 39 que tienen la fecha que no corresponde al inicio del contrato de la vigencia 2021, con lo cual se evidencia que no se está dando cumplimiento a cabalidad las responsabilidades establecidas en el artículo 2.2.17.7 del Decreto 1083 de 2015 Datos personales de servidores públicos y contratistas por entidad •De los 116 contratistas, se evidencio que al realizar el cruce por número de identificación 40 no figuran en el catálogo, por lo tanto la información es incompleta, con lo cual se evidencia que no están dando cumplimiento a cabalidad las responsabilidades establecidas en el artículo 2.2.17.7 del Decreto 1083 de 2015 •Así mismo, se presentan inconsistencias en la información que genera el reporte como es el caso de Contratistas que según los registros figuran como “Vinculados a cargo de planta”, como es el caso de Claudia Quintero Franklin y Julio Cesar García Triana, también se apreció que todos los contratistas figuran que “no tiene Contrato asignado en la entidad”, con lo cual se evidencia la falta de control por parte de quien tiene asignado el rol de Operador de Contratos. *Contratos finalizados x fecregis y pendiente fin Se observó que solo tiene un registro para la vigencia 2021 y que aún figura en estado activo – Carolina Escarraga, sin que se hubiese hecho el registro de los 115 contratistas restantes *Educación formal de los servidores públicos vinculados y contratistas con contrato activo en la entidad: De los 116 contratistas se observó que tan solo figura el registro de Carolina Escarraga Trejos, con ello evidenciándose que 115 contratistas no reportan la información requerida, sin que esto haya sido evidenciado por quien tiene asignado el rol de administrador de entidades, con ello, estableciéndose el incumplimiento al artículo 2.2.17.7 del Decreto 1083 de 2015 | D61: 1 | G61: 1
A62: INFORME DE SEGUIMIENTO DEL ESTADO ACTUAL DE LA INFORMACIÓN REGISTRADA POR LA DIRECCIÓN NACIONAL DE BOMBEROS, EN EL SISTEMA DE INFORMACIÓN Y GESTIÓN DEL EMPLEO PÚBLICO (SIGEPII) | B62: CATALOGO REPORTES SIGEPII *Actualización hoja de Vida contratistas: Del catálogo del SIGEPII solo 24 contratistas actualizaron su hoja de vida en el sistema para la vigencia 2021, de los cuales 13 figuran en la base datos aportada por contratación (116 contratistas), es decir que: •Falta el registro de 103 contratistas por actualizar su hoja de vida, incumpliéndose con ello lo establecido en el numeral 3 del artículo 2.2.17.10 Formato de hoja de vida. Del Decreto 1083 de 2015 que establece “(…) Están obligados a diligenciar el formato único de hoja de vida, (…) .Los contratistas de prestación de servicios, previamente a la celebración del contrato” •En el catálogo del SIGEPII, se encontraron once (11) contratistas de los cuales no se evidencia vínculo con la Entidad. *Contratos de prestación de servicios profesionales: Verificado el reporte del SIGEPII “Contratos de prestación de servicios profesionales”, se observó que solo registra un (1) contratista para la vigencia 2021, con lo cual se evidencia que no está cumpliendo el artículo 2.2.17.7 del Decreto 1083 de 2015.•Asi mismo De los 22 contratistas del catálogo del SIGEPII, se encontraron cuatro (4) registros repetidos de los reportados por contratación y cinco (5) que no se evidencia vínculo con la Entidad para el periodo objeto del seguimiento, dentro de los cuales también hay tres (3) que están repetidos *Roles de usuarios activos: •De los 116 contratistas de la base datos aportada por contratación se evidenció que 38 de los contratistas no tienen asignado el rol para acceder al sistema, con lo cual se evidencia que no está cumpliendo el artículo 2.2.17.7 del Decreto 1083 de 2015 . •Respecto del rol operador de contratos, único que coincide con el habilitado de la Entidad, se evidencia que no está cumpliendo a cabalidad con las responsabilidades establecidas en el artículo 2.2.17.7 del Decreto 1083 de 2015. •En el reporte se aprecia que el rol de administrador de Entidades está asignado a un servidor público, del cual se evidencia que no está cumpliendo a cabalidad las responsabilidades establecidas en el artículo 2.2.17.7 del Decreto 1083 de 2015 •De la Información reportada en el catálogo Roles de usuarios activos, como se observa en la matriz, las cantidades no corresponden con los roles asignados, cargos de los servidores y contratistas activos, con lo cual se ratifica el incumplimiento señalado al artículo 2.2.17.7 del Decreto 1083 de 2015 •También se apreció inconsistencia en el número de identificación y contratistas que no pertenecen a la DNBC *Consulta de hojas de vida aprobadas de la entidad •Para los servidores públicos, en el campo “Fecha de Aprobación de la Hoja de Vida” 28 figuran con fecha 04/12/2021 y uno con fecha 20/03/2018, fechas que no corresponden con las de posesión de los servidores, con lo cual se evidencia que no se está cumpliendo a cabalidad las responsabilidades establecidas en el artículo 2.2.17.7 del Decreto 1083 de 2015 •De los 116 contratistas se observó que 38 no figuran en el catálogo, 32 que no registran Fecha de Aprobación de la Hoja de Vida y 39 que tienen la fecha que no corresponde al inicio del contrato de la vigencia 2021, con lo cual se evidencia que no se está dando cumplimiento a cabalidad las responsabilidades establecidas en el artículo 2.2.17.7 del Decreto 1083 de 2015 Datos personales de servidores públicos y contratistas por entidad •De los 116 contratistas, se evidencio que al realizar el cruce por número de identificación 40 no figuran en el catálogo, por lo tanto la información es incompleta, con lo cual se evidencia que no están dando cumplimiento a cabalidad las responsabilidades establecidas en el artículo 2.2.17.7 del Decreto 1083 de 2015 •Así mismo, se presentan inconsistencias en la información que genera el reporte como es el caso de Contratistas que según los registros figuran como “Vinculados a cargo de planta”, como es el caso de Claudia Quintero Franklin y Julio Cesar García Triana, también se apreció que todos los contratistas figuran que “no tiene Contrato asignado en la entidad”, con lo cual se evidencia la falta de control por parte de quien tiene asignado el rol de Operador de Contratos. *Contratos finalizados x fecregis y pendiente fin Se observó que solo tiene un registro para la vigencia 2021 y que aún figura en estado activo – Carolina Escarraga, sin que se hubiese hecho el registro de los 115 contratistas restantes *Educación formal de los servidores públicos vinculados y contratistas con contrato activo en la entidad: De los 116 contratistas se observó que tan solo figura el registro de Carolina Escarraga Trejos, con ello evidenciándose que 115 contratistas no reportan la información requerida, sin que esto haya sido evidenciado por quien tiene asignado el rol de administrador de entidades, con ello, estableciéndose el incumplimiento al artículo 2.2.17.7 del Decreto 1083 de 2015 | D62: 2 | G62: 2
A63: INFORME DE SEGUIMIENTO Y EVALUACION AL TRATAMIENTO DE LAS PETICIONES, QUEJAS, RECLAMOS, SOLICITUDES Y DENUNCIAS RECIBIDAS EN EL PERIODO COMPRENDIDO ENTRE EL 1 DE ENERO AL 30 DE JUNIO | B63: PQRSD vencidas Se encontró que 78 PQRSD de las 601 radicadas en la DNBC, al revisar la base de datos del GAU y ORFEO, se vencieron sin que se les haya dado el correspondiente trámite, dentro del término legal ni por fuera de él, lo que evidencia debilidades en los controles de los servidores y/o contratistas responsables de dar respuesta; siendo el monitoreo de GAU, para determinar el número de días, pasados del plazo legal con ello incumpliéndose lo establecido en el Artículo 23 de la Constitución Política, los términos señalado en el artículo 14 de la Ley 1755 de 2015, el Numeral 5.7 del Procedimiento de Recepción, Distribución, Seguimiento y Salida de Peticiones, Quejas, Reclamos, Sugerencias y Denuncias | D63: 1 | G63: 1
A64: INFORME DE SEGUIMIENTO Y EVALUACION AL TRATAMIENTO DE LAS PETICIONES, QUEJAS, RECLAMOS, SOLICITUDES Y DENUNCIAS RECIBIDAS EN EL PERIODO COMPRENDIDO ENTRE EL 1 DE ENERO AL 30 DE JUNIO | B64: “LINEAMIENTOS GENERALES PARA LA ATENCIÓN DE PETICIONES, QUEJAS, RECLAMOS, SUGERENCIAS Y DENUNCIAS” en el ítem Controles que establece: • “Oficina de Control Disciplinario Interno: Las entidades deben organizar una oficina, que se encargue de adelantar los procesos disciplinarios en contra de sus servidores públicos. Se evidenció que la Oficina de Control Interno Disciplinario no ha dado cumplimiento a lo establecido en la Guía Estrategias para la Construcción del PAAC en cuanto a “adelantar las investigaciones en caso de: (i) incumplimiento a la Respuesta de peticiones, quejas, sugerencias y reclamos en los términos contemplados en la ley y (ii) quejas contra los servidores públicos de la entidad.” Generadas durante el I semestre de 2022 | C64: 1 | G64: 1
A65: INFORME DE SEGUIMIENTO Y EVALUACION AL TRATAMIENTO DE LAS PETICIONES, QUEJAS, RECLAMOS, SOLICITUDES Y DENUNCIAS RECIBIDAS EN EL PERIODO COMPRENDIDO ENTRE EL 1 DE ENERO AL 30 DE JUNIO | B65: Actividades del jefe Funciones del jefe de la dependencia encargada de las PQRSD, determinadas en el Artículo 9 del Decreto 2232 de 1995 - Coordinar actividades con el jefe de la unidad de control interno y con el jefe de la unidad de planeación, para el mejoramiento continuo de la gestión de la entidad. - Coordinar actividades con los jefes de unidad de quejas y reclamos de la entidad superior y de las demás entidades del área a que pertenece la entidad para lograr eficiencia y eficacia del sistema En seguimiento al verificar los aspectos relacionados no hay evidencia de coordinación de actividades con el jefe de la unidad, el de control interno y con el jefe de la unidad de planeación, que permita el mejoramiento de la gestión. Así mismo, no se tiene soporte de coordinación de actividades con los jefes de las demás unidades de quejas y reclamos del sector. | D65: 2 | G65: 2
A66: INFORME DE SEGUIMIENTO Y EVALUACION AL TRATAMIENTO DE LAS PETICIONES, QUEJAS, RECLAMOS, SOLICITUDES Y DENUNCIAS RECIBIDAS EN EL PERIODO COMPRENDIDO ENTRE EL 1 DE ENERO AL 30 DE JUNIO | B66: Anexo 2 de la Resolución MinTIC 1519 del 2020 Estándares de publicación y divulgación información. 2.4.3 Atención y Servicios a la Ciudadanía. Formulario PQRSD En seguimiento al link https://dnbc.gov.co/atencion-al-ciudadano/peticiones-quejas-reclamos-sugerencias-y-denuncias, se pudo verificar el formulario de PQRSD, al cual se puede acceder de forma autónoma e independiente; no obstante ello, se establecieron debilidades en cuanto a condiciones técnicas como: El sistema no genera un mensaje de confirmación de recibido indicando fecha y hora de recepción, no obstante si informar el número de radicado; así mismo, el formulario no cuenta con la validación de datos que le permita al ciudadano visibilizar si existe errores en el diligenciamiento, o si le falta incluir alguna información, toda vez que este aviso de error debe ser visible y accesible para todos los usuarios; tampoco se observa el mensaje de falla en el sistema que indique el motivo y la opción con la que cuenta el usuario para hacer nuevamente su solicitud. Así mismo, se debe facilitar al ciudadano las condiciones de acceso a la información, por lo cual la Entidad en el tema que nos ocupa debe publicar los procedimientos o lineamientos para la recepción, radicación, trámite y remisión de respuesta, mecanismos de consulta del estado de las PQRSD | C66: 2 | G66: 2
A67: INFORME DE SEGUIMIENTO Y EVALUACION AL TRATAMIENTO DE LAS PETICIONES, QUEJAS, RECLAMOS, SOLICITUDES Y DENUNCIAS RECIBIDAS EN EL PERIODO COMPRENDIDO ENTRE EL 1 DE ENERO AL 30 DE JUNIO | B67: Informe de que trata el artículo 54 de la Ley 190/95, el cual debe ser presentado con una periodicidad mínima trimestral, al jefe o director de la entidad, el cual debe dar cuenta de: 1. Servicios sobre los que se presente el mayor número de quejas y reclamos, y 2. Principales Recomendaciones sugeridas por los particulares que tengan por objeto mejorar el servicio que preste la entidad, racionalizar el empleo de los recursos disponibles y hacer más participativa la gestión pública(respecto de este último aspecto no se radicaron sugerencias en el semestre). En revisión de los informes mensuales de las PQRSD, se pudo establecer que en el mes de abril no obstante referir en el acápite 6 Evolución de las PQRSD, se estableció que para ese mes no se registraron quejas ni denuncias, pero en el mismo informe, en el acápite 11. Temas de consulta reiterativa se toma el texto de todos los informes, se establece: El 5.56% (4) de las peticiones son quejas por irregularidades en la actuación de diferentes Cuerpos de Bomberos, ante lo cual se les indica el conducto regular que trae la Resolución 1127 de 2018 “Por medio de la cual se modifican algunos artículos del Reglamento Administrativo, Operativo, Técnico y Académico de los Bomberos de Colombia, adoptado por la Resolución 661 de 2014”, el Decreto 953 de 1997 “Por el cual se dicta el Reglamento de Disciplina para el Personal de los Cuerpos de Bomberos” y la demás legislación a la que hubiere lugar, o quejas presentadas por los diferentes Cuerpos de Bomberos por el incumplimiento de las administraciones municipales en el giro de los recursos de sobretasa bomberil. Así mismo, en el informe de junio se informa que se recibieron 3 quejas, pero no se indica a que servicios hacen referencia, sino que se limitan en el informe, a citar el mismo párrafo de la Resolución 1127 de 2018, el cual se repite en todos los informes, sin especificar sobre qué servicio se presentan las quejas y a que dependencia hace referencia, lo cual va a permitir la toma de decisiones. Durante el I semestre de 2022, no se registra radicados de sugerencias | D67: 1 | G67: 1
A68: INFORME DE SEGUIMIENTO Y EVALUACION AL TRATAMIENTO DE LAS PETICIONES, QUEJAS, RECLAMOS, SOLICITUDES Y DENUNCIAS RECIBIDAS EN EL PERIODO COMPRENDIDO ENTRE EL 1 DE ENERO AL 30 DE JUNIO | B68: Informes de solicitudes de accesos a información Artículo 2.1.1.6.2 del Decreto 1081 de 2015, por medio del cual se establece que los sujetos obligados deberán publicar los informes de todas las solicitudes, denuncias y los tiempos de respuestas Del ejercicio de Control Interno de discriminar por áreas las solicitudes asignadas, se observan inexactitudes en la información, toda vez que se relaciona que la Dirección tuvo un total de 72 radicados, pero es que se le están sumando 45 radicados que por estructura no le corresponden ya que CITEL, no hace parte de ella. Así mismo, Comunicaciones también aparece en la relación de la Subdirección Administrativa y Financiera y en la Dirección General; e Infraestructura Nacional de Bomberos también se relaciona en la Subdirección Administrativa y Financiera y en la Subdirección Estratégica y de Coordinación Bomberil; con ello, generando incertidumbre en la información de las estadísticas presentadas en el informe. | D68: 1 | G68: 1
A69: INFORME DE SEGUIMIENTO Y EVALUACION AL TRATAMIENTO DE LAS PETICIONES, QUEJAS, RECLAMOS, SOLICITUDES Y DENUNCIAS RECIBIDAS EN EL PERIODO COMPRENDIDO ENTRE EL 1 DE ENERO AL 30 DE JUNIO | B69: Ley 1721 de 2014 Artículo 26. Respuesta a solicitud de acceso a información. Es aquel acto escrito mediante el cual, de forma oportuna, veraz, completa, motivada y actualizada, todo sujeto obligado responde materialmente a cualquier persona que presente una solicitud de acceso a información pública. Su respuesta se dará en los términos establecidos. La respuesta a la solicitud deberá ser gratuita o sujeta a un costo que no supere el valor de la reproducción y envío de la misma al solicitante. Se preferirá, cuando sea posible, según los sujetos pasivo y activo, la respuesta por vía electrónica, con el consentimiento del solicitante. En los radicados: 20221140123852* 20221140126582* 20221140148462* y 20221140150942, la Entidad deja constancia que el trámite a la solicitud fue a través de comunicación telefónica, de la cual además no se dejó constancia, siendo este incumplimiento otro motivo por el cual en el presente seguimiento no se pueda hacer seguimiento a la respuesta | D69: 1 | G69: 1
A70: INFORME DE SEGUIMIENTO Y EVALUACION AL TRATAMIENTO DE LAS PETICIONES, QUEJAS, RECLAMOS, SOLICITUDES Y DENUNCIAS RECIBIDAS EN EL PERIODO COMPRENDIDO ENTRE EL 1 DE ENERO AL 30 DE JUNIO | B70: Radicación respuesta en el aplicativo ORFEO, Numeral 8 del Procedimiento de recepción, distribución, seguimiento y salida de PQRSD En los radicados: 20221140123872*20221140125432*20221000126742*20221140127522*20221140128212*20221140128372*20221140128602*20229000128932*20221140129192*20221140129912*20221140129962*20221140130592*20229000130612*20221140130752*20221140130892*20221000131532*20221000132232*20221140132972*20221140133662*20221140134732*20221140137652*20221140139462*20221140140342*20221140140502*20221140142212*20221140143112*20221140148072*20221140150132*20221140150832*20221140151382*20221140151692*20221140151722*20221140152712*20221140154142*20221140154402 20221140154652*20221140154662*20221140155682*20221140157302*20221140159032 20221140159522; no se dejó evidencia de imagen de respuesta para determinar si hubo una pronta resolución, y si esta fue completa y de fondo, ya que en algunos casos se pudo determinar que los funcionarios encargados remiten la respuesta desde su correo, en otros sacan un radicado de salida, pero no se deja evidencia de imagen de respuesta, ni constancia de entrega al interesado, no se cierra la PQRSD y ni se procede a su archivo físico y digital. | F70: 1 | G70: 1
A71: INFORME DE SEGUIMIENTO Y EVALUACION AL TRATAMIENTO DE LAS PETICIONES, QUEJAS, RECLAMOS, SOLICITUDES Y DENUNCIAS RECIBIDAS EN EL PERIODO COMPRENDIDO ENTRE EL 1 DE ENERO AL 30 DE JUNIO | B71: Términos para resolver las distintas modalidades de peticiones. Parágrafo Artículo 14 de la Ley 1755 de 2015 “Cuando excepcionalmente no fuere posible resolver la petición en los plazos aquí señalados, la autoridad debe informar esta circunstancia al interesado, antes del vencimiento del término señalado en la ley expresando los motivos de la demora y señalando a la vez el plazo razonable en que se resolverá o dará respuesta, que no podrá exceder del doble del inicialmente previsto” | D71: 1 | G71: 1
A72: INFORME DE SEGUIMIENTO Y EVALUACION AL TRATAMIENTO DE LAS PETICIONES, QUEJAS, RECLAMOS, SOLICITUDES Y DENUNCIAS RECIBIDAS EN EL PERIODO COMPRENDIDO ENTRE EL 1 DE ENERO AL 30 DE JUNIO | B72: Una vez radicada la respuesta en el aplicativo ORFEO, la misma, debe ser firmada por el responsable del proceso según corresponda, en esa medida el responsable de firmar la respuesta deberá revisar la consistencia de la información que se entrega al usuario.El responsable de firmar deberá percatarse que el documento cuente con el visto bueno de quien proyecta y de quien revisa; para esto, el documento deberá contener en letra legible al finalizar el documento el nombre de quien proyectó, de quien revisóy de quien finalmente aprobó. En los radicados: 20221140123852* En los radicados: 221140125232*20221140134572*20221140146582*20229000127002*2022100012702220221140127952*20221140128092*20221140133992*20221140134872*2022114013540220221140135542*20221140140472*20221140152092*20221140156252*20221140151812, se encontraron documentos de respuesta sin firma y sin evidencia de envió, lo cual genera incertidumbre de si efectivamente el peticionario recibió pronta respuesta. | D72: 1 | G72: 1
A73: Informe Seguimiento Ley 1712 de 2014- Ley de Transparencia y del derecho de acceso a la información pública nacional". | B73: La Entidad no cuenta a la fecha, con una sección particular identificada con el nombre de "Transparencia y acceso a la información pública” en la página principal de su sitio web oficial, ya que para acceder a ella debemos entrar al menú Atención al ciudadano e igualmente a la fecha no cuenta con el footer o pie de página GOV.CO, ni con los nuevos menús Atención y Servicios a la Ciudadanía y Participa, de que trata el Anexo 2 de la Resolución 1519 de 2020, los cuales tenían plazo para su implementación hasta el 31 de Marzo de 2021, con ello incumpliéndose lo establecido en el Articulo 2.1.1.2.14. del Decreto 1081 2015 | C73: 2 | D73: 1 | G73: 3
A74: Informe Seguimiento Ley 1712 de 2014- Ley de Transparencia y del derecho de acceso a la información pública nacional". | B74: La política de seguridad y privacidad de la información, expedida en agosto de 2019, no se ajusta a los dispuesto en el Anexo 3 de la Resolución MinTIC de 2020 a las condiciones mínimas técnicas y de seguridad digital, allí establecida. | D74: 1 | G74: 1
A75: Informe Seguimiento Ley 1712 de 2014- Ley de Transparencia y del derecho de acceso a la información pública nacional". | B75: No se encuentra ajustado el espacio normativa a lo estipulado en el Anexo 2 de la Resolución 1519 de 2020, no obstante el plazo hasta el 31 de marzo de 2021; toda vez, que debe haber un primer grupo de la normativa de la entidad o autoridad, luego con un numeral 2.1.1 Leyes de acuerdo con las que apliquen a la DNBC; 2.1.2 Decreto Único Reglamentario; 2.1.3 Normativa aplicable: decretos, resoluciones, circulares, directivas presidenciales, actos administrativos, autos o fallos judiciales 2.1.4 Vínculo al Diario o Gaceta Oficial y 2.1.5 Políticas, lineamientos y manuales 2.1.6 Agenda Regulatoria. 2.2 Búsqueda de normas, 2.2.1 Sistema Único de Información Normativa-SUIN; 2.2.2Sistema de búsqueda de normas; 2.3 Proyecto de normas para comentario, con ello inobservándose lo establecido para este espacio De acuerdo a lo estipulado en el Anexo 2 de la Resolución 1519, a la fecha se debía tener en el No.4 de la página web la Sección Planeación, Presupuesto e Informes, dentro del menú Transparencia y acceso a la información pública con asuntos presupuestales y de planeación, control interno, auditoria e informes de la Entidad, para lo cual se tenía plazo hasta el 31 de marzo de 2021 | D75: 2 | G75: 2
A76: Informe Seguimiento Ley 1712 de 2014- Ley de Transparencia y del derecho de acceso a la información pública nacional". | B76: No se observa en la sección de datos abiertos la publicación total de la información y con los requisitos mínimos que solicita el Anexo 4 de la Resolución 1519 del 2020 de las MinTIC donde se ubique el Índice de información pública reservada y clasificada con fecha de levantamiento de la reserva, el registro de activos de información, el esquema de publicación de la información, el programa de gestión documental, las tablas de retención documental y el acto administrativo sobre costos de reproducción de información pública | F76: 1 | G76: 1
A77: Informe Seguimiento Ley 1712 de 2014- Ley de Transparencia y del derecho de acceso a la información pública nacional". | B77: Respecto de la información que trata el Artículo 2.1.1.2.1.4 del Decreto 1081 del 2015, en el link https://dnbc.gov.co/procedimientos-direccion-nacional-de-bomberos, no se encuentran publicados los procesos y procedimientos de la Entidad, que se siguen para tomar decisiones en las diferentes áreas; al igual que en el link: https://dnbc.gov.co/direccion-nacional/informacion-institucional/directorio-de-funcionarios, no se encuentra publicado el directorio de funcionarios que incluya el cargo, direcciones de correo electrónico y teléfono del despacho de los empleados y funcionarios y las escalas salariales, con ello inobservándose lo estipulado en el precepto indicado. | C77: 1 | D77: 1 | G77: 2
A78: Informe Auditoria Proceso Gestión Contractual - Vigencia 2022 | B78: De conformidad con la revisión realizada, se evidenció que en los contratos 151, 152, 153, 154 y 166 se designó como supervisor a un contratista, incumpliendo lo establecido en la Circular 06 de 2020 Información Específica recomendación 4.4 “Verificar que se haya designado un supervisor o un interventor idóneo, para ejercer las labores de seguimiento y control de lo pactado de forma diligente y oportuna.” Asimismo, incumple el artículo 83 de la Ley 1474 de 2011, que señala “La supervisión consistirá en el seguimiento técnico, administrativo, financiero, contable, y jurídico que sobre el cumplimiento del objeto del contrato, es ejercida por la misma entidad estatal cuando no requieren conocimientos especializados”, al igual que lo establecido en la Guía de Supervisión e interventoría generada por Colombia Compra Eficiente Literal III Literal que dice “ El supervisor de los contratos siempre debe ser un funcionario de la Entidad Estatal. | C78: 1 | G78: 1
A79: Informe Auditoria Proceso Gestión Contractual - Vigencia 2022 | B79: Dentro de la revisión realizada no se encontró publicación ni en Secop ni en página web de los informes de monitoreo presupuestal de los contratos 151, 152, 153,154 y 166. Por lo cual se evidencia incumplimiento en la Circular Conjunta 100-008-2020 en lo relacionado en el numeral 4 – “Realice periódicamente y circule los informes de monitoreo presupuestal de los contratos y de las personas beneficiadas”. | D79: 1 | G79: 1
A80: Informe Auditoria Proceso Gestión Contractual - Vigencia 2022 | B80: Dentro de la revisión realizada se evidenció lo siguiente: Nro. Contrato/Modalidad: Nro. 137/2022 LICITACION PUBLICA 001: La resolución de adjudicación No. 219 de 2022, establece en los considerandos, que se realizaron las adendas No.1 y No. 2, pero no se observan las mismas en documento escrito, en la carpeta física o publicada en SECOP II. Nro. Contrato/Modalidad: Nro. 142/2022 SIE-005-2022 SUBASTA INVERSA: En SECOP esta publicada la adenda No.1 y la Adenda No. 3, no obstante, no se observa publicada la No.2 y tampoco se encuentra dentro del expediente físico suministrado por el Proceso de Gestión Contractual. Nro. Contrato/Modalidad: Nro. 250/2022 SIE-010-2022 SUBASTA INVERSA: En SECOP esta publicada la adenda No.1 no obstante, no se observa firma ni responsable de la elaboración y tampoco se encuentra dentro del expediente físico suministrado por el Proceso de Gestión Contractual. Por lo anterior, se genera inobservancia al artículo 2.2.1.1.2.2.1 del Decreto 1082 de 2015 el cual señala “Modificación de los pliegos de condiciones. La Entidad Estatal puede modificar los pliegos de condiciones a través de Adendas expedidas antes del vencimiento del plazo para presentar ofertas. (…) La Entidad Estatal debe publicar las Adendas en los días hábiles, entre las 7:00 a. m. y las 7:00 p. m., a más tardar el día hábil anterior al vencimiento del plazo para presentar ofertas a la hora fijada para tal presentación, salvo en la licitación pública pues de conformidad con la ley la publicación debe hacerse con tres (3) días de anticipación.”. | D80: 1 | G80: 1
A81: Informe Auditoria Proceso Gestión Contractual - Vigencia 2022 | B81: Dentro de la revisión realizada se evidenció que en la contratación directa 1, contratos 143, 71, 78, 66, 75, 101 y 247 de 2022; Órdenes de Compra 93780 y 98923 de 2022 y Contratos 187 y 160 de 2022, presentan falencias con relación a la supervisión técnica, administrativa y financiera por parte del supervisor; por cuanto: Contratación directa 1: No contiene en la carpeta física ni en SECOP II, el acta de entrega ni tampoco la liquidación del contrato. Contrato 143/2022: No contienen informes de seguimiento o cualquier documento que denote seguimiento al cumplimiento de los fines del contrato y estado de los bienes, publicado en SECOP II o en la carpeta física suministrada por el proceso contractual. Contrato 71/2022: En todos los informes de actividades mensuales y de supervisión, se le realizo seguimiento a la ejecución de las obligaciones generales y no a las específicas. Por otro lado, el informe final, si contempló las obligaciones específicas y el supervisor Charles Benavides certifico su cumplimiento al 100%, no guardando coherencia con los informes mensuales. De acuerdo a la información entregada en la carpeta física, no se observa el cumplimiento de los productos u obligaciones del contrato. Contrato 78/2022: No contiene el cargue de los documentos para pago tales como Informes de Actividades e informe de Supervisión, en ninguno de los pagos. Contrato 66/2022: No se observa el cumplimiento de las 29 actividades específicas del contratista. Es decir, no se evidencia el cumplimiento de todas las actividades. Si bien es cierto que no es obligatorio cumplir todas las actividades todos los meses, si deben cumplirse en su totalidad al final del contrato, toda vez que esas obligaciones o actividades, responden a unas necesidades previamente identificadas que buscaban solventarse con la prestación del servicio por parte del contratista. Así mismo, estos informes, de supervisión, facturas y pagos deben publicarse en la plataforma SECOP II. Contrato 75/2022: Contratación Directa/ Prestación de Servicios persona Jurídica: no contiene en el SECOP, los informes de supervisión. Contrato 101/2022: No contiene Pagos, ni soportes ni los informes de supervisión en el SECOP. Contrato 247/2022: No contiene Pagos, ni soportes ni los informes de supervisión en el SECOP. Orden de Compran 93780/2022: Dentro de los estudios previos se establece 05 días hábiles para entrega y vigencia de 365 días, en SECOP II tienen como fecha de vencimiento el 03/08/2022, no obstante, no se verifica entrega a satisfacción o informe supervisión. De igual forma, No contiene, en la carpeta física o en SECOP II, informe de Supervisión o documento que verifique la correcta ejecución o cumplimiento del mismo. Orden de Compra 98923/2022: No contiene informe de Supervisión, aunque fue designado por el Director. Contratos 187/2020 y 160/2020: No contienen en la plataforma SECOP, los informes de actividades” (y de supervisión) mensuales y ni informe final donde se contemplaron las obligaciones específicas del contratista y el cumplimiento de las mismas. Por lo anterior, se evidencia incumplimiento en el artículo 4° de la Ley 80 de 1993; Artículo 84 de la ley 1474 de 2011; Manual de Contratación Capitulo 5° Supervisión y/o Interventoría de la Entidad y la Guía para el ejercicio de las funciones de supervisión e interventoría de los contratos suscritos por las Entidades Estatales de Colombia Compra Eficiente, que tratan de las “FACULTADES Y DEBERES DE LOS SUPERVISORES Y LOS INTERVENTORES. La supervisión e interventoría contractual implica el seguimiento al ejercicio del cumplimiento obligacional por la entidad contratante sobre las obligaciones a cargo del contratista”. | D81: 1 | G81: 1
A82: Informe Auditoria Proceso Gestión Contractual - Vigencia 2022 | B82: Dentro de la revisión realizada se observa que el contrato 153 aparece identificado en el Secop II como 152. Lo anterior incumple con la Circular Conjunta 100-008-2020 en lo relacionado en el numeral 2 –que indica: “Es importante y obligatorio cumplir el principio de publicidad de la gestión contractual en los sistemas electrónicos (SECOP I y SECOP II, conforme con las Circulares 1 y 2 de 2019 y 3 de 2020 de la Agencia Nacional -COLOMBIA COMPRA EFICIENTE- para respetar el cumplimiento de los requisitos legales de cada acuerdo de voluntades y fortalecer el control social a la Administración, independientemente de la urgencia manifiesta declarada”. | D82: 1 | G82: 1
A83: Informe Auditoria Proceso Gestión Contractual - Vigencia 2022 | B83: Dentro de la revisión realizada, el equipo auditor evidenció que en los contratos 154 y 166 no se realizó la verificación de la capacidad del futuro contratistas, y en los contratos 151 y 153 no se determinaron los requisitos habilitantes al igual que en la justificación técnica no se establecieron las condiciones jurídicas, técnicas y económicas a presentar, generando incumplimiento en establecido en la Guía de Transparencia Contratación Pandemia XI Recomendaciones literal ii) - Verificación de la oferta, que indica “Aun cuando la contratación directa o la sujeta al derecho privado no exige la existencia de una pluralidad de oferentes, las Entidades Estatales deben verificar, previo a la celebración del contrato, I) la capacidad del futuro contratista para satisfacer la necesidad, para lo cual pueden acudir a la información consignada en el SECOP -para conocer los contratos ejecutados”, (…) | D83: 1 | G83: 1
A84: Informe Auditoria Proceso Gestión Contractual - Vigencia 2022 | B84: Dentro de la revisión realizada, en los soportes documentales de los contratos 151, 152, 153, 154 y 166 no se evidencian informes que den cuenta del análisis que fundamenten la urgencia manifiesta. Por lo anterior, se incumplió lo establecido en la Circular 06 de 2020 Especifica numeral 5 que señala “Elaborar un informe sobre la actuación surtida, que evidencie todas las circunstancias, conceptos o análisis que fundamentaron la declaratoria de la urgencia”. | F84: 1 | G84: 1
A85: Informe Auditoria Proceso Gestión Contractual - Vigencia 2022 | B85: Dentro de la revisión realizada, se evidenció que en el contrato No 83 a nombre de Alejandro Moreno Gallego por valor de $100.000.000, con acta de inicio del 05 de mayo de 2022, se realizó por parte de la entidad la liquidación de Terminación Unilateral (que se encuentra sin firmas); sin embargo, dentro del acto administrativo que la declaró, no se establece la debida motivación en cuál de los cuatro (4) eventos aplicaría para darse por terminada Unilateralmente, generando incumplimiento en lo establecido en el artículo 17 de la Ley 80 de 1993, que dice “De la terminación unilateral. La entidad en acto administrativo debidamente motivado dispondrá la terminación anticipada del contrato en los siguientes eventos:1. Cuando las exigencias del servicio público lo requieran (…)2. Por muerte o incapacidad física permanente del contratista (…) 3.Por interdicción judicial o declaración de quiebra del contratista. 4.Por cesación de pagos (…)” Ahora, bien no se evidencia informe de supervisión que dé cuenta del posible incumplimiento por parte del contratista o el debido proceso en caso de la presentarse la respectiva declaratoria, ocasionando incumplimiento en lo establecido en el artículo 84 de la Ley 1474 de 2011 – “Facultades y deberes de los supervisores y los interventores.” | D85: 1 | G85: 1
A86: Informe Auditoria Proceso Gestión Contractual - Vigencia 2022 | B86: Dentro de la revisión realizada, se observa que el estudio de mercado del contrato No 137 no fue aportado para su revisión, y los contratos 136, 142 y 250 no poseen firmas. Lo anterior, genera incumplimiento en lo estipulado en el artículo 2.2.1.1.1.6.1. del Decreto 1082 de 2015 el cual señala “La Entidad Estatal debe hacer, durante la etapa de planeación, el análisis necesario para conocer el sector relativo al objeto del Proceso de Contratación desde la perspectiva legal, comercial, financiera, organizacional, técnica, y de análisis de Riesgo. La Entidad Estatal debe dejar constancia de este análisis en los Documentos del Proceso.”. De igual forma, se desatiende el artículo 57 del Código de Procedimiento Administrativo y de lo Contencioso Administrativo que establece que “Acto administrativo electrónico. Las autoridades, en el ejercicio de sus funciones, podrán emitir válidamente actos administrativos por medios electrónicos siempre y cuando se asegure su autenticidad, integridad y disponibilidad de acuerdo con la ley.”, | D86: 1 | G86: 1
A87: Informe Auditoria Proceso Gestión Contractual - Vigencia 2022 | B87: Dentro de la revisión realizada, se observa que los contratos 151,152,153,154 y 166 fueron remitidos extemporáneamente a la Contraloría General de la República. Lo anterior, evidencia incumplimiento en la Circular 06 de 2020 en lo relacionado Información Específica que trata de: “La información deberá ser entregada por las entidades públicas correspondientes en el formato que se adjunta para el efecto, en un plazo no mayor a 3 días hábiles contados a partir de la expedición de la presente Circular al correo electrónico: “Seguimientocoronavirus@contraloria.gov.co, lo anterior”. | C87: 1 | G87: 1
A88: Informe Auditoria Proceso Gestión Contractual - Vigencia 2022 | B88: El equipo auditor evidenció que no se dio cumplimiento a las clausulas establecidas en los contratos 01, convenio de asociación 098, Contrato 249 y 66 de 2022, con relación a la forma de Pago y/o obligaciones del contratista, por cuanto: Contrato/Modalidad Nro. 1. Contratación Directa/ Contrato Arrendamiento La cláusula Sexta del contrato señala las Obligaciones del Contratista-Arrendador y el Numeral 3) establece la obligación de “remitir al supervisor, la factura original o cuenta de cobro mensual del canon de arrendamiento, y en la cláusula Decima Primera- Supervisión Literal D) indica la obligación de “expedir el recibido a satisfacción, para el pago del canon de arrendamiento”; y en la carpeta física ni en SECOP II, se evidencian las facturas o cuentas de cobro para realizar la aprobación del pago; así como tampoco se evidencia en la carpeta física ni en SECOP II, los recibos a satisfacción para realizar el pago de las facturas o cuentas de cobro del canon de arrendamiento. Contrato/Modalidad Nro. 98/2022 Convenio de Asociación La cláusula 4 del convenio de asociación 98 de 2022 a nombre de BENEMERITO CUERPO DE BOMBEROS VOLUNTARIOS DE CALI, que trata de la forma de desembolso; dice “Todo pago se hará previa presentación de la correspondiente factura o cuenta de cobro, con el informe de ejecución y recibo a satisfacción por parte del supervisor, quien deberá verificar el cumplimiento en el pago de los aportes a seguridad integral”; pero en ninguno de los pagos, facturas, recibo a satisfacción, certificación de cumplimiento expedida por el supervisor ni está cargada y aprobada en SECOP II. De igual forma, en el expediente físico no se evidencia que exista algún documento o trazabilidad para los pagos 3 y 4, de acuerdo a lo establecido en la cláusula mencionada. Contrato/Modalidad Nro. 249/2022 – MC-001-2022 MINIMA CUANTIA El contrato 249 de 2022 nombre de OCUPASALUD SAS no contiene en SECOP II ni en la carpeta física, conforme lo enuncia el contrato en la Forma de Pago “certificación de cumplimiento a satisfacción de obligaciones (…) b) Certificación actual del pago de aportes parafiscales (…); nota 2: (…) cuenta de cobro (…), la certificación de recibo a satisfacción, radicación de factura y pago de aportes parafiscales y patronales, Contrato/Modalidad No 66 de 2022. Contratación Directa/ Prestación de Servicios persona Jurídica. En el contrato 66 de 2022, se evidencia incumplimiento al numeral 4.5 Forma de Pago del estudio Previo el cual establece “La Dirección Nacional de Bomberos pagará al contratista a) Doce (12) pagos hasta por la suma de Once Millones seiscientos mil pesos MTCE”. Debido a que el pago No 05 fue rechazado y no evidenció el cargue nuevamente el SECOP II pero si se realizó el respectivo pago. | D88: 1 | G88: 1
A89: Informe Auditoria Proceso Gestión Contractual - Vigencia 2022 | B89: En el contrato 151 los análisis de precios (se encuentran sin firma) y las cotizaciones presentadas contienen un valor más alto al del instrumento de agregación de demanda emergencia COVID-19. De igual forma, A Folio 156 se evidencia impresión del desinfectante KLINOL por 5 litros a $42,300; sin embargo, el análisis de precios efectuado, aunque contempla este pantallazo en el mismo, no hace referencia al análisis de su precio, aunque es mucho más económico, ya que el que se adquirió es por 2 litros y su costo es de $42,300, es decir menos cantidad y al mismo costo. Asimismo, en el Análisis de precios no se indicó por qué este proceso no fue adquirido por el Instrumento de Demanda Emergencia. No se encontró análisis de precios. Por lo anterior, se evidencia incumplimiento en la Circular Conjunta 100-008-2020 en lo relacionado al numeral 2 – que establece “Verificar que los precios de los bienes estén dentro de los precios del mercado”. | D89: 1 | G89: 1
A90: Informe Auditoria Proceso Gestión Contractual - Vigencia 2022 | B90: En el contrato 187 de 2020 no se observa la constancia de idoneidad y experiencia requerida. Lo que genera incumplimiento a lo establecido en el artículo 2.2.1.2.1.4.9 del Decreto 1082 de 2015, el cual señala “(…) siempre y cuando la Entidad Estatal verifique la idoneidad o experiencia requerida y relacionada con el área de que se trate. En este caso, no es necesario que la Entidad Estatal haya obtenido previamente varias ofertas, de lo cual el ordenador del gasto debe dejar constancia escrita.(…)” | D90: 1 | G90: 1
A91: Informe Auditoria Proceso Gestión Contractual - Vigencia 2022 | B91: En el contrato 75 de 2022. Contratación Directa/ Prestación de Servicios persona Jurídica: La fecha de Inicio evidenciada en la Carpeta Física, consta de fecha 10 de febrero de 2022, sin embargo, la fecha de Inicio del contrato en el SECOP es del 04 de marzo de 2022. En la Orden de compra 88227 de 2022 Dentro del estudio previo se establecen 15 días para la ejecución de la orden de Compra, no obstante, en el informe de supervisión señala como fecha de terminación el 31/12/2002 y en SECOP II aparece fecha de vencimiento el 04/04/2023 y el recibo a satisfacción figura del 01 de julio de 2022. De lo anterior, se evidencia incumplimiento al artículo 2.2.1.1.2.3.1. del Decreto 1082 de 2015 el cual señala “De los requisitos de perfeccionamiento, ejecución y pago. En el Cronograma, la Entidad Estatal debe señalar el plazo para la celebración del contrato, para el registro presupuestal, la publicación en el SECOP y para el cumplimiento de los requisitos establecidos en el pliego de condiciones para el perfeccionamiento, la ejecución y el pago del contrato.”. | D91: 1 | G91: 1
A92: Informe Auditoria Proceso Gestión Contractual - Vigencia 2022 | B92: En el contrato 98 de 2022 en el expediente físico ni el SECOP II se encuentra la designación del supervisor. En el contrato No 254 no se evidencia en el Secop II la publicación de la designación del supervisor y el documento que se encuentra en el expediente físico se designó como supervisor a un contratista. Lo que genera incumplimiento a lo establecido en el artículo 83 de la Ley 1474 de 2011 el cual señala “Supervisión e interventoría contractual. Con el fin de proteger la moralidad administrativa, de prevenir la ocurrencia de actos de corrupción y de tutelar la transparencia de la actividad contractual, las entidades públicas están obligadas a vigilar permanentemente la correcta ejecución del objeto contratado a través de un supervisor o un interventor, según corresponda. (…). Asimismo, se está incumpliendo lo indicado en la Guía para el Ejercicio de las Funciones de Supervisión e Interventoría, emitida por Colombia Compra Eficiente Literal III literal A, que señala “El supervisor de los contratos siempre debe ser un funcionario de la Entidad Estatal. | D92: 1 | G92: 1
A93: Informe Auditoria Proceso Gestión Contractual - Vigencia 2022 | B93: En el contrato No 247 no se evidenció el certificado de exclusividad para ventas, distribución, administración de garantías, servicios post-venta, mantenimiento y suministro de piezas de repuesto para los productos de combate contra incendios WATERAX INC. Lo anterior genera incumplimiento al numeral 11 de los Estudios Previos, el cual señala la “Justificación de los factores de selección…certificado de Exclusividad del fabricante de los bienes, acompañado del certificado de existencia y representación legal de la sociedad extranjera, debidamente apostillados y con su respectiva traducción oficial.”. | D93: 1 | G93: 1
A94: Informe Auditoria Proceso Gestión Contractual - Vigencia 2022 | B94: En el Contrato/Modalidad: No 78 de 2022. Contratación Directa/ Prestación de Servicios persona Natural, a nombre de Miguel Ángel Acero, No se dio cumplimiento a lo estipulado en el numeral 4.4 del estudio previo el cual establece “El valor del contrato será hasta por la suma $54.000.000 incluido IVA y demás costos directos e indirectos”; por cuanto, en el SECOP II se estableció el valor del contrato por la suma de $46.800.000, observándose una reducción sin que se evidencie ningún documento soporte que justifique la modificación. | D94: 1 | G94: 1
A95: Informe Auditoria Proceso Gestión Contractual - Vigencia 2022 | B95: En el Contrato/Modalidad: Nro. 71 de 2022. Contratación Directa/ Prestación de Servicios persona Natural, el certificado de delitos sexuales se encontraba vencido a la fecha de la contratación, incumpliendo lo estipulado en el artículo 4 de la Ley 1918 de 2018 el cual señala “Deber de verificación. Es deber de las entidades públicas o privadas, de acuerdo a lo reglamentado por el Gobierno Nacional, verificar, previa autorización del aspirante, que este no se encuentra inscrito en el registro de inhabilidades por delitos sexuales cometidos contra personas menores edad, en el desarrollo de los procesos de selección de personal para el desempeño de cargos, oficios, profesiones que involucren una relación directa y habitual con menores previamente definidos por el Instituto Colombiano de Bienestar Familiar. Dicha verificación, deberá actualizarse cada cuatro meses después del inicio de la relación contractual, laboral o reglamentaria. (…)”. | D95: 1 | G95: 1
A96: Informe Auditoria Proceso Gestión Contractual - Vigencia 2022 | B96: En el ejercicio de auditoría se evidenció que el riesgo de gestión: “Posibilidad de afectación económica por sanciones disciplinarias ante el incumplimiento a la Ley de Transparencia y normatividad relacionada debido al cargue inoportuno de la información en el SECOP II”, se materializó, debido a que los documentos de la muestra tomada de 31 contratos no fueron cargados o fueron cargados extemporáneamente, desatendiendo lo enunciado en el literal a) del numeral 5.1.2. del Manual de Gestión del Riesgo de la DNBC, que establece que el Equipo Gerencial o Líderes de Proceso deben “Identificar y valorar los riesgos que pueden afectar el logro de los objetivos institucionales, así como, definir y diseñar los controles a dichos riesgos, evitando la materialización de riesgos.” De igual forma, el Manual Operativo del Modelo Integrado de Planeación y Gestión señala que le corresponde a la Primera línea de defensa le corresponde “La identificación de riesgos y el establecimiento de controles, así como su seguimiento, acorde con el diseño de dichos controles, evitando la materialización de los riesgos”. | D96: 1 | G96: 1
A97: Informe Auditoria Proceso Gestión Contractual - Vigencia 2022 | B97: En el expediente físico ni publicado en SECOP II del contrato No 137 se evidencia comunicación o documento de designación del Comité evaluador. Por lo cual, se presenta incumplimiento en el artículo 2.2.1.1.2.2.3. del Decreto 1082 de 2015, el cual establece “Comité evaluador. La Entidad Estatal puede designar un comité evaluador conformado por servidores públicos o por particulares contratados para el efecto para evaluar las ofertas y las manifestaciones de interés para cada Proceso de Contratación por licitación, selección abreviada y concurso de méritos (…). | D97: 1 | G97: 1
A98: Informe Auditoria Proceso Gestión Contractual - Vigencia 2022 | B98: En la revisión realizada se evidenció que los contratos 151, 152, 153, 154 y 166 no se están contemplados en el PAA de la DNBC. Por lo anterior se incumplió el artículo 2.2.1.1.1.4.1. Plan Anual de Adquisiciones del Decreto 1082 de 2015, que establece que “Las entidades estatales deben elaborar un Plan Anual de Adquisiciones, el cual debe contener la lista de bienes, obras y servicios que pretenden adquirir durante el año (…). | D98: 1 | G98: 1
A99: Informe Auditoria Proceso Gestión Contractual - Vigencia 2022 | B99: En la revisión realizada, no se evidenciaron los parámetros de referencia de histórico de precios, lista de precios u otro documento que permita generar el análisis del mercado, en los contratos 166, 152, 151, 153 y 154 de 2020. Por lo cual se genera incumplimiento en lo establecido en la Guía de Transparencia Contratación Pandemia XI Recomendaciones literal iii) – “Adquisición a precios justos y razonables. En coyunturas como las actuales es común la intención de querer tomar ventajas a través de la especulación con los precios de insumos o bienes requeridos para conjurar o mitigar la situación excepcional (…)”. | D99: 1 | G99: 1
... A117: Informe Auditoria Proceso Gestión Contractual - Vigencia 2022 | B117: Se evidenció al corte 31/10/2022 que el Proceso presenta diecisiete (17) acciones vencidas, incumpliendo a lo señalado en el manual operativo MIPG, numeral 4.1 de la Dimensión 4ª. Dimensión: Evaluación de Resultados. De igual forma, del Informe de la Auditoría realizado al Proceso de Gestión Contractual de la vigencia 2021 culminada el 30 de junio de 2022, NO se formuló el respectivo Plan de Mejoramiento respectivo por parte del Proceso de Gestión Contractual, por lo tanto, no se logró realizar seguimiento por parte de la OCI a los hallazgos evidenciados en dicha auditoria. | D117: 1 | G117: 1
A118: Informe Auditoria Proceso Gestión Contractual - Vigencia 2022 | B118: Se evidenció incumplimiento en la clausula vigésima segunda del contrato No 1, en la cláusula cuarta del contrato No 143, en el numeral 13 de los estudios previos del contrato No 75, el numeral 13 de la orden de compra 93780, debido a que en los documentos antes mencionados se solicitó la suscripción de Pólizas, pero las mismas no se encuentran en el expediente físico ni publicadas; y para el contrato 101 se observó otrosí No 3 (adición) sin embargo las pólizas no fueron modificadas, conforme lo establece el otro sí. | F118: 1 | G118: 1
...

Sheet Hoja13
A3: Etiquetas de fila | B3: Cuenta de DESCRIPCIÓN DEL HALLAZGO | C3: Suma de CUMPLIDO | D3: Suma de EN EJECUCIÓN | E3: Suma de VENCIDO
A4: Auditoría al sistema de Gestión en Seguridad y Salud en el Trabajo | B4: 1 | D4: 2
A5: Auditoria anual control interno contable 2023 | B5: 18 | C5: 19 | D5: 29 | E5: 2
A6: Auditoría Gestión Contractual | B6: 2 | D6: 1 | E6: 2
A7: Auditoria Interna al Proceso Educación Nacional para Bomberos | B7: 13 | C7: 10 | D7: 3 | E7: 3
A8: Auditoria Interna al Sistema de Gestión en Seguridad y Salud en el Trabajo 2021 | B8: 3 | D8: 2 | E8: 1
A9: Auditoria Interna al Sistema de Gestión en Seguridad y Salud en el Trabajo 2022 | B9: 4 | C9: 1 | D9: 3 | E9: 3
A10: Auditoria Interna al Sistema de Gestión en Seguridad y Salud en el Trabajo vigencia 2020 | B10: 1 | D10: 2
A11: Decreto 491 de 2020 | B11: 1 | D11: 1
A12: Evaluación al grado de eficacia, eficiencia y efectividad del proceso de Gestión Contractual, la administración de los riesgos, los controles y el cumplimiento de la normatividad legal vigente | B12: 4 | C12: 3 | D12: 1
A13: Evaluación Control Interno Contable de la vigencia 2020 | B13: 8 | C13: 7 | D13: 6
A14: Gestión Administrativa | B14: 2 | D14: 3
A15: INFORME DE SEGUIMIENTO DEL ESTADO ACTUAL DE LA INFORMACIÓN REGISTRADA POR LA DIRECCIÓN NACIONAL DE BOMBEROS, EN EL SISTEMA DE INFORMACIÓN Y GESTIÓN DEL EMPLEO PÚBLICO (SIGEPII) | B15: 2 | D15: 3
A16: INFORME DE SEGUIMIENTO Y EVALUACION AL TRATAMIENTO DE LAS PETICIONES, QUEJAS, RECLAMOS, SOLICITUDES Y DENUNCIAS RECIBIDAS EN EL PERIODO COMPRENDIDO ENTRE EL 1 DE ENERO AL 30 DE JUNIO | B16: 10 | C16: 3 | D16: 8 | E16: 1
A17: Informe Seguimiento Ley 1712 de 2014- Ley de Transparencia y del derecho de acceso a la información pública nacional". | B17: 5 | C17: 3 | D17: 5 | E17: 1
A18: Informe Auditoria Proceso Gestión Contractual - Vigencia 2022 | B18: 42 | C18: 2 | D18: 38 | E18: 2
A19: Informe de Auditoría al proceso Coordinación Operativa | B19: 3 | C19: 1 | D19: 2
A20: Informe de Auditoría al proceso Gestión Documental | B20: 12 | D20: 12
A21: Informe de Austeridad en el Gasto IV Trimestre de 2020. | B21: 2 | C21: 1 | D21: 2 | E21: 1
A22: Informe de Control Interno Contable vigencia 2024 | B22: 16 | C22: 11 | D22: 15
A23: Informe de seguimento Austeridad III trimestre de 2020 | B23: 1 | C23: 1
A24: Informe de seguimiento del estado actual de la información registrada por la Dirección Nacional de Bomberos, en el sistema de Información y gestión del empleo público (SIGEPII) | B24: 5 | D24: 6
A25: INFORME DE SEGUIMIENTO Y EVALUACION AL TRATAMIENTO DE LAS PETICIONES, QUEJAS, RECLAMOS, SOLICITUDES Y DENUNCIAS RECIBIDAS EN EL PERIODO COMPRENDIDO ENTRE EL 1 DE ENERO AL 30 DE JUNIO DE 2023 | B25: 7 | C25: 2 | D25: 5
A26: INFORME DE SEGUIMIENTO Y EVALUACION AL TRATAMIENTO DE LAS PETICIONES, QUEJAS, RECLAMOS, SOLICITUDES Y DENUNCIAS RECIBIDAS EN EL PERIODO COMPRENDIDO ENTRE EL 1 DE JULIO AL 31 DE DICIEMBRE DE 2023 | B26: 5 | C26: 4 | D26: 6
A27: Informe detallado de seguimiento y evaluación al tratamiento de las peticiones, quejas, reclamos, solicitudes y denuncias recibidas en el periodo comprendido entre el 1 de enero y el 30 de junio de 2021 | B27: 3 | C27: 2 | E27: 1
A28: Informe detallado de seguimiento y evaluacion al tratamiento de las peticiones, quejas, reclamos, solicitudes y denuncias recibidas en el periodo comprendido entre el 1 de julio al 31 de diciembre de 2022. | B28: 10 | C28: 6 | D28: 8
A29: Informe Ejecutivo seguimiento del estado actual de la información registrada por la DNBC, en el SIGEP vigencia 2024. | B29: 10 | D29: 9 | E29: 6
A30: Informe Rezago Presupuestal 2020 | B30: 8 | C30: 16 | D30: 2 | E30: 1
A31: Informe seguimiento al comité de conciliacion de la DNBC correspondiente al primer semestre de 2023 | B31: 2 | D31: 1 | E31: 1
A32: INFORME SEGUIMIENTO AL GRADO DE CUMPLIMIENTO DE LAS NORMAS DE AUSTERIDAD Y EFICIENCIA DEL GASTO PÚBLICO A 30 DE JUNIO DE 2020 | B32: 2 | C32: 3
A33: Informe seguimiento al grado de cumplimiento de las normas de austeridad y eficiencia del gasto público a 31/12/2021 | B33: 5 | D33: 5
A34: Informe Seguimiento Austeridad Gasto I Trimestre de 2022 | B34: 22 | C34: 12 | D34: 31 | E34: 1
A35: Informe Seguimiento Austeridad Gasto II Trimestre de 2022 | B35: 24 | C35: 13 | D35: 27 | E35: 3
A36: Informe Seguimiento Austeridad Gasto III Trimestre de 2022 | B36: 8 | C36: 6 | D36: 7
A37: Informe Seguimiento Austeridad Gasto IIl Trimestre de 2021 | B37: 8 | C37: 5 | D37: 7
A38: Informe Seguimiento Austeridad Gasto Il Trimestre de 2021 | B38: 7 | C38: 4 | D38: 8 | E38: 3
A39: Informe Seguimiento Austeridad Gasto IV Trimestre de 2022 | B39: 10 | C39: 5 | D39: 11
A40: Informe Seguimiento Austeridad Gasto l Trimestre de 2021 | B40: 2 | D40: 3 | E40: 1
A41: Informe Semestral del Estado de Control Interno de DNBC por el periodo comprendido entre el 1 de enero al 30 de junio de 2022 | B41: 33 | C41: 10 | D41: 33
A42: Informe Semestral del Estado de Control Interno de DNBC por el periodo comprendido entre el 1 de Julio o al 31 de Diciembre de 2021 | B42: 17 | C42: 3 | D42: 20
A43: Seguimiento a la atención de Peticiones, Quejas, Reclamos, Solicitudes y Denuncias II semestre de 2021 | B43: 4 | C43: 1 | D43: 3
A44: Seguimiento a la información litigiosa Ekogui del segundo semestre de 2024 | B44: 8 | C44: 1 | D44: 6 | E44: 1
A45: Seguimiento Comité de Conciliación del primer semestre de 2024 | B45: 9 | C45: 6 | D45: 3 | E45: 1
A46: Segumiento a la Gestión de Tecnología e Informática | B46: 6 | C46: 2 | D46: 8
A47: Seguridad y Salud en el Trabajo | B47: 1 | E47: 1
A48: Talento Humano | B48: 1 | C48: 1 | D48: 1 | E48: 1
A49: Verificación Sistema de Información y Gestión del Empleo Público SIGEP | B49: 1 | D49: 1
A50: Total general | B50: 368 | C50: 164 | D50: 349 | E50: 37 | F50: =GETPIVOTDATA("Suma de CUMPLIDO",$A$3)+GETPIVOTDATA("Suma de EN EJECUCIÓN",$A$3)+GETPIVOTDATA("Suma de VENCIDO",$A$3)+1 -> 551

Sheet Hoja11
A1: TIPO DE AUDITORIA | B1: Auditoría interna
A2: VIGENCIA | B2: (Todas)
A4: Cuenta de DEPENDENCIA | B4: Etiquetas de columna
A5: Etiquetas de fila | B5: CUMPLIDO | C5: EJECUCIÓN | D5: PENDIENTE DE REVISIÓN | E5: VENCIDO | F5: Total general
A6: Auditoría al sistema de Gestión en Seguridad y Salud en el Trabajo | C6: 2 | F6: 2
A7: Auditoria anual control interno contable 2023 | B7: 19 | C7: 29 | D7: 1 | E7: 2 | F7: 51
A8: Auditoría Gestión Contractual | C8: 1 | E8: 2 | F8: 3
A9: Auditoria Interna al Proceso Educación Nacional para Bomberos | B9: 10 | C9: 3 | E9: 3 | F9: 16
A10: Auditoria Interna al Sistema de Gestión en Seguridad y Salud en el Trabajo 2021 | C10: 2 | E10: 1 | F10: 3
A11: Auditoria Interna al Sistema de Gestión en Seguridad y Salud en el Trabajo 2022 | B11: 1 | C11: 3 | E11: 3 | F11: 7
A12: Auditoria Interna al Sistema de Gestión en Seguridad y Salud en el Trabajo vigencia 2020 | C12: 2 | F12: 2
A13: Decreto 491 de 2020 | C13: 1 | F13: 1
A14: Evaluación al grado de eficacia, eficiencia y efectividad del proceso de Gestión Contractual, la administración de los riesgos, los controles y el cumplimiento de la normatividad legal vigente | B14: 3 | C14: 1 | F14: 4
A15: Evaluación Control Interno Contable de la vigencia 2020 | B15: 7 | C15: 6 | F15: 13
A16: Al verificar el Inventario final al 31-12-2020, se evidencia un listado de bienes pero el mismo no está totalizado por cada una de las cuentas de la Propiedad, Planta y Equipo, al igual no cuenta con la respectiva firma del Almacenista ni el Subdirector Administrativo y Financiero. Con respecto a las cuentas del Pasivo, no se están conciliando los saldos con las diferentes areas al interior de la entidad, al igual que No existen procedimientos ni lineamientos para estos cruces de Información. | B16: 1 | C16: 3 | F16: 4
A17: Cada una de las transacciones financieras están respaldadas con los soportes idóneos y requeridos para su registro. Sin embargo en lo que respecta a las constitución de las reservas presupuestales y las cuentas por pagar; se evidenció que en algunas la justificación técnica y juridica es insuficiente para sustentar el caso fortuito o fuerza mayor para la generación de las Reservas, adicionalmente no fueron suministrados la totalidad de los soportes documentales de la constitución de las reservas de funcionamiento que son (10), de las cuentas por pagar de inversión (7), y de las reservas de Inversión únicamente se anexaron (6) evidencias de las (12) constituidas. | B17: 2 | F17: 2
A18: Como resultado del seguimiento al Control Interno Contable, realizado por la Asesora de Control Interno de la DNBC, se generaron hechos económicos de actualización, los cuales no fueron tenidos en cuenta, como fue el caso de la política para la conciliación de saldos, Política para los flujos de información, ni un lineamiento sobre la identificación de los bienes fisicos en forma individualizada entre otros. | B18: 1 | F18: 1
A19: Dentro del Plan de Capacitación de la entidad, no se evidencia capacitación a los funcionarios del Area Financiera que apunten al mejoramiento de competencias y habilidades. De igual forma, es ncesria la respectiva verificación del cumplimiento del mismo. | C19: 1 | F19: 1
A20: En la vigencia 2020 no se socializó el procedimiento del proceso de Gestión Administrativa PC-AD-01 Procedimiento Gestión de Bienes. | C20: 1 | F20: 1
A21: Las cuentas del Pasivo, no están siendo conciliadas con las diferentes areas al interior de la entidad, al igual que No existen procedimientos ni lineamientos para estos cruces de Información. De igual forma, requiere de socialización. | B21: 2 | F21: 2
A22: Pendiente | B22: 1 | F22: 1
A23: Se encontró que el Proceso Gestión Financiera no esta realizando el respectivo monitoreo a la formulación y ejecución de las acciones de mejora derivadas de la evaluación al Control Interno Contable,ya que no se establecieron acciones de mejora para algunos items del presente cuestionario, que quedaron por ejecutar en la vigencia 2019. | C23: 1 | F23: 1
A24: Gestión Administrativa | C24: 3 | F24: 3
A25: A pesar de establecer un sistema de control en la información de los inventarios a través del Excel, se encontró que no se cuenta con mecanismos de control necesario como es (Software de inventarios) que garanticen la contabilización y confiabilidad de la información recibida y generada, para el ingreso, entrega y actualización de inventario. Se evidencia que se estableció la Compra de Software de inventario, el en el Plan Anual de Adquisiciones de este año, por valor de $ 80.000.000, el cual a la fecha no se ha comprado por falta de recursos en la DNBC. Teniendo en cuenta lo anterior, el proceso de gestión administrativa, afirma que personal encargado del almacén diseñó una base de datos que permite la contabilización de la información recibida y generada, para el ingreso, entrega y actualización de inventario, así mismo informan que el día 14 de octubre de 2016 se actualizó el Plan Anual de Adquisiciones y se retiró del mismo la adquisición del Software de inventarios ya que no se cuenta con presupuesto disponible para su compra. No se posee un Programa Sistemático de Inventarios, que lleve un adecuado control, tanto de entradas como salidas de elementos. Asimismo, que permita de manera inmediata reflejar cantidades, valores unitarios, totales y el centro de costo (ubicación) del bien. | C25: 1 | F25: 1
A26: Se evidenció que no se han establecido los requisitos ambientales para la compra de productos y servicios. Aunque Gestión Administrativa, ha identificado los requisitos ambientales para la adquisición de insumos y servicios al interior de la entidad, dichos requisitos no han sido establecidos formalmente en el proceso de Gestión Contractual (Compras verdes). Dicha observación ha sido recurrente ya que se había evidenciado en la auditoría de la vigencia 2016. | C26: 2 | F26: 2
A27: INFORME DE SEGUIMIENTO DEL ESTADO ACTUAL DE LA INFORMACIÓN REGISTRADA POR LA DIRECCIÓN NACIONAL DE BOMBEROS, EN EL SISTEMA DE INFORMACIÓN Y GESTIÓN DEL EMPLEO PÚBLICO (SIGEPII) | C27: 3 | F27: 3
A28: CATALOGO REPORTES SIGEPII *Actualización hoja de Vida contratistas: Del catálogo del SIGEPII solo 24 contratistas actualizaron su hoja de vida en el sistema para la vigencia 2021, de los cuales 13 figuran en la base datos aportada por contratación (116 contratistas), es decir que: •Falta el registro de 103 contratistas por actualizar su hoja de vida, incumpliéndose con ello lo establecido en el numeral 3 del artículo 2.2.17.10 Formato de hoja de vida. Del Decreto 1083 de 2015 que establece “(…) Están obligados a diligenciar el formato único de hoja de vida, (…) .Los contratistas de prestación de servicios, previamente a la celebración del contrato” •En el catálogo del SIGEPII, se encontraron once (11) contratistas de los cuales no se evidencia vínculo con la Entidad. *Contratos de prestación de servicios profesionales: Verificado el reporte del SIGEPII “Contratos de prestación de servicios profesionales”, se observó que solo registra un (1) contratista para la vigencia 2021, con lo cual se evidencia que no está cumpliendo el artículo 2.2.17.7 del Decreto 1083 de 2015.•Asi mismo De los 22 contratistas del catálogo del SIGEPII, se encontraron cuatro (4) registros repetidos de los reportados por contratación y cinco (5) que no se evidencia vínculo con la Entidad para el periodo objeto del seguimiento, dentro de los cuales también hay tres (3) que están repetidos *Roles de usuarios activos: •De los 116 contratistas de la base datos aportada por contratación se evidenció que 38 de los contratistas no tienen asignado el rol para acceder al sistema, con lo cual se evidencia que no está cumpliendo el artículo 2.2.17.7 del Decreto 1083 de 2015 . •Respecto del rol operador de contratos, único que coincide con el habilitado de la Entidad, se evidencia que no está cumpliendo a cabalidad con las responsabilidades establecidas en el artículo 2.2.17.7 del Decreto 1083 de 2015. •En el reporte se aprecia que el rol de administrador de Entidades está asignado a un servidor público, del cual se evidencia que no está cumpliendo a cabalidad las responsabilidades establecidas en el artículo 2.2.17.7 del Decreto 1083 de 2015 •De la Información reportada en el catálogo Roles de usuarios activos, como se observa en la matriz, las cantidades no corresponden con los roles asignados, cargos de los servidores y contratistas activos, con lo cual se ratifica el incumplimiento señalado al artículo 2.2.17.7 del Decreto 1083 de 2015 •También se apreció inconsistencia en el número de identificación y contratistas que no pertenecen a la DNBC *Consulta de hojas de vida aprobadas de la entidad+G10 •Para los servidores públicos, en el campo “Fecha de Aprobación de la Hoja de Vida” 28 figuran con fecha 04/12/2021 y uno con fecha 20/03/2018, fechas que no corresponden con las de posesión de los servidores, con lo cual se evidencia que no se está cumpliendo a cabalidad las responsabilidades establecidas en el artículo 2.2.17.7 del Decreto 1083 de 2015 •De los 116 contratistas se observó que 38 no figuran en el catálogo, 32 que no registran Fecha de Aprobación de la Hoja de Vida y 39 que tienen la fecha que no corresponde al inicio del contrato de la vigencia 2021, con lo cual se evidencia que no se está dando cumplimiento a cabalidad las responsabilidades establecidas en el artículo 2.2.17.7 del Decreto 1083 de 2015 Datos personales de servidores públicos y contratistas por entidad •De los 116 contratistas, se evidencio que al realizar el cruce por número de identificación 40 no figuran en el catálogo, por lo tanto la información es incompleta, con lo cual se evidencia que no están dando cumplimiento a cabalidad las responsabilidades establecidas en el artículo 2.2.17.7 del Decreto 1083 de 2015 •Así mismo, se presentan inconsistencias en la información que genera el reporte como es el caso de Contratistas que según los registros figuran como “Vinculados a cargo de planta”, como es el caso de Claudia Quintero Franklin y Julio Cesar García Triana, también se apreció que todos los contratistas figuran que “no tiene Contrato asignado en la entidad”, con lo cual se evidencia la falta de control por parte de quien tiene asignado el rol de Operador de Contratos. *Contratos finalizados x fecregis y pendiente fin Se observó que solo tiene un registro para la vigencia 2021 y que aún figura en estado activo – Carolina Escarraga, sin que se hubiese hecho el registro de los 115 contratistas restantes *Educación formal de los servidores públicos vinculados y contratistas con contrato activo en la entidad: De los 116 contratistas se observó que tan solo figura el registro de Carolina Escarraga Trejos, con ello evidenciándose que 115 contratistas no reportan la información requerida, sin que esto haya sido evidenciado por quien tiene asignado el rol de administrador de entidades, con ello, estableciéndose el incumplimiento al artículo 2.2.17.7 del Decreto 1083 de 2015 | C28: 1 | F28: 1
A29: CATALOGO REPORTES SIGEPII *Actualización hoja de Vida contratistas: Del catálogo del SIGEPII solo 24 contratistas actualizaron su hoja de vida en el sistema para la vigencia 2021, de los cuales 13 figuran en la base datos aportada por contratación (116 contratistas), es decir que: •Falta el registro de 103 contratistas por actualizar su hoja de vida, incumpliéndose con ello lo establecido en el numeral 3 del artículo 2.2.17.10 Formato de hoja de vida. Del Decreto 1083 de 2015 que establece “(…) Están obligados a diligenciar el formato único de hoja de vida, (…) .Los contratistas de prestación de servicios, previamente a la celebración del contrato” •En el catálogo del SIGEPII, se encontraron once (11) contratistas de los cuales no se evidencia vínculo con la Entidad. *Contratos de prestación de servicios profesionales: Verificado el reporte del SIGEPII “Contratos de prestación de servicios profesionales”, se observó que solo registra un (1) contratista para la vigencia 2021, con lo cual se evidencia que no está cumpliendo el artículo 2.2.17.7 del Decreto 1083 de 2015.•Asi mismo De los 22 contratistas del catálogo del SIGEPII, se encontraron cuatro (4) registros repetidos de los reportados por contratación y cinco (5) que no se evidencia vínculo con la Entidad para el periodo objeto del seguimiento, dentro de los cuales también hay tres (3) que están repetidos *Roles de usuarios activos: •De los 116 contratistas de la base datos aportada por contratación se evidenció que 38 de los contratistas no tienen asignado el rol para acceder al sistema, con lo cual se evidencia que no está cumpliendo el artículo 2.2.17.7 del Decreto 1083 de 2015 . •Respecto del rol operador de contratos, único que coincide con el habilitado de la Entidad, se evidencia que no está cumpliendo a cabalidad con las responsabilidades establecidas en el artículo 2.2.17.7 del Decreto 1083 de 2015. •En el reporte se aprecia que el rol de administrador de Entidades está asignado a un servidor público, del cual se evidencia que no está cumpliendo a cabalidad las responsabilidades establecidas en el artículo 2.2.17.7 del Decreto 1083 de 2015 •De la Información reportada en el catálogo Roles de usuarios activos, como se observa en la matriz, las cantidades no corresponden con los roles asignados, cargos de los servidores y contratistas activos, con lo cual se ratifica el incumplimiento señalado al artículo 2.2.17.7 del Decreto 1083 de 2015 •También se apreció inconsistencia en el número de identificación y contratistas que no pertenecen a la DNBC *Consulta de hojas de vida aprobadas de la entidad •Para los servidores públicos, en el campo “Fecha de Aprobación de la Hoja de Vida” 28 figuran con fecha 04/12/2021 y uno con fecha 20/03/2018, fechas que no corresponden con las de posesión de los servidores, con lo cual se evidencia que no se está cumpliendo a cabalidad las responsabilidades establecidas en el artículo 2.2.17.7 del Decreto 1083 de 2015 •De los 116 contratistas se observó que 38 no figuran en el catálogo, 32 que no registran Fecha de Aprobación de la Hoja de Vida y 39 que tienen la fecha que no corresponde al inicio del contrato de la vigencia 2021, con lo cual se evidencia que no se está dando cumplimiento a cabalidad las responsabilidades establecidas en el artículo 2.2.17.7 del Decreto 1083 de 2015 Datos personales de servidores públicos y contratistas por entidad •De los 116 contratistas, se evidencio que al realizar el cruce por número de identificación 40 no figuran en el catálogo, por lo tanto la información es incompleta, con lo cual se evidencia que no están dando cumplimiento a cabalidad las responsabilidades establecidas en el artículo 2.2.17.7 del Decreto 1083 de 2015 •Así mismo, se presentan inconsistencias en la información que genera el reporte como es el caso de Contratistas que según los registros figuran como “Vinculados a cargo de planta”, como es el caso de Claudia Quintero Franklin y Julio Cesar García Triana, también se apreció que todos los contratistas figuran que “no tiene Contrato asignado en la entidad”, con lo cual se evidencia la falta de control por parte de quien tiene asignado el rol de Operador de Contratos. *Contratos finalizados x fecregis y pendiente fin Se observó que solo tiene un registro para la vigencia 2021 y que aún figura en estado activo – Carolina Escarraga, sin que se hubiese hecho el registro de los 115 contratistas restantes *Educación formal de los servidores públicos vinculados y contratistas con contrato activo en la entidad: De los 116 contratistas se observó que tan solo figura el registro de Carolina Escarraga Trejos, con ello evidenciándose que 115 contratistas no reportan la información requerida, sin que esto haya sido evidenciado por quien tiene asignado el rol de administrador de entidades, con ello, estableciéndose el incumplimiento al artículo 2.2.17.7 del Decreto 1083 de 2015 | C29: 2 | F29: 2
A30: INFORME DE SEGUIMIENTO Y EVALUACION AL TRATAMIENTO DE LAS PETICIONES, QUEJAS, RECLAMOS, SOLICITUDES Y DENUNCIAS RECIBIDAS EN EL PERIODO COMPRENDIDO ENTRE EL 1 DE ENERO AL 30 DE JUNIO | B30: 3 | C30: 8 | E30: 1 | F30: 12
A31: PQRSD vencidas Se encontró que 78 PQRSD de las 601 radicadas en la DNBC, al revisar la base de datos del GAU y ORFEO, se vencieron sin que se les haya dado el correspondiente trámite, dentro del término legal ni por fuera de él, lo que evidencia debilidades en los controles de los servidores y/o contratistas responsables de dar respuesta; siendo el monitoreo de GAU, para determinar el número de días, pasados del plazo legal con ello incumpliéndose lo establecido en el Artículo 23 de la Constitución Política, los términos señalado en el artículo 14 de la Ley 1755 de 2015, el Numeral 5.7 del Procedimiento de Recepción, Distribución, Seguimiento y Salida de Peticiones, Quejas, Reclamos, Sugerencias y Denuncias | C31: 1 | F31: 1
A32: “LINEAMIENTOS GENERALES PARA LA ATENCIÓN DE PETICIONES, QUEJAS, RECLAMOS, SUGERENCIAS Y DENUNCIAS” en el ítem Controles que establece: • “Oficina de Control Disciplinario Interno: Las entidades deben organizar una oficina, que se encargue de adelantar los procesos disciplinarios en contra de sus servidores públicos. Se evidenció que la Oficina de Control Interno Disciplinario no ha dado cumplimiento a lo establecido en la Guía Estrategias para la Construcción del PAAC en cuanto a “adelantar las investigaciones en caso de: (i) incumplimiento a la Respuesta de peticiones, quejas, sugerencias y reclamos en los términos contemplados en la ley y (ii) quejas contra los servidores públicos de la entidad.” Generadas durante el I semestre de 2022 | B32: 1 | F32: 1
A33: Actividades del jefe Funciones del jefe de la dependencia encargada de las PQRSD, determinadas en el Artículo 9 del Decreto 2232 de 1995 - Coordinar actividades con el jefe de la unidad de control interno y con el jefe de la unidad de planeación, para el mejoramiento continuo de la gestión de la entidad. - Coordinar actividades con los jefes de unidad de quejas y reclamos de la entidad superior y de las demás entidades del área a que pertenece la entidad para lograr eficiencia y eficacia del sistema En seguimiento al verificar los aspectos relacionados no hay evidencia de coordinación de actividades con el jefe de la unidad, el de control interno y con el jefe de la unidad de planeación, que permita el mejoramiento de la gestión. Así mismo, no se tiene soporte de coordinación de actividades con los jefes de las demás unidades de quejas y reclamos del sector. | C33: 2 | F33: 2
A34: Anexo 2 de la Resolución MinTIC 1519 del 2020 Estándares de publicación y divulgación información. 2.4.3 Atención y Servicios a la Ciudadanía. Formulario PQRSD En seguimiento al link https://dnbc.gov.co/atencion-al-ciudadano/peticiones-quejas-reclamos-sugerencias-y-denuncias, se pudo verificar el formulario de PQRSD, al cual se puede acceder de forma autónoma e independiente; no obstante ello, se establecieron debilidades en cuanto a condiciones técnicas como: El sistema no genera un mensaje de confirmación de recibido indicando fecha y hora de recepción, no obstante si informar el número de radicado; así mismo, el formulario no cuenta con la validación de datos que le permita al ciudadano visibilizar si existe errores en el diligenciamiento, o si le falta incluir alguna información, toda vez que este aviso de error debe ser visible y accesible para todos los usuarios; tampoco se observa el mensaje de falla en el sistema que indique el motivo y la opción con la que cuenta el usuario para hacer nuevamente su solicitud. Así mismo, se debe facilitar al ciudadano las condiciones de acceso a la información, por lo cual la Entidad en el tema que nos ocupa debe publicar los procedimientos o lineamientos para la recepción, radicación, trámite y remisión de respuesta, mecanismos de consulta del estado de las PQRSD | B34: 2 | F34: 2
A35: Informe de que trata el artículo 54 de la Ley 190/95, el cual debe ser presentado con una periodicidad mínima trimestral, al jefe o director de la entidad, el cual debe dar cuenta de: 1. Servicios sobre los que se presente el mayor número de quejas y reclamos, y 2. Principales Recomendaciones sugeridas por los particulares que tengan por objeto mejorar el servicio que preste la entidad, racionalizar el empleo de los recursos disponibles y hacer más participativa la gestión pública(respecto de este último aspecto no se radicaron sugerencias en el semestre). En revisión de los informes mensuales de las PQRSD, se pudo establecer que en el mes de abril no obstante referir en el acápite 6 Evolución de las PQRSD, se estableció que para ese mes no se registraron quejas ni denuncias, pero en el mismo informe, en el acápite 11. Temas de consulta reiterativa se toma el texto de todos los informes, se establece: El 5.56% (4) de las peticiones son quejas por irregularidades en la actuación de diferentes Cuerpos de Bomberos, ante lo cual se les indica el conducto regular que trae la Resolución 1127 de 2018 “Por medio de la cual se modifican algunos artículos del Reglamento Administrativo, Operativo, Técnico y Académico de los Bomberos de Colombia, adoptado por la Resolución 661 de 2014”, el Decreto 953 de 1997 “Por el cual se dicta el Reglamento de Disciplina para el Personal de los Cuerpos de Bomberos” y la demás legislación a la que hubiere lugar, o quejas presentadas por los diferentes Cuerpos de Bomberos por el incumplimiento de las administraciones municipales en el giro de los recursos de sobretasa bomberil. Así mismo, en el informe de junio se informa que se recibieron 3 quejas, pero no se indica a que servicios hacen referencia, sino que se limitan en el informe, a citar el mismo párrafo de la Resolución 1127 de 2018, el cual se repite en todos los informes, sin especificar sobre qué servicio se presentan las quejas y a que dependencia hace referencia, lo cual va a permitir la toma de decisiones. Durante el I semestre de 2022, no se registra radicados de sugerencias | C35: 1 | F35: 1
A36: Informes de solicitudes de accesos a información Artículo 2.1.1.6.2 del Decreto 1081 de 2015, por medio del cual se establece que los sujetos obligados deberán publicar los informes de todas las solicitudes, denuncias y los tiempos de respuestas Del ejercicio de Control Interno de discriminar por áreas las solicitudes asignadas, se observan inexactitudes en la información, toda vez que se relaciona que la Dirección tuvo un total de 72 radicados, pero es que se le están sumando 45 radicados que por estructura no le corresponden ya que CITEL, no hace parte de ella. Así mismo, Comunicaciones también aparece en la relación de la Subdirección Administrativa y Financiera y en la Dirección General; e Infraestructura Nacional de Bomberos también se relaciona en la Subdirección Administrativa y Financiera y en la Subdirección Estratégica y de Coordinación Bomberil; con ello, generando incertidumbre en la información de las estadísticas presentadas en el informe. | C36: 1 | F36: 1
A37: Ley 1721 de 2014 Artículo 26. Respuesta a solicitud de acceso a información. Es aquel acto escrito mediante el cual, de forma oportuna, veraz, completa, motivada y actualizada, todo sujeto obligado responde materialmente a cualquier persona que presente una solicitud de acceso a información pública. Su respuesta se dará en los términos establecidos. La respuesta a la solicitud deberá ser gratuita o sujeta a un costo que no supere el valor de la reproducción y envío de la misma al solicitante. Se preferirá, cuando sea posible, según los sujetos pasivo y activo, la respuesta por vía electrónica, con el consentimiento del solicitante. En los radicados: 20221140123852* 20221140126582* 20221140148462* y 20221140150942, la Entidad deja constancia que el trámite a la solicitud fue a través de comunicación telefónica, de la cual además no se dejó constancia, siendo este incumplimiento otro motivo por el cual en el presente seguimiento no se pueda hacer seguimiento a la respuesta | C37: 1 | F37: 1
A38: Radicación respuesta en el aplicativo ORFEO, Numeral 8 del Procedimiento de recepción, distribución, seguimiento y salida de PQRSD En los radicados: 20221140123872*20221140125432*20221000126742*20221140127522*20221140128212*20221140128372*20221140128602*20229000128932*20221140129192*20221140129912*20221140129962*20221140130592*20229000130612*20221140130752*20221140130892*20221000131532*20221000132232*20221140132972*20221140133662*20221140134732*20221140137652*20221140139462*20221140140342*20221140140502*20221140142212*20221140143112*20221140148072*20221140150132*20221140150832*20221140151382*20221140151692*20221140151722*20221140152712*20221140154142*20221140154402 20221140154652*20221140154662*20221140155682*20221140157302*20221140159032 20221140159522; no se dejó evidencia de imagen de respuesta para determinar si hubo una pronta resolución, y si esta fue completa y de fondo, ya que en algunos casos se pudo determinar que los funcionarios encargados remiten la respuesta desde su correo, en otros sacan un radicado de salida, pero no se deja evidencia de imagen de respuesta, ni constancia de entrega al interesado, no se cierra la PQRSD y ni se procede a su archivo físico y digital. | E38: 1 | F38: 1
A39: Términos para resolver las distintas modalidades de peticiones. Parágrafo Artículo 14 de la Ley 1755 de 2015 “Cuando excepcionalmente no fuere posible resolver la petición en los plazos aquí señalados, la autoridad debe informar esta circunstancia al interesado, antes del vencimiento del término señalado en la ley expresando los motivos de la demora y señalando a la vez el plazo razonable en que se resolverá o dará respuesta, que no podrá exceder del doble del inicialmente previsto” | C39: 1 | F39: 1
A40: Una vez radicada la respuesta en el aplicativo ORFEO, la misma, debe ser firmada por el responsable del proceso según corresponda, en esa medida el responsable de firmar la respuesta deberá revisar la consistencia de la información que se entrega al usuario.El responsable de firmar deberá percatarse que el documento cuente con el visto bueno de quien proyecta y de quien revisa; para esto, el documento deberá contener en letra legible al finalizar el documento el nombre de quien proyectó, de quien revisóy de quien finalmente aprobó. En los radicados: 20221140123852* En los radicados: 221140125232*20221140134572*20221140146582*20229000127002*2022100012702220221140127952*20221140128092*20221140133992*20221140134872*2022114013540220221140135542*20221140140472*20221140152092*20221140156252*20221140151812, se encontraron documentos de respuesta sin firma y sin evidencia de envió, lo cual genera incertidumbre de si efectivamente el peticionario recibió pronta respuesta. | C40: 1 | F40: 1
A41: Informe Seguimiento Ley 1712 de 2014- Ley de Transparencia y del derecho de acceso a la información pública nacional". | B41: 3 | C41: 5 | E41: 1 | F41: 9
A42: La Entidad no cuenta a la fecha, con una sección particular identificada con el nombre de "Transparencia y acceso a la información pública” en la página principal de su sitio web oficial, ya que para acceder a ella debemos entrar al menú Atención al ciudadano e igualmente a la fecha no cuenta con el footer o pie de página GOV.CO, ni con los nuevos menús Atención y Servicios a la Ciudadanía y Participa, de que trata el Anexo 2 de la Resolución 1519 de 2020, los cuales tenían plazo para su implementación hasta el 31 de Marzo de 2021, con ello incumpliéndose lo establecido en el Articulo 2.1.1.2.14. del Decreto 1081 2015 | B42: 2 | C42: 1 | F42: 3
A43: La política de seguridad y privacidad de la información, expedida en agosto de 2019, no se ajusta a los dispuesto en el Anexo 3 de la Resolución MinTIC de 2020 a las condiciones mínimas técnicas y de seguridad digital, allí establecida. | C43: 1 | F43: 1
A44: No se encuentra ajustado el espacio normativa a lo estipulado en el Anexo 2 de la Resolución 1519 de 2020, no obstante el plazo hasta el 31 de marzo de 2021; toda vez, que debe haber un primer grupo de la normativa de la entidad o autoridad, luego con un numeral 2.1.1 Leyes de acuerdo con las que apliquen a la DNBC; 2.1.2 Decreto Único Reglamentario; 2.1.3 Normativa aplicable: decretos, resoluciones, circulares, directivas presidenciales, actos administrativos, autos o fallos judiciales 2.1.4 Vínculo al Diario o Gaceta Oficial y 2.1.5 Políticas, lineamientos y manuales 2.1.6 Agenda Regulatoria. 2.2 Búsqueda de normas, 2.2.1 Sistema Único de Información Normativa-SUIN; 2.2.2Sistema de búsqueda de normas; 2.3 Proyecto de normas para comentario, con ello inobservándose lo establecido para este espacio De acuerdo a lo estipulado en el Anexo 2 de la Resolución 1519, a la fecha se debía tener en el No.4 de la página web la Sección Planeación, Presupuesto e Informes, dentro del menú Transparencia y acceso a la información pública con asuntos presupuestales y de planeación, control interno, auditoria e informes de la Entidad, para lo cual se tenía plazo hasta el 31 de marzo de 2021 | C44: 2 | F44: 2
A45: No se observa en la sección de datos abiertos la publicación total de la información y con los requisitos mínimos que solicita el Anexo 4 de la Resolución 1519 del 2020 de las MinTIC donde se ubique el Índice de información pública reservada y clasificada con fecha de levantamiento de la reserva, el registro de activos de información, el esquema de publicación de la información, el programa de gestión documental, las tablas de retención documental y el acto administrativo sobre costos de reproducción de información pública | E45: 1 | F45: 1
A46: Respecto de la información que trata el Artículo 2.1.1.2.1.4 del Decreto 1081 del 2015, en el link https://dnbc.gov.co/procedimientos-direccion-nacional-de-bomberos, no se encuentran publicados los procesos y procedimientos de la Entidad, que se siguen para tomar decisiones en las diferentes áreas; al igual que en el link: https://dnbc.gov.co/direccion-nacional/informacion-institucional/directorio-de-funcionarios, no se encuentra publicado el directorio de funcionarios que incluya el cargo, direcciones de correo electrónico y teléfono del despacho de los empleados y funcionarios y las escalas salariales, con ello inobservándose lo estipulado en el precepto indicado. | B46: 1 | C46: 1 | F46: 2
A47: Informe Auditoria Proceso Gestión Contractual - Vigencia 2022 | B47: 2 | C47: 38 | E47: 2 | F47: 42
A48: De conformidad con la revisión realizada, se evidenció que en los contratos 151, 152, 153, 154 y 166 se designó como supervisor a un contratista, incumpliendo lo establecido en la Circular 06 de 2020 Información Específica recomendación 4.4 “Verificar que se haya designado un supervisor o un interventor idóneo, para ejercer las labores de seguimiento y control de lo pactado de forma diligente y oportuna.” Asimismo, incumple el artículo 83 de la Ley 1474 de 2011, que señala “La supervisión consistirá en el seguimiento técnico, administrativo, financiero, contable, y jurídico que sobre el cumplimiento del objeto del contrato, es ejercida por la misma entidad estatal cuando no requieren conocimientos especializados”, al igual que lo establecido en la Guía de Supervisión e interventoría generada por Colombia Compra Eficiente Literal III Literal que dice “ El supervisor de los contratos siempre debe ser un funcionario de la Entidad Estatal. | B48: 1 | F48: 1
A49: Dentro de la revisión realizada no se encontró publicación ni en Secop ni en página web de los informes de monitoreo presupuestal de los contratos 151, 152, 153,154 y 166. Por lo cual se evidencia incumplimiento en la Circular Conjunta 100-008-2020 en lo relacionado en el numeral 4 – “Realice periódicamente y circule los informes de monitoreo presupuestal de los contratos y de las personas beneficiadas”. | C49: 1 | F49: 1
A50: Dentro de la revisión realizada se evidenció lo siguiente: Nro. Contrato/Modalidad: Nro. 137/2022 LICITACION PUBLICA 001: La resolución de adjudicación No. 219 de 2022, establece en los considerandos, que se realizaron las adendas No.1 y No. 2, pero no se observan las mismas en documento escrito, en la carpeta física o publicada en SECOP II. Nro. Contrato/Modalidad: Nro. 142/2022 SIE-005-2022 SUBASTA INVERSA: En SECOP esta publicada la adenda No.1 y la Adenda No. 3, no obstante, no se observa publicada la No.2 y tampoco se encuentra dentro del expediente físico suministrado por el Proceso de Gestión Contractual. Nro. Contrato/Modalidad: Nro. 250/2022 SIE-010-2022 SUBASTA INVERSA: En SECOP esta publicada la adenda No.1 no obstante, no se observa firma ni responsable de la elaboración y tampoco se encuentra dentro del expediente físico suministrado por el Proceso de Gestión Contractual. Por lo anterior, se genera inobservancia al artículo 2.2.1.1.2.2.1 del Decreto 1082 de 2015 el cual señala “Modificación de los pliegos de condiciones. La Entidad Estatal puede modificar los pliegos de condiciones a través de Adendas expedidas antes del vencimiento del plazo para presentar ofertas. (…) La Entidad Estatal debe publicar las Adendas en los días hábiles, entre las 7:00 a. m. y las 7:00 p. m., a más tardar el día hábil anterior al vencimiento del plazo para presentar ofertas a la hora fijada para tal presentación, salvo en la licitación pública pues de conformidad con la ley la publicación debe hacerse con tres (3) días de anticipación.”. | C50: 1 | F50: 1
A51: Dentro de la revisión realizada se evidenció que en la contratación directa 1, contratos 143, 71, 78, 66, 75, 101 y 247 de 2022; Órdenes de Compra 93780 y 98923 de 2022 y Contratos 187 y 160 de 2022, presentan falencias con relación a la supervisión técnica, administrativa y financiera por parte del supervisor; por cuanto: Contratación directa 1: No contiene en la carpeta física ni en SECOP II, el acta de entrega ni tampoco la liquidación del contrato. Contrato 143/2022: No contienen informes de seguimiento o cualquier documento que denote seguimiento al cumplimiento de los fines del contrato y estado de los bienes, publicado en SECOP II o en la carpeta física suministrada por el proceso contractual. Contrato 71/2022: En todos los informes de actividades mensuales y de supervisión, se le realizo seguimiento a la ejecución de las obligaciones generales y no a las específicas. Por otro lado, el informe final, si contempló las obligaciones específicas y el supervisor Charles Benavides certifico su cumplimiento al 100%, no guardando coherencia con los informes mensuales. De acuerdo a la información entregada en la carpeta física, no se observa el cumplimiento de los productos u obligaciones del contrato. Contrato 78/2022: No contiene el cargue de los documentos para pago tales como Informes de Actividades e informe de Supervisión, en ninguno de los pagos. Contrato 66/2022: No se observa el cumplimiento de las 29 actividades específicas del contratista. Es decir, no se evidencia el cumplimiento de todas las actividades. Si bien es cierto que no es obligatorio cumplir todas las actividades todos los meses, si deben cumplirse en su totalidad al final del contrato, toda vez que esas obligaciones o actividades, responden a unas necesidades previamente identificadas que buscaban solventarse con la prestación del servicio por parte del contratista. Así mismo, estos informes, de supervisión, facturas y pagos deben publicarse en la plataforma SECOP II. Contrato 75/2022: Contratación Directa/ Prestación de Servicios persona Jurídica: no contiene en el SECOP, los informes de supervisión. Contrato 101/2022: No contiene Pagos, ni soportes ni los informes de supervisión en el SECOP. Contrato 247/2022: No contiene Pagos, ni soportes ni los informes de supervisión en el SECOP. Orden de Compran 93780/2022: Dentro de los estudios previos se establece 05 días hábiles para entrega y vigencia de 365 días, en SECOP II tienen como fecha de vencimiento el 03/08/2022, no obstante, no se verifica entrega a satisfacción o informe supervisión. De igual forma, No contiene, en la carpeta física o en SECOP II, informe de Supervisión o documento que verifique la correcta ejecución o cumplimiento del mismo. Orden de Compra 98923/2022: No contiene informe de Supervisión, aunque fue designado por el Director. Contratos 187/2020 y 160/2020: No contienen en la plataforma SECOP, los informes de actividades” (y de supervisión) mensuales y ni informe final donde se contemplaron las obligaciones específicas del contratista y el cumplimiento de las mismas. Por lo anterior, se evidencia incumplimiento en el artículo 4° de la Ley 80 de 1993; Artículo 84 de la ley 1474 de 2011; Manual de Contratación Capitulo 5° Supervisión y/o Interventoría de la Entidad y la Guía para el ejercicio de las funciones de supervisión e interventoría de los contratos suscritos por las Entidades Estatales de Colombia Compra Eficiente, que tratan de las “FACULTADES Y DEBERES DE LOS SUPERVISORES Y LOS INTERVENTORES. La supervisión e interventoría contractual implica el seguimiento al ejercicio del cumplimiento obligacional por la entidad contratante sobre las obligaciones a cargo del contratista”. | C51: 1 | F51: 1
A52: Dentro de la revisión realizada se observa que el contrato 153 aparece identificado en el Secop II como 152. Lo anterior incumple con la Circular Conjunta 100-008-2020 en lo relacionado en el numeral 2 –que indica: “Es importante y obligatorio cumplir el principio de publicidad de la gestión contractual en los sistemas electrónicos (SECOP I y SECOP II, conforme con las Circulares 1 y 2 de 2019 y 3 de 2020 de la Agencia Nacional -COLOMBIA COMPRA EFICIENTE- para respetar el cumplimiento de los requisitos legales de cada acuerdo de voluntades y fortalecer el control social a la Administración, independientemente de la urgencia manifiesta declarada”. | C52: 1 | F52: 1
A53: Dentro de la revisión realizada, el equipo auditor evidenció que en los contratos 154 y 166 no se realizó la verificación de la capacidad del futuro contratistas, y en los contratos 151 y 153 no se determinaron los requisitos habilitantes al igual que en la justificación técnica no se establecieron las condiciones jurídicas, técnicas y económicas a presentar, generando incumplimiento en establecido en la Guía de Transparencia Contratación Pandemia XI Recomendaciones literal ii) - Verificación de la oferta, que indica “Aun cuando la contratación directa o la sujeta al derecho privado no exige la existencia de una pluralidad de oferentes, las Entidades Estatales deben verificar, previo a la celebración del contrato, I) la capacidad del futuro contratista para satisfacer la necesidad, para lo cual pueden acudir a la información consignada en el SECOP -para conocer los contratos ejecutados”, (…) | C53: 1 | F53: 1
A54: Dentro de la revisión realizada, en los soportes documentales de los contratos 151, 152, 153, 154 y 166 no se evidencian informes que den cuenta del análisis que fundamenten la urgencia manifiesta. Por lo anterior, se incumplió lo establecido en la Circular 06 de 2020 Especifica numeral 5 que señala “Elaborar un informe sobre la actuación surtida, que evidencie todas las circunstancias, conceptos o análisis que fundamentaron la declaratoria de la urgencia”. | E54: 1 | F54: 1
A55: Dentro de la revisión realizada, se evidenció que en el contrato No 83 a nombre de Alejandro Moreno Gallego por valor de $100.000.000, con acta de inicio del 05 de mayo de 2022, se realizó por parte de la entidad la liquidación de Terminación Unilateral (que se encuentra sin firmas); sin embargo, dentro del acto administrativo que la declaró, no se establece la debida motivación en cuál de los cuatro (4) eventos aplicaría para darse por terminada Unilateralmente, generando incumplimiento en lo establecido en el artículo 17 de la Ley 80 de 1993, que dice “De la terminación unilateral. La entidad en acto administrativo debidamente motivado dispondrá la terminación anticipada del contrato en los siguientes eventos:1. Cuando las exigencias del servicio público lo requieran (…)2. Por muerte o incapacidad física permanente del contratista (…) 3.Por interdicción judicial o declaración de quiebra del contratista. 4.Por cesación de pagos (…)” Ahora, bien no se evidencia informe de supervisión que dé cuenta del posible incumplimiento por parte del contratista o el debido proceso en caso de la presentarse la respectiva declaratoria, ocasionando incumplimiento en lo establecido en el artículo 84 de la Ley 1474 de 2011 – “Facultades y deberes de los supervisores y los interventores.” | C55: 1 | F55: 1
A56: Dentro de la revisión realizada, se observa que el estudio de mercado del contrato No 137 no fue aportado para su revisión, y los contratos 136, 142 y 250 no poseen firmas. Lo anterior, genera incumplimiento en lo estipulado en el artículo 2.2.1.1.1.6.1. del Decreto 1082 de 2015 el cual señala “La Entidad Estatal debe hacer, durante la etapa de planeación, el análisis necesario para conocer el sector relativo al objeto del Proceso de Contratación desde la perspectiva legal, comercial, financiera, organizacional, técnica, y de análisis de Riesgo. La Entidad Estatal debe dejar constancia de este análisis en los Documentos del Proceso.”. De igual forma, se desatiende el artículo 57 del Código de Procedimiento Administrativo y de lo Contencioso Administrativo que establece que “Acto administrativo electrónico. Las autoridades, en el ejercicio de sus funciones, podrán emitir válidamente actos administrativos por medios electrónicos siempre y cuando se asegure su autenticidad, integridad y disponibilidad de acuerdo con la ley.”, | C56: 1 | F56: 1
A57: Dentro de la revisión realizada, se observa que los contratos 151,152,153,154 y 166 fueron remitidos extemporáneamente a la Contraloría General de la República. Lo anterior, evidencia incumplimiento en la Circular 06 de 2020 en lo relacionado Información Específica que trata de: “La información deberá ser entregada por las entidades públicas correspondientes en el formato que se adjunta para el efecto, en un plazo no mayor a 3 días hábiles contados a partir de la expedición de la presente Circular al correo electrónico: “Seguimientocoronavirus@contraloria.gov.co, lo anterior”. | B57: 1 | F57: 1
A58: El equipo auditor evidenció que no se dio cumplimiento a las clausulas establecidas en los contratos 01, convenio de asociación 098, Contrato 249 y 66 de 2022, con relación a la forma de Pago y/o obligaciones del contratista, por cuanto: Contrato/Modalidad Nro. 1. Contratación Directa/ Contrato Arrendamiento La cláusula Sexta del contrato señala las Obligaciones del Contratista-Arrendador y el Numeral 3) establece la obligación de “remitir al supervisor, la factura original o cuenta de cobro mensual del canon de arrendamiento, y en la cláusula Decima Primera- Supervisión Literal D) indica la obligación de “expedir el recibido a satisfacción, para el pago del canon de arrendamiento”; y en la carpeta física ni en SECOP II, se evidencian las facturas o cuentas de cobro para realizar la aprobación del pago; así como tampoco se evidencia en la carpeta física ni en SECOP II, los recibos a satisfacción para realizar el pago de las facturas o cuentas de cobro del canon de arrendamiento. Contrato/Modalidad Nro. 98/2022 Convenio de Asociación La cláusula 4 del convenio de asociación 98 de 2022 a nombre de BENEMERITO CUERPO DE BOMBEROS VOLUNTARIOS DE CALI, que trata de la forma de desembolso; dice “Todo pago se hará previa presentación de la correspondiente factura o cuenta de cobro, con el informe de ejecución y recibo a satisfacción por parte del supervisor, quien deberá verificar el cumplimiento en el pago de los aportes a seguridad integral”; pero en ninguno de los pagos, facturas, recibo a satisfacción, certificación de cumplimiento expedida por el supervisor ni está cargada y aprobada en SECOP II. De igual forma, en el expediente físico no se evidencia que exista algún documento o trazabilidad para los pagos 3 y 4, de acuerdo a lo establecido en la cláusula mencionada. Contrato/Modalidad Nro. 249/2022 – MC-001-2022 MINIMA CUANTIA El contrato 249 de 2022 nombre de OCUPASALUD SAS no contiene en SECOP II ni en la carpeta física, conforme lo enuncia el contrato en la Forma de Pago “certificación de cumplimiento a satisfacción de obligaciones (…) b) Certificación actual del pago de aportes parafiscales (…); nota 2: (…) cuenta de cobro (…), la certificación de recibo a satisfacción, radicación de factura y pago de aportes parafiscales y patronales, Contrato/Modalidad No 66 de 2022. Contratación Directa/ Prestación de Servicios persona Jurídica. En el contrato 66 de 2022, se evidencia incumplimiento al numeral 4.5 Forma de Pago del estudio Previo el cual establece “La Dirección Nacional de Bomberos pagará al contratista a) Doce (12) pagos hasta por la suma de Once Millones seiscientos mil pesos MTCE”. Debido a que el pago No 05 fue rechazado y no evidenció el cargue nuevamente el SECOP II pero si se realizó el respectivo pago. | C58: 1 | F58: 1
A59: En el contrato 151 los análisis de precios (se encuentran sin firma) y las cotizaciones presentadas contienen un valor más alto al del instrumento de agregación de demanda emergencia COVID-19. De igual forma, A Folio 156 se evidencia impresión del desinfectante KLINOL por 5 litros a $42,300; sin embargo, el análisis de precios efectuado, aunque contempla este pantallazo en el mismo, no hace referencia al análisis de su precio, aunque es mucho más económico, ya que el que se adquirió es por 2 litros y su costo es de $42,300, es decir menos cantidad y al mismo costo. Asimismo, en el Análisis de precios no se indicó por qué este proceso no fue adquirido por el Instrumento de Demanda Emergencia. No se encontró análisis de precios. Por lo anterior, se evidencia incumplimiento en la Circular Conjunta 100-008-2020 en lo relacionado al numeral 2 – que establece “Verificar que los precios de los bienes estén dentro de los precios del mercado”. | C59: 1 | F59: 1
A60: En el contrato 187 de 2020 no se observa la constancia de idoneidad y experiencia requerida. Lo que genera incumplimiento a lo establecido en el artículo 2.2.1.2.1.4.9 del Decreto 1082 de 2015, el cual señala “(…) siempre y cuando la Entidad Estatal verifique la idoneidad o experiencia requerida y relacionada con el área de que se trate. En este caso, no es necesario que la Entidad Estatal haya obtenido previamente varias ofertas, de lo cual el ordenador del gasto debe dejar constancia escrita.(…)” | C60: 1 | F60: 1
A61: En el contrato 75 de 2022. Contratación Directa/ Prestación de Servicios persona Jurídica: La fecha de Inicio evidenciada en la Carpeta Física, consta de fecha 10 de febrero de 2022, sin embargo, la fecha de Inicio del contrato en el SECOP es del 04 de marzo de 2022. En la Orden de compra 88227 de 2022 Dentro del estudio previo se establecen 15 días para la ejecución de la orden de Compra, no obstante, en el informe de supervisión señala como fecha de terminación el 31/12/2002 y en SECOP II aparece fecha de vencimiento el 04/04/2023 y el recibo a satisfacción figura del 01 de julio de 2022. De lo anterior, se evidencia incumplimiento al artículo 2.2.1.1.2.3.1. del Decreto 1082 de 2015 el cual señala “De los requisitos de perfeccionamiento, ejecución y pago. En el Cronograma, la Entidad Estatal debe señalar el plazo para la celebración del contrato, para el registro presupuestal, la publicación en el SECOP y para el cumplimiento de los requisitos establecidos en el pliego de condiciones para el perfeccionamiento, la ejecución y el pago del contrato.”. | C61: 1 | F61: 1
A62: En el contrato 98 de 2022 en el expediente físico ni el SECOP II se encuentra la designación del supervisor. En el contrato No 254 no se evidencia en el Secop II la publicación de la designación del supervisor y el documento que se encuentra en el expediente físico se designó como supervisor a un contratista. Lo que genera incumplimiento a lo establecido en el artículo 83 de la Ley 1474 de 2011 el cual señala “Supervisión e interventoría contractual. Con el fin de proteger la moralidad administrativa, de prevenir la ocurrencia de actos de corrupción y de tutelar la transparencia de la actividad contractual, las entidades públicas están obligadas a vigilar permanentemente la correcta ejecución del objeto contratado a través de un supervisor o un interventor, según corresponda. (…). Asimismo, se está incumpliendo lo indicado en la Guía para el Ejercicio de las Funciones de Supervisión e Interventoría, emitida por Colombia Compra Eficiente Literal III literal A, que señala “El supervisor de los contratos siempre debe ser un funcionario de la Entidad Estatal. | C62: 1 | F62: 1
A63: En el contrato No 247 no se evidenció el certificado de exclusividad para ventas, distribución, administración de garantías, servicios post-venta, mantenimiento y suministro de piezas de repuesto para los productos de combate contra incendios WATERAX INC. Lo anterior genera incumplimiento al numeral 11 de los Estudios Previos, el cual señala la “Justificación de los factores de selección…certificado de Exclusividad del fabricante de los bienes, acompañado del certificado de existencia y representación legal de la sociedad extranjera, debidamente apostillados y con su respectiva traducción oficial.”. | C63: 1 | F63: 1
A64: En el Contrato/Modalidad: No 78 de 2022. Contratación Directa/ Prestación de Servicios persona Natural, a nombre de Miguel Ángel Acero, No se dio cumplimiento a lo estipulado en el numeral 4.4 del estudio previo el cual establece “El valor del contrato será hasta por la suma $54.000.000 incluido IVA y demás costos directos e indirectos”; por cuanto, en el SECOP II se estableció el valor del contrato por la suma de $46.800.000, observándose una reducción sin que se evidencie ningún documento soporte que justifique la modificación. | C64: 1 | F64: 1
A65: En el Contrato/Modalidad: Nro. 71 de 2022. Contratación Directa/ Prestación de Servicios persona Natural, el certificado de delitos sexuales se encontraba vencido a la fecha de la contratación, incumpliendo lo estipulado en el artículo 4 de la Ley 1918 de 2018 el cual señala “Deber de verificación. Es deber de las entidades públicas o privadas, de acuerdo a lo reglamentado por el Gobierno Nacional, verificar, previa autorización del aspirante, que este no se encuentra inscrito en el registro de inhabilidades por delitos sexuales cometidos contra personas menores edad, en el desarrollo de los procesos de selección de personal para el desempeño de cargos, oficios, profesiones que involucren una relación directa y habitual con menores previamente definidos por el Instituto Colombiano de Bienestar Familiar. Dicha verificación, deberá actualizarse cada cuatro meses después del inicio de la relación contractual, laboral o reglamentaria. (…)”. | C65: 1 | F65: 1
A66: En el ejercicio de auditoría se evidenció que el riesgo de gestión: “Posibilidad de afectación económica por sanciones disciplinarias ante el incumplimiento a la Ley de Transparencia y normatividad relacionada debido al cargue inoportuno de la información en el SECOP II”, se materializó, debido a que los documentos de la muestra tomada de 31 contratos no fueron cargados o fueron cargados extemporáneamente, desatendiendo lo enunciado en el literal a) del numeral 5.1.2. del Manual de Gestión del Riesgo de la DNBC, que establece que el Equipo Gerencial o Líderes de Proceso deben “Identificar y valorar los riesgos que pueden afectar el logro de los objetivos institucionales, así como, definir y diseñar los controles a dichos riesgos, evitando la materialización de riesgos.” De igual forma, el Manual Operativo del Modelo Integrado de Planeación y Gestión señala que le corresponde a la Primera línea de defensa le corresponde “La identificación de riesgos y el establecimiento de controles, así como su seguimiento, acorde con el diseño de dichos controles, evitando la materialización de los riesgos”. | C66: 1 | F66: 1
A67: En el expediente físico ni publicado en SECOP II del contrato No 137 se evidencia comunicación o documento de designación del Comité evaluador. Por lo cual, se presenta incumplimiento en el artículo 2.2.1.1.2.2.3. del Decreto 1082 de 2015, el cual establece “Comité evaluador. La Entidad Estatal puede designar un comité evaluador conformado por servidores públicos o por particulares contratados para el efecto para evaluar las ofertas y las manifestaciones de interés para cada Proceso de Contratación por licitación, selección abreviada y concurso de méritos (…). | C67: 1 | F67: 1
A68: En la revisión realizada se evidenció que los contratos 151, 152, 153, 154 y 166 no se están contemplados en el PAA de la DNBC. Por lo anterior se incumplió el artículo 2.2.1.1.1.4.1. Plan Anual de Adquisiciones del Decreto 1082 de 2015, que establece que “Las entidades estatales deben elaborar un Plan Anual de Adquisiciones, el cual debe contener la lista de bienes, obras y servicios que pretenden adquirir durante el año (…). | C68: 1 | F68: 1
A69: En la revisión realizada, no se evidenciaron los parámetros de referencia de histórico de precios, lista de precios u otro documento que permita generar el análisis del mercado, en los contratos 166, 152, 151, 153 y 154 de 2020. Por lo cual se genera incumplimiento en lo establecido en la Guía de Transparencia Contratación Pandemia XI Recomendaciones literal iii) – “Adquisición a precios justos y razonables. En coyunturas como las actuales es común la intención de querer tomar ventajas a través de la especulación con los precios de insumos o bienes requeridos para conjurar o mitigar la situación excepcional (…)”. | C69: 1 | F69: 1
... A87: Se evidenció al corte 31/10/2022 que el Proceso presenta diecisiete (17) acciones vencidas, incumpliendo a lo señalado en el manual operativo MIPG, numeral 4.1 de la Dimensión 4ª. Dimensión: Evaluación de Resultados. De igual forma, del Informe de la Auditoría realizado al Proceso de Gestión Contractual de la vigencia 2021 culminada el 30 de junio de 2022, NO se formuló el respectivo Plan de Mejoramiento respectivo por parte del Proceso de Gestión Contractual, por lo tanto, no se logró realizar seguimiento por parte de la OCI a los hallazgos evidenciados en dicha auditoria. | C87: 1 | F87: 1
A88: Se evidenció incumplimiento en la clausula vigésima segunda del contrato No 1, en la cláusula cuarta del contrato No 143, en el numeral 13 de los estudios previos del contrato No 75, el numeral 13 de la orden de compra 93780, debido a que en los documentos antes mencionados se solicitó la suscripción de Pólizas, pero las mismas no se encuentran en el expediente físico ni publicadas; y para el contrato 101 se observó otrosí No 3 (adición) sin embargo las pólizas no fueron modificadas, conforme lo establece el otro sí. | E88: 1 | F88: 1
A89: Se evidenció que con corte al 31/12/2022 el proceso no realizó la medición de los indicadores, incumpliendo lo establecido en el Modelo Integrado de Planeación y Gestión (MIPG) 4ª. Dimensión Evaluación de Resultados que en el lineamiento: Seguimiento y evaluación del desempeño institucional, que establece que la Entidad debe “Revisar y actualizar los indicadores y demás mecanismos de seguimiento y evaluación establecidos en la entidad y por otras autoridades.” | C89: 1 | F89: 1
A90: Informe de Auditoría al proceso Coordinación Operativa | B90: 1 | C90: 2 | F90: 3
A91: Se apreció por parte del grupo auditor que con respecto al aplicativo RUE, no se cuenta con la caracterización de usuarios, ciudadanos y grupos de interés en los cuales interactúan con el Sistema de Información. El Sistema RUE como desarrollo propio, no tiene definidos un documento guía de estilo de accesibilidad y usabilidad de acuerdo con la caracterización de usuarios. Inobservando lo dispuesto en la Guía de estilo y usabilidad - LI.SIS.07, MINTIC, Gobierno Digital, “La dirección de Tecnologías y Sistemas de la Información o quien haga sus veces debe definir o adoptar una guía de estilo y usabilidad para la institución. Esta guía debe estar aplicada de acuerdo con la caracterización de usuarios y según el canal utilizado por los sistemas de información, así mismo, debe estar alineada con los principios de usabilidad definidos por el Estado Colombiano, asegurando la aplicación de la guía en todos sus sistemas de información." | C91: 1 | F91: 1
A92: Se encontró que no todos los desarrollos recientes del aplicativo RUE, cuentan con un análisis actualizado de las solicitudes de los Usuarios, así mismo no se cuenta con el documento soporte (diagnóstico) de las necesidades de información de la Entidad, para la actualización (desarrollo) del Sistema de Información RUE, situación que genera inobservancia con lo dispuesto en el Manual de Gobierno digital, implementación de la política de Gobierno Digital, Decreto 1008 de 2018, Numeral 3.2. Lineamientos TIC para el Estado y TIC para la Sociedad..."La entidad debe garantizar que el proyecto o iniciativa que haga uso de TIC cuente con un conjunto de acciones que permitan una adecuada ejecución, seguimiento y realimentación, de manera que se cumpla con lo planeado y que se satisfagan las necesidades y problemáticas identificadas desde el inicio." | B92: 1 | F92: 1
A93: Se realizó la verificación de la información reportada en el RUE por los Cuerpos de Bomberos con una muestra de 120 de los 234551 eventos reportados el periodo comprendido entre 01/01/2020 y 30/06/2021, se encontró inconsistencias en la información reportada en cuanto a eventos clasificados inadecuadamente, eventos reportados sin información, eventos con una descripción ambigua y diligenciamiento de la totalidad de los campos en la atención de emergencias diligenciamiento de la totalidad de los campos en la atención de emergencias incumpliendo lo establecido en el MIPG, Dimensión: Información y Comunicación - Gestión de la información estadística- calidad estadística. | C93: 1 | F93: 1
A94: Informe de Auditoría al proceso Gestión Documental | C94: 12 | F94: 12
A95: El proceso de Gestión Documental cuenta con dos indicadores que aunque los tiene clasificados como de efectividad, son de eficacia con reporte hasta el mes de marzo de 2021, y no cuenta con indicadores de Efectividad y Eficiencia, impidiendo evaluar el logro de los resultados, conforme a lo indicado en el Modelo Integrado de Planeación y Gestión (MIPG) Dimensión Direccionamiento Estratégico y planeación (Formulación de Indicadores), en el numeral 4.2.1 Seguimiento y evaluación del desempeño institucional que indica: “(…) se debe aplicar los indicadores definidos de acuerdo con las decisiones que la entidad haya asumido y las disposiciones establecidas en las normas y lineamientos de política frente a las maneras, plazos y poblaciones a quienes decide entregar la información del seguimiento y evaluación.”, y en el numeral 2.2.1 Política de Planeación institucional, en el quinto lineamiento general establece que se deben atender las recomendaciones para la formulación de los indicadores y allí mismo señala que los “(…) es recomendable contar con un grupo de indicadores que permita conocer el estado real de la ejecución de las actividades, el logro de metas, objetivos o resultados y sus efectos en la ciudadanía (…) De acuerdo con el manual “Planificación estratégica e indicadores de desempeño en el sector público” (CEPAL, 2011: 59)” (…) Los indicadores de desempeño más utilizados son de a) eficiencia …; b) eficacia …; c) efectividad; d) aquellos relacionados con la calidad en la prestación de los servicios.” | C95: 1 | F95: 1
A96: En revisión del manejo del archivo de gestión, se encontró que los procesos, llevan varios archivos en medio magnético, sin embargo, no se encuentran clasificados de acuerdo con lo estableció en la TRD, incumpliendo lo establecido en el literal c) Vínculo archivístico del Artículo 2.8.2.7.2. Características del documento electrónico de archivo, del Decreto 1080 de 2015, que establece “(…) que reflejen el contenido, el contexto y la estructura tanto del documento como de la agrupación documental a la que pertenece (serie, subserie o expediente).” | C96: 1 | F96: 1
A97: La entidad no dispone de actas sobre el seguimiento y control al Sistema Integrado de Conservación, inobservando lo contemplado en Art. 25 del Acuerdo número 006 de 2014 del AGN el cual establece “Periódicamente, el Comité Interno de Archivo o el Comité de Desarrollo Administrativo de la Entidad deberá verificar y evaluar el adecuado cumplimiento de lo establecido en el Sistema Integrado de Conservación, e incluirá en los planes de mejoramiento de la entidad, las acciones necesarias para corregir los hallazgos de las auditorías del Sistema Integrado de Conservación”. | C97: 1 | F97: 1
A98: La muestra tomada, frente al manejo del archivo de gestión se observó debilidad en la identificación de los archivos físicos en el Proceso de Gestión de Análisis y Mejora Continua, lo cual podría generar inconsistencias al clasificar los documentos de acuerdo con lo establecido en la actividad 2 del Procedimiento Organización de Archivos. | C98: 1 | F98: 1
A99: Se encontró que la DNBC no cuenta con un programa para la gestión de documentos y expedientes electrónicos, incumpliendo el numeral 6.3.3. MGGTI.LI.INF.03 - Gestión de documentos electrónicos del Modelo de Gestión y Gobierno de TI, establecido por el Decreto 1008 de 2018 el cual se señala “La dirección de Tecnologías y Sistemas de la Información o quien haga sus veces debe establecer un programa para la gestión de documentos y expedientes electrónicos y contemplar dichos componentes dentro de la Arquitectura de Información de la institución.” | C99: 1 | F99: 1
A100: Se encontró que no se cuenta con la política de gestión documental, incumpliendo lo establecido en el Decreto 1080 de 2015, articulo 2.8.2.5.6 “…Las entidades públicas deben formular una política de gestión de documentos…” | C100: 1 | F100: 1
A101: Se evidenció debilidad en la ejecución del plan de preservación digital del largo plazo por cuanto, no se cuenta con un plan actualizado, hasta ahora se está iniciando con la digitalización de los documentos y no se ha definido con claridad el archivo y acceso a los documentos electrónicos de acuerdo con las políticas de seguridad digital de la entidad, incumpliendo lo establecido en el acuerdo 6 de 2014 articulo 18 el cual establece el plan de preservación digital a largo plazo como el “conjunto de acciones a corto, mediano y largo plazo que tienen como fin implementar los programas, estrategias, procesos y procedimientos, tendientes a asegurar la preservación a largo plazo de los documentos electrónicos de archivo” | C101: 1 | F101: 1
A102: Se evidenció incumplimiento en la ejecución del plan de mejoramiento del proceso, por cuanto se tienen el total de acciones vencidas, correspondiente a hallazgos identificados en 2019, incumpliendo lo establecido en el MIPG Dimensión 7 Control Interno. “La formulación de planes de mejoramiento, su aplicación y seguimiento para resolver los hallazgos presentados” | C102: 1 | F102: 1
A103: Se evidenció por parte del grupo auditor la falta de lineamientos en la seguridad de los activos de información de la Entidad, lo cual incumple el Decreto 1008 de 2018 "Por el cual se establecen los lineamientos generales de la política de Gobierno Digital”, que en el manual de gobierno digital en su numeral 3.3. Lineamientos de los elementos habilitadores. establece “Seguridad de la información: busca que las entidades públicas implementen los lineamientos de seguridad de la información en todos sus procesos, trámites, servicios, sistemas de información, infraestructura y en general, en todos los activos de información con el fin de preservar la confidencialidad, integridad y disponibilidad y privacidad de los datos” y el literal c) del Artículo 2.8.2.6.2. del Decreto 1080 de 2015 que establece “Seguridad. Los sistemas de gestión documental deben mantener la información administrativa en un entorno seguro” | C103: 1 | F103: 1
A104: Se evidencio que a la fecha la Entidad no cuenta con espacio adecuado para la conservación y custodia del acervo documental, incumplimiento el art.3 del Acuerdo 008 de 2014 del AGN conforme lo estipula el Art.46 de la Ley 594 de 2000 y el Art. 1 Acuerdo número 049 de 2000 del AGN. “Los archivos de la Administración Pública deberán implementar un sistema integrado de conservación en cada una de las fases del ciclo vital de los documentos” | C104: 1 | F104: 1
... A106: Se evidenció que la entidad no cuenta con las Tablas de Valoración Documental TVD, incumpliendo lo establecido en el Acuerdo 004 de 2019, articulo 3 “…Las Tablas de Retención Documental – TRD y las Tablas de Valoración Documental – TVD deberán elaborarse para los documentos de archivo que produce la entidad, tanto físicos como electrónicos, en cualquier soporte y formato…” | C106: 1 | F106: 1
A107: Informe de Austeridad en el Gasto IV Trimestre de 2020. | B107: 1 | C107: 2 | E107: 1 | F107: 4
A108: Se evidenció incumplimiento a lo señalado en la resolución 126 de 2020, en lo que respecta al artículo 4 literal (g) que señala: “El trámite de legalización y reconocimiento de viáticos o gastos de desplazamiento y permanencia se debe efectuar máximo dentro de los tres (3) hábiles siguientes al término de la comisión o desplazamiento ante el funcionario o contratista encargado de comisiones y viáticos…”, ya que las resoluciones de comisión No. 295, 389, 391, 400, 405 y 447 fueron legalizadas de manera extemporánea. | C108: 1 | E108: 1 | F108: 2
A109: Se suscribieron los contratos No. 191 el 05 de mayo de 2020 a nombre de Lina María Chacón Lastro y el No. 177 el 21 de abril de 2020 a nombre de Diego Alejandro Posada Arango; pero los mismos, no fueron cancelados conforme a lo enunciado en la cláusula FORMA DE PAGO, que indica que son Pagos Mensuales, y no como fueron tramitados y cancelados, incumpliendo el compromiso contractual pactado. De igual Forma, no se dió cumplimiento a lo estipulado en el correo electrónico de fecha 07 de enero de 2020, emitido por el Coordinador del Grupo Financiero donde se dio a conocer el calendario PAC, para que los responsables de los procesos; asi como, los supervisores solicitaran los recursos de funcionamiento como de Inversión de manera Mensual y no se afectará el PAC como evidentemente ocurrió en el cuarto trimestre de 2020. De otro lado, el artículo 84 de la ley 1474 de 2011, Determina las Facultades y deberes de los supervisores y los interventores, como el “seguimiento al ejercicio del cumplimiento obligacional por la entidad contratante sobre las obligaciones a cargo del contratista”; supervisión no ejercida para estos contratos. | B109: 1 | C109: 1 | F109: 2
A110: Informe de Control Interno Contable vigencia 2024 | B110: 11 | C110: 15 | F110: 26
A111: Numeral 10, Numeral 10.1 No se evidenció el acta el comité de sostenibilidad contable correspondiente el cuarto trimestre de 2024 ni su respectiva socialización con los responsables del proceso contable | B111: 2 | F111: 2
A112: Numeral 17 Los soportes documentales de algunas reservas presupuestales carecen de la justificación del caso fortuito y la fuerza mayor. De igual forma, no se evidenció el acto administrativo de constitución del rezago presupuestal de la vigencia 2024, como se ha venido elaborando en anteriores vigencias | B112: 1 | F112: 1
A113: Numeral 2.2 Con relación al seguimiento realizado por parte del lider del proceso se evidenció que al 31 de diciembre de 2024, el proceso presentó incumplimiento en 13 acciones de mejora establecidas en el Plan de Mejoramiento Institucional quedando VENCIDAS | C113: 3 | F113: 3
A114: Numeral 22.2 En la vigencia 2024 no se realizó la revisión de la vida util de la PPy E, Depreciación Acumulada y el deterioro | B114: 1 | C114: 3 | F114: 4
A115: Numeral 23.2 Si bien es cierto, la entidad generó la necesidad de actualizar las politicas contables, con base en las acciones de mejora establecidas en el Plan de Mejoramiento Institucional, con el fin de subsanar los Hallazgos 1 y 2 de 2024 Administrativo (A) con Presunta Incidencia Disciplinaria (D), de la denuncia 2024-298024-82111, al 31 de diciembre de 2024, estas acciones quedaron vencidas. | B115: 1 | F115: 1
A116: Numeral 24.3 No se evidencia las actas del comité directivo donde se llevan los temas financieros como insumo para la toma de decisiones. | B116: 1 | F116: 1
A117: Numeral 27.1 Las notas contables 26, 24 y 48, no detallan claramente las acciones de mejora generadas en el Plan de Mejoramiento Institucional correspondientes a los hallazgos 1 y 3 de 2023 y Hallazgo 8 de 2022, respectivamente. | B117: 1 | F117: 1
A118: Numeral 29 En el seguimiento realizado a los riesgos de gestión del tercer trimestre de 2024, se evidenciaron 7 controles de los riesgos de gestión que se encontraron NO EFECTIVOS | C118: 2 | F118: 2
A119: Numeral 3, Numeral 3.3 Mediante la resolución 253 de 2023, se actualizaron las políticas contables, creando los capítulos de Manejo de Prendas de Vestir y Flujos de información; no obstante, en la parte resolutiva de esta resolución únicamente se hace alusión al capitulo de prendas de vestir, quedando sin lineamiento la política para Flujos de Información | B119: 1 | F119: 1
...

Sheet Hoja2
A1: TIPO DE AUDITORIA | B1: Auditoría interna
A2: VIGENCIA | B2: (Todas)
A4: Cuenta de DEPENDENCIA | B4: Etiquetas de columna
A5: Etiquetas de fila | B5: CUMPLIDO | C5: EJECUCIÓN | D5: PENDIENTE DE REVISIÓN | E5: VENCIDO | F5: Total general
A6: Auditoría al sistema de Gestión en Seguridad y Salud en el Trabajo | C6: 2 | F6: 2
A7: Auditoria anual control interno contable 2023 | B7: 19 | C7: 29 | D7: 1 | E7: 2 | F7: 51
A8: Auditoría Gestión Contractual | C8: 1 | E8: 2 | F8: 3
A9: Auditoria Interna al Proceso Educación Nacional para Bomberos | B9: 10 | C9: 3 | E9: 3 | F9: 16
A10: Auditoria Interna al Sistema de Gestión en Seguridad y Salud en el Trabajo 2021 | C10: 2 | E10: 1 | F10: 3
A11: Auditoria Interna al Sistema de Gestión en Seguridad y Salud en el Trabajo 2022 | B11: 1 | C11: 3 | E11: 3 | F11: 7 | H11: siete hallazgos replicados en el análisis
A12: Auditoria Interna al Sistema de Gestión en Seguridad y Salud en el Trabajo vigencia 2020 | C12: 2 | F12: 2
A13: Decreto 491 de 2020 | C13: 1 | F13: 1
A14: Evaluación Control Interno Contable de la vigencia 2020 | B14: 7 | C14: 6 | F14: 13
A15: Gestión Administrativa | C15: 3 | F15: 3
A16: Informe Auditoria Proceso Gestión Contractual - Vigencia 2022 | B16: 2 | C16: 38 | E16: 2 | F16: 42
A17: Informe de Auditoría al proceso Coordinación Operativa | B17: 1 | C17: 2 | F17: 3
A18: Informe de Auditoría al proceso Gestión Documental | C18: 12 | F18: 12
A19: Informe de Austeridad en el Gasto IV Trimestre de 2020. | B19: 1 | C19: 2 | E19: 1 | F19: 4
A20: Informe de Control Interno Contable vigencia 2024 | B20: 11 | C20: 15 | F20: 26
A21: Informe de seguimento Austeridad III trimestre de 2020 | B21: 1 | F21: 1
A22: INFORME DE SEGUIMIENTO DEL ESTADO ACTUAL DE LA INFORMACIÓN REGISTRADA POR LA DIRECCIÓN NACIONAL DE BOMBEROS, EN EL SISTEMA DE INFORMACIÓN Y GESTIÓN DEL EMPLEO PÚBLICO (SIGEPII) | C22: 9 | F22: 9
A23: INFORME DE SEGUIMIENTO Y EVALUACION AL TRATAMIENTO DE LAS PETICIONES, QUEJAS, RECLAMOS, SOLICITUDES Y DENUNCIAS RECIBIDAS EN EL PERIODO COMPRENDIDO ENTRE EL 1 DE ENERO AL 30 DE JUNIO DE 2023 | B23: 2 | C23: 5 | F23: 7
A24: INFORME DE SEGUIMIENTO Y EVALUACION AL TRATAMIENTO DE LAS PETICIONES, QUEJAS, RECLAMOS, SOLICITUDES Y DENUNCIAS RECIBIDAS EN EL PERIODO COMPRENDIDO ENTRE EL 1 DE JULIO AL 31 DE DICIEMBRE DE 2023 | B24: 4 | C24: 6 | F24: 10
A25: Informe detallado de seguimiento y evaluación al tratamiento de las peticiones, quejas, reclamos, solicitudes y denuncias recibidas en el periodo comprendido entre el 1 de enero y el 30 de junio de 2021 | B25: 2 | E25: 1 | F25: 3
A26: Informe detallado de seguimiento y evaluacion al tratamiento de las peticiones, quejas, reclamos, solicitudes y denuncias recibidas en el periodo comprendido entre el 1 de julio al 31 de diciembre de 2022. | B26: 6 | C26: 8 | F26: 14
A27: Informe Ejecutivo seguimiento del estado actual de la información registrada por la DNBC, en el SIGEP vigencia 2024. | C27: 9 | E27: 6 | F27: 15
A28: Informe seguimiento al comité de conciliacion de la DNBC correspondiente al primer semestre de 2023 | C28: 1 | E28: 1 | F28: 2
A29: INFORME SEGUIMIENTO AL GRADO DE CUMPLIMIENTO DE LAS NORMAS DE AUSTERIDAD Y EFICIENCIA DEL GASTO PÚBLICO A 30 DE JUNIO DE 2020 | B29: 3 | F29: 3
A30: Informe seguimiento al grado de cumplimiento de las normas de austeridad y eficiencia del gasto público a 31/12/2021 | C30: 5 | F30: 5
A31: MECI | C31: 1 | F31: 1
A32: Seguimiento a la atención de Peticiones, Quejas, Reclamos, Solicitudes y Denuncias II semestre de 2021 | B32: 1 | C32: 3 | F32: 4
A33: Seguimiento a la información litigiosa Ekogui del segundo semestre de 2024 | C33: 6 | E33: 1 | F33: 7
A34: Seguimiento a la información litigiosa Ekogui del segundo semestre de 2025 | B34: 1 | F34: 1
A35: Seguimiento Comité de Conciliación del primer semestre de 2024 | B35: 2 | F35: 2
A36: Seguimiento Comité de Conciliación del primer semestre de 2025 | B36: 4 | C36: 3 | E36: 1 | F36: 8
A37: Segumiento a la Gestión de Tecnología e Informática | B37: 2 | C37: 8 | F37: 10
A38: Seguridad y Salud en el Trabajo | E38: 1 | F38: 1
A39: Talento Humano | B39: 1 | C39: 1 | E39: 1 | F39: 3
A40: Verificación Sistema de Información y Gestión del Empleo Público SIGEP | C40: 1 | F40: 1
A41: Informe Semestral del Estado de Control Interno de DNBC por el periodo comprendido entre el 1 de enero al 30 de Junio de 2020 | B41: 2 | C41: 4 | F41: 6
A42: Informe Rezago Presupuestal 2020 | B42: 16 | C42: 2 | E42: 1 | F42: 19
A43: Informe Seguimiento Austeridad Gasto l Trimestre de 2021 | C43: 3 | E43: 1 | F43: 4
A44: Informe Semestral del Estado de Control Interno de DNBC por el periodo comprendido entre el 1 de Enero al 30 de Junio de 2021 | B44: 4 | C44: 6 | F44: 10
A45: Informe Seguimiento Austeridad Gasto Il Trimestre de 2021 | B45: 4 | C45: 8 | E45: 3 | F45: 15
A46: Evaluación al grado de eficacia, eficiencia y efectividad del proceso de Gestión Contractual, la administración de los riesgos, los controles y el cumplimiento de la normatividad legal vigente | B46: 3 | C46: 1 | F46: 4
A47: Informe Seguimiento Ley 1712 de 2014- Ley de Transparencia y del derecho de acceso a la información pública nacional". | B47: 3 | C47: 5 | E47: 1 | F47: 9
A48: Informe Seguimiento Austeridad Gasto IIl Trimestre de 2021 | B48: 5 | C48: 7 | F48: 12
A49: Informe Semestral del Estado de Control Interno de DNBC por el periodo comprendido entre el 1 de Julio o al 31 de Diciembre de 2021 | B49: 3 | C49: 19 | F49: 22
A50: Informe Seguimiento Austeridad Gasto I Trimestre de 2022 | B50: 4 | C50: 11 | F50: 15
A51: INFORME DE SEGUIMIENTO Y EVALUACION AL TRATAMIENTO DE LAS PETICIONES, QUEJAS, RECLAMOS, SOLICITUDES Y DENUNCIAS RECIBIDAS EN EL PERIODO COMPRENDIDO ENTRE EL 1 DE ENERO AL 30 DE JUNIO | B51: 3 | C51: 8 | E51: 1 | F51: 12
A52: Informe Seguimiento Austeridad Gasto II Trimestre de 2022 | B52: 11 | C52: 21 | E52: 1 | F52: 33
A53: Informe Semestral del Estado de Control Interno de DNBC por el periodo comprendido entre el 1 de enero al 30 de junio de 2022 | B53: 3 | C53: 17 | F53: 20
A54: Informe Seguimiento Austeridad Gasto III Trimestre de 2022 | B54: 6 | C54: 7 | F54: 13
A55: Informe Seguimiento Austeridad Gasto II Trimestre de 2023 | B55: 2 | C55: 6 | E55: 2 | F55: 10
A56: Informe Seguimiento Austeridad Gasto IV Trimestre de 2022 | B56: 5 | C56: 11 | F56: 16
A57: Informe Seguimiento Austeridad Gasto I Trimestre de 2023 | B57: 8 | C57: 20 | E57: 1 | F57: 29
A58: Informe Semestral del Estado de Control Interno de DNBC por el periodo comprendido entre el 1 de Julio al 31 de diciembre 2020 | B58: 1 | C58: 6 | F58: 7
A59: Total general | B59: 164 | C59: 349 | D59: 1 | E59: 37 | F59: 551

Sheet Eficacia
A1: TIPO DE AUDITORIA | B1: (Todas)
A3: Cuenta de DESCRIPCIÓN DEL HALLAZGO | C3: 2. EFICACIA2
A4: VIGENCIA | B4: CÓDIGO DE HALLAZGO | C4: CUMPLIDO | D4: EN EJECUCIÓN | E4: PENDIENTE DE REVISIÓN | F4: VENCIDO | G4: Total general
A5: 2016 | B5: 2016_GD_H1 | D5: 1 | G5: 1
A6: 2016 | B6: 2016_GD_H2 | F6: 1 | G6: 1
A7: 2018 | B7: 2018_AD_H1 | D7: 2 | G7: 2
A8: 2018 | B8: 2018_GA_H1 | D8: 1 | G8: 1
A9: 2018 | B9: 2018_TH_H1 | C9: 1 | D9: 1 | F9: 1 | G9: 3
A10: 2018 | B10: 2018DenCon9677H1 | C10: 4 | D10: 4 | G10: 8
A11: 2018 | B11: 2018DenCon9677H4 | F11: 3 | G11: 3
A12: 2019 | B12: 2019_AD_H1 | D12: 2 | G12: 2
A13: 2019 | B13: 2019_CO_H1 | D13: 1 | G13: 1
A14: 2019 | B14: 2019_CO_H2 | F14: 2 | G14: 2
A15: 2019 | B15: 2019_TI_H1 | D15: 2 | G15: 2
A16: 2019 | B16: 2019_TI_H2 | D16: 1 | G16: 1
A17: 2019 | B17: 2019_TI_H3 | D17: 3 | G17: 3
A18: 2019 | B18: 2019_TI_H4 | C18: 1 | G18: 1
A19: 2019 | B19: 2019_TI_H5 | D19: 2 | G19: 2
A20: 2019 | B20: 2019_TI_H6 | D20: 1 | G20: 1
A21: 2020 | B21: 2020_AD_H1 | C21: 3 | D21: 1 | G21: 4
A22: 2020 | B22: 2020_AD_H2 | C22: 1 | G22: 1
A23: 2020 | B23: 2020_AD_H3 | D23: 2 | G23: 2
A24: 2020 | B24: 2020_AU_H1 | D24: 2 | G24: 2
A25: 2020 | B25: 2020_CO_H1 | D25: 1 | G25: 1
A26: 2020 | B26: 2020_CO_H2 | D26: 1 | G26: 1
A27: 2020 | B27: 2020_CO_H3 | C27: 1 | D27: 1 | G27: 2
A28: 2020 | B28: 2020_GF_H1 | C28: 2 | G28: 2
A29: 2020 | B29: 2020_GF_H2 | C29: 1 | G29: 1
A30: 2020 | B30: 2020_GF_H3 | C30: 1 | G30: 1
A31: 2020 | B31: 2020_GF_H4 | C31: 1 | G31: 1
A32: 2020 | B32: 2020_GF_H5 | C32: 2 | G32: 2
A33: 2020 | B33: 2020_GF_H6 | C33: 2 | G33: 2
A34: 2020 | B34: 2020_MC_H1 | C34: 1 | G34: 1
A35: 2020 | B35: 2020_MC_H2 | C35: 1 | D35: 1 | G35: 2
A36: 2020 | B36: 2020_MC_H3 | C36: 1 | D36: 1 | G36: 2
A37: 2020 | B37: 2020_MC_H4 | D37: 1 | G37: 1
A38: 2020 | B38: 2020_MC_H5 | D38: 1 | G38: 1
A39: 2020 | B39: 2020_MC_H6 | D39: 1 | G39: 1
A40: 2020 | B40: 2020_TH_H1 | D40: 1 | G40: 1
A41: 2020 | B41: 2020_TH_H2 | D41: 2 | G41: 2
A42: 2020 | B42: 2020_TI_H1 | D42: 1 | G42: 1
A43: 2020 | B43: 2020_TI_H2 | D43: 1 | G43: 1
A44: 2020 | B44: 2020_TI_H3 | D44: 1 | G44: 1
A45: 2020 | B45: 2020_TI_H4 | D45: 1 | G45: 1
A46: 2020 | B46: Pendiente | C46: 1 | G46: 1
A47: 2021 | B47: 2021_AD_H1 | D47: 1 | G47: 1
A48: 2021 | B48: 2021_AD_H10 | C48: 2 | D48: 1 | G48: 3
A49: 2021 | B49: 2021_AD_H11 | D49: 1 | G49: 1
A50: 2021 | B50: 2021_AD_H13 | C50: 1 | D50: 2 | G50: 3
A51: 2021 | B51: 2021_AD_H2 | D51: 1 | G51: 1
A52: 2021 | B52: 2021_AD_H3 | D52: 1 | G52: 1
A53: 2021 | B53: 2021_AD_H4 | D53: 1 | G53: 1
A54: 2021 | B54: 2021_AD_H5 | D54: 1 | G54: 1
A55: 2021 | B55: 2021_AD_H6 | D55: 1 | G55: 1
A56: 2021 | B56: 2021_AD_H7 | D56: 1 | G56: 1
A57: 2021 | B57: 2021_AD_H8 | C57: 1 | G57: 1
A58: 2021 | B58: 2021_AD_H9 | D58: 2 | G58: 2
A59: 2021 | B59: 2021_AU_H1 | C59: 1 | G59: 1
A60: 2021 | B60: 2021_AU_H2 | D60: 1 | G60: 1
A61: 2021 | B61: 2021_AU_H3 | D61: 1 | G61: 1
A62: 2021 | B62: 2021_AU_H4 | C62: 1 | G62: 1
A63: 2021 | B63: 2021_AU_H5 | D63: 1 | G63: 1
A64: 2021 | B64: 2021_AU_H6 | D64: 1 | G64: 1
A65: 2021 | B65: 2021_AU_H7 | C65: 1 | G65: 1
A66: 2021 | B66: 2021_AU_H8 | C66: 1 | G66: 1
A67: 2021 | B67: 2021_CJ_H1 | D67: 2 | G67: 2
A68: 2021 | B68: 2021_CO_H1 | D68: 1 | G68: 1
A69: 2021 | B69: 2021_CO_H2 | D69: 2 | G69: 2
A70: 2021 | B70: 2021_CO_H3 | C70: 1 | G70: 1
A71: 2021 | B71: 2021_CO_H4 | C71: 2 | G71: 2
A72: 2021 | B72: 2021_CO_H5 | D72: 1 | G72: 1
A73: 2021 | B73: 2021_CO_H6 | C73: 5 | D73: 1 | G73: 6
A74: 2021 | B74: 2021_CO_H7 | C74: 1 | G74: 1
A75: 2021 | B75: 2021_CO_H8 | F75: 1 | G75: 1
A76: 2021 | B76: 2021_DI_H1 | C76: 1 | G76: 1
A77: 2021 | B77: 2021_DI_H2 | C77: 2 | G77: 2
A78: 2021 | B78: 2021_DI_H3 | C78: 1 | G78: 1
A79: 2021 | B79: 2021_GC_H1 | D79: 2 | G79: 2
A80: 2021 | B80: 2021_GD_H1 | C80: 1 | G80: 1
A81: 2021 | B81: 2021_GD_H10 | D81: 1 | G81: 1
A82: 2021 | B82: 2021_GD_H11 | D82: 1 | G82: 1
A83: 2021 | B83: 2021_GD_H2 | D83: 1 | G83: 1
A84: 2021 | B84: 2021_GD_H3 | D84: 1 | G84: 1
A85: 2021 | B85: 2021_GD_H4 | D85: 1 | G85: 1
A86: 2021 | B86: 2021_GD_H5 | F86: 1 | G86: 1
A87: 2021 | B87: 2021_GD_H6 | D87: 1 | G87: 1
A88: 2021 | B88: 2021_GD_H7 | D88: 1 | G88: 1
A89: 2021 | B89: 2021_GD_H8 | D89: 1 | G89: 1
A90: 2021 | B90: 2021_GD_H9 | D90: 1 | G90: 1
A91: 2021 | B91: 2021_GF_H1 | C91: 2 | G91: 2
A92: 2021 | B92: 2021_GF_H2 | C92: 1 | G92: 1
A93: 2021 | B93: 2021_GF_H3 | C93: 1 | G93: 1
A94: 2021 | B94: 2021_GF_H4 | C94: 1 | G94: 1
A95: 2021 | B95: 2021_GF_H5 | C95: 1 | G95: 1
A96: 2021 | B96: 2021_GF_H6 | C96: 2 | G96: 2
A97: 2021 | B97: 2021_MC_H1 | C97: 2 | D97: 2 | G97: 4
A98: 2021 | B98: 2021_MC_H11 | D98: 1 | G98: 1
A99: 2021 | B99: 2021_MC_H12 | C99: 2 | D99: 1 | G99: 3
A100: 2021 | B100: 2021_MC_H13 | D100: 1 | G100: 1
A101: 2021 | B101: 2021_MC_H14 | D101: 1 | G101: 1
...

Sheet Detalle7
A1: Detalles para Cuenta de CÓDIGO DE HALLAZGO - VIGENCIA: 2024, Para evaluar: Para Evaluar
A3: VIGENCIA | B3: CÓDIGO DE HALLAZGO | C3: C. EXTRATEMPORANEAMENTE | D3: C. OPORTUNAMENTE | E3: EN EJECUCIÓN | F3: SIN INICIAR | G3: VENCIDA | H3: total | I3: Para evaluar
A4: 2024 | B4: 2024Fin2023HR3 | C4: 1 | H4: 1 | I4: Para Evaluar
A5: 2024 | B5: 2024Fin2023HR2 | C5: 2 | H5: 2 | I5: Para Evaluar
A6: 2024 | B6: 2024Fin2023HR1 | C6: 2 | H6: 2 | I6: Para Evaluar
A7: 2024 | B7: 2024Fin2023H9 | C7: 1 | D7: 3 | H7: 4 | I7: Para Evaluar
A8: 2024 | B8: 2024Fin2023H5 | C8: 3 | D8: 1 | H8: 4 | I8: Para Evaluar
A9: 2024 | B9: 2024Fin2023H4 | C9: 4 | H9: 4 | I9: Para Evaluar
A10: 2024 | B10: 2024Fin2023H3 | C10: 3 | H10: 3 | I10: Para Evaluar
A11: 2024 | B11: 2024Fin2023H2 | C11: 7 | H11: 7 | I11: Para Evaluar
A12: 2024 | B12: 2024Fin2023H15 | C12: 1 | D12: 3 | H12: 4 | I12: Para Evaluar
A13: 2024 | B13: 2024Fin2023H14 | D13: 4 | H13: 4 | I13: Para Evaluar
A14: 2024 | B14: 2024Fin2023H13 | D14: 4 | H14: 4 | I14: Para Evaluar
A15: 2024 | B15: 2024Fin2023H12 | D15: 4 | H15: 4 | I15: Para Evaluar
A16: 2024 | B16: 2024Fin2023H1 | D16: 5 | H16: 5 | I16: Para Evaluar
A17: 2024 | B17: 2024_TH_H1 | D17: 1 | E17: 0 | H17: 3 | I17: Para Evaluar
A18: 2024 | B18: 2024_DI_H2 | D18: 1 | H18: 1 | I18: Para Evaluar
A19: 2024 | B19: 2024_CJ_H4 | C19: 1 | H19: 1 | I19: Para Evaluar
A20: 2024 | B20: 2024_CJ_H1 | C20: 1 | H20: 1 | I20: Para Evaluar

Sheet Efectividad
A3: TIPO DE AUDITORIA | B3: (Todas)
A5: Cuenta de DESCRIPCIÓN DEL HALLAZGO | C5: 3. Estado de Oportunidad2
A6: VIGENCIA | B6: CÓDIGO DE HALLAZGO | C6: C. EXTRATEMPORANEAMENTE | D6: C. OPORTUNAMENTE | E6: EN EJECUCIÓN | F6: SIN INICIAR | G6: VENCIDA | H6: Total general
A7: 2016 | B7: 2016_GD_H1 | E7: 1 | H7: 1
A8: 2016 | B8: 2016_GD_H2 | G8: 1 | H8: 1
A9: 2018 | B9: 2018_AD_H1 | E9: 2 | H9: 2
A10: 2018 | B10: 2018_GA_H1 | E10: 1 | H10: 1
A11: 2018 | B11: 2018_TH_H1 | D11: 1 | F11: 1 | G11: 1 | H11: 3
A12: 2018 | B12: 2018DenCon9677H1 | C12: 5 | E12: 3 | H12: 8
A13: 2018 | B13: 2018DenCon9677H4 | E13: 1 | G13: 2 | H13: 3
A14: 2019 | B14: 2019_AD_H1 | E14: 2 | H14: 2
A15: 2019 | B15: 2019_CO_H1 | E15: 1 | H15: 1
A16: 2019 | B16: 2019_CO_H2 | E16: 1 | G16: 1 | H16: 2
A17: 2019 | B17: 2019_TI_H1 | E17: 2 | H17: 2
A18: 2019 | B18: 2019_TI_H2 | E18: 1 | H18: 1
A19: 2019 | B19: 2019_TI_H3 | D19: 1 | E19: 2 | H19: 3
A20: 2019 | B20: 2019_TI_H4 | D20: 1 | H20: 1
A21: 2019 | B21: 2019_TI_H5 | E21: 1 | F21: 1 | H21: 2
A22: 2019 | B22: 2019_TI_H6 | E22: 1 | H22: 1
A23: 2020 | B23: 2020_AD_H1 | D23: 3 | E23: 1 | H23: 4
A24: 2020 | B24: 2020_AD_H2 | D24: 1 | H24: 1
A25: 2020 | B25: 2020_AD_H3 | E25: 2 | H25: 2
A26: 2020 | B26: 2020_AU_H1 | E26: 2 | H26: 2
A27: 2020 | B27: 2020_CO_H1 | F27: 1 | H27: 1
A28: 2020 | B28: 2020_CO_H2 | F28: 1 | H28: 1
A29: 2020 | B29: 2020_CO_H3 | D29: 1 | E29: 1 | H29: 2
A30: 2020 | B30: 2020_GF_H1 | C30: 2 | H30: 2
A31: 2020 | B31: 2020_GF_H2 | D31: 1 | H31: 1
A32: 2020 | B32: 2020_GF_H3 | D32: 1 | H32: 1
A33: 2020 | B33: 2020_GF_H4 | D33: 1 | H33: 1
A34: 2020 | B34: 2020_GF_H5 | D34: 2 | H34: 2
A35: 2020 | B35: 2020_GF_H6 | D35: 2 | H35: 2
A36: 2020 | B36: 2020_MC_H1 | E36: 1 | H36: 1
A37: 2020 | B37: 2020_MC_H2 | D37: 1 | F37: 1 | H37: 2
A38: 2020 | B38: 2020_MC_H3 | D38: 1 | F38: 1 | H38: 2
A39: 2020 | B39: 2020_MC_H4 | F39: 1 | H39: 1
A40: 2020 | B40: 2020_MC_H5 | F40: 1 | H40: 1
A41: 2020 | B41: 2020_MC_H6 | E41: 1 | H41: 1
A42: 2020 | B42: 2020_TH_H1 | F42: 1 | H42: 1
A43: 2020 | B43: 2020_TH_H2 | F43: 2 | H43: 2
A44: 2020 | B44: 2020_TI_H1 | E44: 1 | H44: 1
A45: 2020 | B45: 2020_TI_H2 | E45: 1 | H45: 1
A46: 2020 | B46: 2020_TI_H3 | E46: 1 | H46: 1
A47: 2020 | B47: 2020_TI_H4 | E47: 1 | H47: 1
A48: 2020 | B48: Pendiente | C48: 1 | H48: 1
A49: 2021 | B49: 2021_AD_H1 | E49: 1 | H49: 1
A50: 2021 | B50: 2021_AD_H10 | C50: 1 | E50: 2 | H50: 3
A51: 2021 | B51: 2021_AD_H11 | E51: 1 | H51: 1
A52: 2021 | B52: 2021_AD_H13 | D52: 1 | E52: 2 | H52: 3
A53: 2021 | B53: 2021_AD_H2 | E53: 1 | H53: 1
A54: 2021 | B54: 2021_AD_H3 | E54: 1 | H54: 1
A55: 2021 | B55: 2021_AD_H4 | E55: 1 | H55: 1
A56: 2021 | B56: 2021_AD_H5 | E56: 1 | H56: 1
A57: 2021 | B57: 2021_AD_H6 | E57: 1 | H57: 1
A58: 2021 | B58: 2021_AD_H7 | E58: 1 | H58: 1
A59: 2021 | B59: 2021_AD_H8 | D59: 1 | H59: 1
A60: 2021 | B60: 2021_AD_H9 | E60: 2 | H60: 2
A61: 2021 | B61: 2021_AU_H1 | C61: 1 | H61: 1
A62: 2021 | B62: 2021_AU_H2 | E62: 1 | H62: 1
A63: 2021 | B63: 2021_AU_H3 | E63: 1 | H63: 1
A64: 2021 | B64: 2021_AU_H4 | D64: 1 | H64: 1
A65: 2021 | B65: 2021_AU_H5 | E65: 1 | H65: 1
A66: 2021 | B66: 2021_AU_H6 | E66: 1 | H66: 1
A67: 2021 | B67: 2021_AU_H7 | D67: 1 | H67: 1
A68: 2021 | B68: 2021_AU_H8 | C68: 1 | H68: 1
A69: 2021 | B69: 2021_CJ_H1 | E69: 1 | F69: 1 | H69: 2
A70: 2021 | B70: 2021_CO_H1 | F70: 1 | H70: 1
A71: 2021 | B71: 2021_CO_H2 | F71: 2 | H71: 2
A72: 2021 | B72: 2021_CO_H3 | C72: 1 | H72: 1
A73: 2021 | B73: 2021_CO_H4 | D73: 2 | H73: 2
A74: 2021 | B74: 2021_CO_H5 | F74: 1 | H74: 1
A75: 2021 | B75: 2021_CO_H6 | C75: 3 | D75: 2 | E75: 1 | H75: 6
A76: 2021 | B76: 2021_CO_H7 | D76: 1 | H76: 1
A77: 2021 | B77: 2021_CO_H8 | G77: 1 | H77: 1
A78: 2021 | B78: 2021_DI_H1 | D78: 1 | H78: 1
A79: 2021 | B79: 2021_DI_H2 | D79: 2 | H79: 2
A80: 2021 | B80: 2021_DI_H3 | D80: 1 | H80: 1
A81: 2021 | B81: 2021_GC_H1 | E81: 2 | H81: 2
A82: 2021 | B82: 2021_GD_H1 | C82: 1 | H82: 1
A83: 2021 | B83: 2021_GD_H10 | E83: 1 | H83: 1
A84: 2021 | B84: 2021_GD_H11 | F84: 1 | H84: 1
A85: 2021 | B85: 2021_GD_H2 | F85: 1 | H85: 1
A86: 2021 | B86: 2021_GD_H3 | E86: 1 | H86: 1
A87: 2021 | B87: 2021_GD_H4 | F87: 1 | H87: 1
A88: 2021 | B88: 2021_GD_H5 | G88: 1 | H88: 1
A89: 2021 | B89: 2021_GD_H6 | E89: 1 | H89: 1
A90: 2021 | B90: 2021_GD_H7 | E90: 1 | H90: 1
A91: 2021 | B91: 2021_GD_H8 | E91: 1 | H91: 1
A92: 2021 | B92: 2021_GD_H9 | E92: 1 | H92: 1
A93: 2021 | B93: 2021_GF_H1 | D93: 2 | H93: 2
A94: 2021 | B94: 2021_GF_H2 | D94: 1 | H94: 1
A95: 2021 | B95: 2021_GF_H3 | D95: 1 | H95: 1
A96: 2021 | B96: 2021_GF_H4 | D96: 1 | H96: 1
A97: 2021 | B97: 2021_GF_H5 | D97: 1 | H97: 1
A98: 2021 | B98: 2021_GF_H6 | D98: 2 | H98: 2
A99: 2021 | B99: 2021_MC_H1 | D99: 2 | E99: 2 | H99: 4
A100: 2021 | B100: 2021_MC_H11 | E100: 1 | H100: 1
A101: 2021 | B101: 2021_MC_H12 | D101: 2 | E101: 1 | H101: 3
A102: 2021 | B102: 2021_MC_H13 | E102: 1 | H102: 1
A103: 2021 | B103: 2021_MC_H14 | E103: 1 | H103: 1
...

Sheet Graficos
A1: AUDITORÍAS INTERNAS / INFORMES
A2: Denominación de la auditoría / informe | B2: Vigencia | C2: Cantidad Hallazgos | D2: Cantidad Metas
A3: Auditorías Internas de Gestión e Informes OCI – Vigencia 2016 | B3: 2016 | C3: 2 | D3: 2
A4: Auditorías Internas de Gestión e Informes OCI – Vigencia 2018 | B4: 2018 | C4: 3 | D4: 6
A5: Auditorías Internas de Gestión e Informes OCI – Vigencia 2019 | B5: 2019 | C5: 9 | D5: 15
A6: Auditorías Internas de Gestión e Informes OCI – Vigencia 2020 | B6: 2020 | C6: 26 | D6: 38
A7: Auditorías Internas de Gestión e Informes OCI – Vigencia 2021 | B7: 2021 | C7: 86 | D7: 129
A8: Auditorías Internas de Gestión e Informes OCI – Vigencia 2022 | B8: 2022 | C8: 83 | D8: 132
A9: Auditorías Internas de Gestión e Informes OCI – Vigencia 2023 | B9: 2023 | C9: 111 | D9: 169
A10: Auditorías Internas de Gestión e Informes OCI – Vigencia 2024 | B10: 2024 | C10: 19 | D10: 25
A11: Auditorías Internas de Gestión e Informes OCI – Vigencia 2025 | B11: 2025 | C11: 24 | D11: 35
A12: SUBTOTAL AUDITORÍAS INTERNAS OCI | C12: =SUM(C3:C11) -> 363 | D12: 551
A14: AUDITORÍAS EXTERNAS CGR
A15: Denominación de la auditoría | B15: Vigencia | C15: Cantidad Hallazgos | D15: Cantidad Metas
A16: Actuación-Auditoria Anual Control Interno Contable 2023 | B16: 2023 | C16: 30 | D16: 42
A18: AUDITORÍAS EXTERNAS CGR
A19: Denominación de la auditoría | B19: Vigencia | C19: Cantidad Hallazgos | D19: Cantidad Metas
A20: Actuación Contraloría General de la República – CGR 2018 | B20: 2018 | C20: 2 | D20: 11
A21: Actuación Contraloría General de la República – CGR 2020 | B21: 2020 | C21: 5 | D21: 20
A22: Actuación Contraloría General de la República – CGR 2021 | B22: 2021 | C22: 7 | D22: 27
A23: Actuación Contraloría General de la República – CGR 2022 | B23: 2022 | C23: 27 | D23: 58
A24: Actuación Contraloría General de la República – CGR 2023 | B24: 2023 | C24: 2 | D24: 67
A25: Actuación Contraloría General de la República – CGR 2024 | B25: 2024 | C25: 22 | D25: 9
A26: Actuación Contraloría General de la República – CGR 2025 | B26: 2025 | C26: 37 | D26: 115
A27: TOTAL | C27: 102 | D27: 307
A28: Total | C28: =C27+C16+C12 -> 495 | D28: =D12+D16+D27 -> 900

Sheet ACTIVIDADES
A6: FORMULACIÓN ACTIVIDADES | K6: PRIMER TRIMESTRE | R6: SEGUNDO TRIMESTRE | Y6: TERCER TRIMESTRE | AF6: CUARTO TRIMESTRE
K7: SEGUIMIENTO PRIMERA LÍNEA DE DEFENSA | N7: SEGUIMIENTO SEGUNDA LÍNEA DE DEFENSA | R7: SEGUIMIENTO PRIMERA LÍNEA DE DEFENSA | U7: SEGUIMIENTO SEGUNDA LÍNEA DE DEFENSA | Y7: SEGUIMIENTO PRIMERA LÍNEA DE DEFENSA | AB7: SEGUIMIENTO SEGUNDA LÍNEA DE DEFENSA | AF7: SEGUIMIENTO PRIMERA LÍNEA DE DEFENSA | AI7: SEGUIMIENTO SEGUNDA LÍNEA DE DEFENSA
A8: ACCIÓN DE MEJORA | B8: COD ACTIVIDAD | C8: ACTIVIDADES/DESCRIPCIÓN | D8: UNIDAD DE MEDIDA | E8: CANTIDAD / UNIDAD DE MEDIDA | F8: FECHA DE INICIO | G8: FECHA DE FINALIZACIÓN | H8: ACTIVIDADES/PLAZO EN SEMANAS | I8: RESPONSABLE / PROCESO | J8: OBSERVACIONES | K8: 1. Avance físico de ejecución | L8: 1. Descripción de evidencias o soportes ejecución | M8: 1. Evidencias LINK | N8: 2. Fecha del seguimiento | O8: 2. Descripción seguimiento evidencia | P8: 2. % Avance | Q8: 2. EFICACIA | R8: 1. Avance físico de ejecución | S8: 1. Descripción de evidencias o soportes ejecución | T8: 1. Evidencias LINK | U8: 2. Fecha del seguimiento | V8: 2. Descripción seguimiento evidencia | W8: 2. % Avance | X8: 2. EFICACIA | Y8: 1. Avance físico de ejecución | Z8: 1. Descripción de evidencias o soportes ejecución | AA8: 1. Evidencias LINK | AB8: 2. Fecha del seguimiento | AC8: 2. Descripción seguimiento evidencia | AD8: 2. % Avance | AE8: 2. EFICACIA | AF8: 1. Avance físico de ejecución | AG8: 1. Descripción de evidencias o soportes ejecución | AH8: 1. Evidencias LINK | AI8: 2. Fecha del seguimiento | AJ8: 2. Descripción seguimiento evidencia | AK8: 2. % Avance | AL8: 2. EFICACIA
A9: Acción correctiva | B9: DG_AC01 | C9: Verificar que en el Acta de Comité Técnico que incluya el cumplimiento de los requisitos técnicos, financieros y jurídicos contenidos en la Resolución que establece la urgencia manifiesta | D9: Acta de Comité Técnico y los anexoss | E9: 1 | F9: 46023 | G9: 46387 | H9: =DAYS360(F9,G9)/360*54 -> 54 | I9: 00. Dirección General (Secretaria Técnica) | J9: Auditoria Financiera 2024 | K9: 0 | L9: Actividad pendiente de realización | N9: 46153 | O9: Sin avance en la actividad | P9: 0 | Q9: EJECUCIÓN | R9: 0 | S9: Actividad pendiente de realización | U9: 46213 | V9: Sin avance en la actividad | W9: 0 | X9: EN EJECUCIÓN
A10: Acción correctiva | B10: SE_AC01 | C10: Seguimiento mensual en la plataforma PIIP de los recursos de Inversión. | D10: Reportes mensuales realizados en la plataformaPIIP del DNP | E10: 12 | F10: 45658 | G10: 46022 | H10: =DAYS360(F10,G10)/360*54 -> 54 | I10: 00. Subdirección Estretegica y de Coordinación Bomberil | J10: Seguimiento Historico CGR | K10: =6/6 -> 1 | L10: Accion establecida en el plan de mejoramiento suscrito el 17 de diciembre de 2024, como resultado de la auditoria realizada a la vigencia 2023. La acción finaliza el 31 de diciembre de 2025. Se evidenció que, desde el proceso de Planeación Estratégica, se realizaron de manera mensual los reportes de avance en el sistema PIIP sobre la ejecución de los recursos de inversión, así como el avance físico de las actividades propuestas. Por lo tanto, no se ha dado cumplimiento a la acción establecida en el Plan de Mejoramiento. | N10: 46153 | O10: No se registra eviencias | P10: 0 | Q10: EJECUCIÓN | R10: =6/6 -> 1 | S10: En el primer semestre de 2026, se realizaron seis seguimientos a los recursos de inversión en la plataforma PIIP , los cuales corresponden al periodo comprendido entre diciembre 2025 a mayo 2026 | T10: https://dnbcgovco-my.sharepoint.com/:f:/g/personal/planeacion_dnbc_gov_co/IgALtEtIvA50SJZNotKoxLPeAc9AQrFeOOLTzscefojERE8?e=JqSeOO | U10: 46213 | V10: Se evidencia seguimientos de Dic 2025, hasta mayo 2026 | W10: 0.5 | X10: EN EJECUCIÓN
A11: Acción correctiva | B11: SE_AC02 | C11: Analizar en el marco del comité técnico los criterios de priorización para los municipios que tienen menos de 20000 habitantes | D11: Acta Comité Técnico según realizadas en la vigencia | E11: 100 | F11: 46023 | G11: 46387 | H11: =DAYS360(F11,G11)/360*54 -> 54 | I11: 00. Subdirección Estretegica y de Coordinación Bomberil | J11: Auditoria Financiera 2024 | N11: 46153 | O11: No se registra seguimiento | P11: 0 | Q11: EJECUCIÓN | R11: 0.5 | S11: En el primer semestre se realizó trabajo de revisión de solicitudes y de criterios técnicos para regionalizar el fortalecimiento entregado a la fecha de corte de este informe, el acta se encuentra en proceso de construcción, para revisión y fima de quienes hacen parte del comité técnico e intervinieron en el proceso | T11: pendiente | U11: 46213 | V11: No se encuentran evidencias de monitoreo | W11: 0 | X11: EN EJECUCIÓN
A12: Acción correctiva | B12: PE_A1 | C12: Realizar el Procedimiento para la generación del PAA | D12: Procedimiento Generado. | E12: 1 | F12: 44409 | G12: 44438 | H12: 4.35 | I12: 01. Planeación Estratégica | J12: Acción Cumplida Pendiente evaluación tercera Linea | K12: 1 | L12: Se generó por parte del Planeación Estratégica, el procedimiento denominado Formulacion y seguimiento Plan Anual de Adquisiones, codigo: PC-PE-01 Version 1. El procedimiento Actualmente se encuentra en V3. | M12: https://dnbcgovco-my.sharepoint.com/:b:/g/personal/planeacion_dnbc_gov_co/IQDNdvWv1y91Tp4Dh16MArLvAdjffmzNDv9k9_c3is0NPQs?e=nxlmmL | N12: 46153 | O12: Se evidencia creación de procedimiento PC-PE-FSP-01 Formulación Seguimiento Plan Anual Adquisiciones y posteriores actualizaciones. | P12: 1 | Q12: CUMPLIDO | R12: 1 | S12: Se generó por parte del Planeación Estratégica, el procedimiento denominado Formulacion y seguimiento Plan Anual de Adquisiones, codigo: PC-PE-01 Version 1. El procedimiento Actualmente se encuentra en V3. | T12: https://dnbcgovco-my.sharepoint.com/my?id=%2Fpersonal%2Fplaneacion%5Fdnbc%5Fgov%5Fco%2FDocuments%2FDocumentos%20SIGE%2F6%2E%20Planes%2FPLAN%20DE%20MEJORA%2F2026%2F02%2E%20Seguimiento%20Segundo%20Trimestre%2F01%2E%20Planeaci%C3%B3n%20Estrat%C3%A9gica&viewid=efb70791%2Db8ab%2D49e7%2Db552%2Dd3d4cbe976b9 | U12: 46213 | V12: Se evidencia creación de procedimiento PC-PE-FSP-01 Formulación Seguimiento Plan Anual Adquisiciones y posteriores actualizaciones. | W12: 1 | X12: CUMPLIDO
A13: Acción correctiva | B13: PE_A2 | C13: Generar el PAA conforme a los lineamientos establecidos por Colombia Compra Eficiente, indicando los procesos que se adelantaran, responsables, fechas de inicio y finalización, cuantia, tipo de proceso, reponsables de generar estudios entre otros. | D13: PAA constituido | E13: 1 | F13: 44409 | G13: 44742 | H13: 49.35 | I13: 01. Planeación Estratégica | J13: Acción Cumplida Pendiente evaluación tercera Linea | K13: 1 | L13: Durante la vigencia 2022 se realizaron ejercicios para la construcción de formatos que capturaran información acorde a lineamientos de CCE. En PAA 2026 fue publicado acorde con el formato construido | M13: https://dnbc.gov.co/plan-anual-de-adquisiciones/ | N13: 46153 | O13: Se evidencia publicación reciente de PAA | P13: 1 | Q13: CUMPLIDO | R13: 1 | S13: Durante la vigencia 2022 se realizaron ejercicios para la construcción de formatos que capturaran información acorde a lineamientos de CCE. En PAA 2026 fue publicado acorde con el formato construido | T13: https://dnbcgovco-my.sharepoint.com/my?id=%2Fpersonal%2Fplaneacion%5Fdnbc%5Fgov%5Fco%2FDocuments%2FDocumentos%20SIGE%2F6%2E%20Planes%2FPLAN%20DE%20MEJORA%2F2026%2F02%2E%20Seguimiento%20Segundo%20Trimestre%2F01%2E%20Planeaci%C3%B3n%20Estrat%C3%A9gica&viewid=efb70791%2Db8ab%2D49e7%2Db552%2Dd3d4cbe976b9 | U13: 46213 | V13: Se evidencia publicación reciente de PAA | W13: 1 | X13: CUMPLIDO
A14: Acción correctiva | B14: PE_A3 | C14: Realizar seguimiento mensual al PAA, y presentarlo a la Alta Dirección para la respectiva toma de decisiones. | D14: Informes de seguimiento | E14: 12 | F14: 44409 | G14: 44742 | H14: 49.35 | I14: 01. Planeación Estratégica | J14: Acción Cumplida Pendiente evaluación tercera Linea | K14: 1 | L14: Durante las vigencias 2022 y 2023 se presentaron informes de seguimiento al PAA en los comités de contratación. Esta actividad sigue contemplada en el procedimiento vigente | M14: https://dnbcgovco-my.sharepoint.com/:b:/g/personal/planeacion_dnbc_gov_co/IQDNdvWv1y91Tp4Dh16MArLvAdjffmzNDv9k9_c3is0NPQs?e=nxlmmL | N14: 46153 | O14: Se evidencia documentación de la actividad en el procedimiento. Se ha realizado seguimientos durante 2026 en matriz de gestión contractual | P14: 1 | Q14: CUMPLIDO | R14: 1 | S14: Durante las vigencias 2022 y 2023 se presentaron informes de seguimiento al PAA en los comités de contratación. Esta actividad sigue contemplada en el procedimiento vigente | T14: https://dnbcgovco-my.sharepoint.com/my?id=%2Fpersonal%2Fplaneacion%5Fdnbc%5Fgov%5Fco%2FDocuments%2FDocumentos%20SIGE%2F6%2E%20Planes%2FPLAN%20DE%20MEJORA%2F2026%2F02%2E%20Seguimiento%20Segundo%20Trimestre%2F01%2E%20Planeaci%C3%B3n%20Estrat%C3%A9gica&viewid=efb70791%2Db8ab%2D49e7%2Db552%2Dd3d4cbe976b9 | U14: 46213 | V14: Se evidencia documentación de la actividad en el procedimiento. Se ha realizado seguimientos durante 2026 en matriz de gestión contractual | W14: 1 | X14: CUMPLIDO
A15: Acción correctiva | B15: PE_A4 | C15: Realizar el seguimiento de la ejecucion presupuestal de los gastos de funcionamiento (Semáforo) y los gastos de inversion (Cadena de Valor) en forma mensual y presentarlo a la Alta Direccion y a Gestión Contractual para realizar el seguimiento y evaluar los procesos contractuales que no se hallan adelantado y los que estan curso. | D15: Reportes de seguimientos de la ejecucion presupestal de los gastos de funcionamiento (Semáforo) y los gastos de inversion (Cadena de Valor), realizados y presentados a la Alta Direccion y a Gestión Contractual | E15: 12 | F15: 44409 | G15: 44742 | H15: 49.35 | I15: 01. Planeación Estratégica | J15: Acción Cumplida Pendiente evaluación tercera Linea | K15: 1 | L15: Durante las vigencias 2022 y 2023 se presentaron informes de seguimiento al en los comités directivos. Esta actividad sigue realizandose y se ha realizado durante el primer trimestre de la vigencia 2026 | M15: https://dnbcgovco-my.sharepoint.com/:f:/g/personal/planeacion_dnbc_gov_co/IgAwRNaujcVWS71Oq-WCF_AGAcRdBSypMFYYtevfmuGwQSg?e=uNwP8x | N15: 46153 | O15: Se evidencian actas de comité directivo | P15: 1 | Q15: CUMPLIDO | R15: 1 | S15: Durante las vigencias 2022 y 2023 se presentaron informes de seguimiento al en los comités directivos. Esta actividad sigue realizandose y se ha realizado durante la vigencia 2026 | T15: https://dnbcgovco-my.sharepoint.com/my?id=%2Fpersonal%2Fplaneacion%5Fdnbc%5Fgov%5Fco%2FDocuments%2FDocumentos%20SIGE%2F6%2E%20Planes%2FPLAN%20DE%20MEJORA%2F2026%2F02%2E%20Seguimiento%20Segundo%20Trimestre%2F01%2E%20Planeaci%C3%B3n%20Estrat%C3%A9gica&viewid=efb70791%2Db8ab%2D49e7%2Db552%2Dd3d4cbe976b9 | U15: 46213 | V15: Se evidencian actas de comité directivo | W15: 1 | X15: CUMPLIDO
A16: Acción correctiva | B16: PE_A5 | C16: Socializar a los funcionarios y contratistas la matriz de roles y usuarios | D16: Socialización de la matriz de roles y usuarios | E16: 1 | F16: 44866 | G16: 44957 | H16: 13.5 | I16: 01. Planeación Estratégica | K16: 0 | L16: Se realiza actualización de la SEGREGACION DE ROLES, compartida con el comité directivo y socailziada a travez de correo electrónico con los procesos (personal de planta y contratistas). Vigencia 2024 | N16: 46153 | O16: No se registra seguimiento | P16: 0 | Q16: EJECUCIÓN | R16: 1 | S16: Se realiza actualización de la SEGREGACION DE ROLES, compartida con el comité directivo y socailziada a travez de correo electrónico con los procesos (personal de planta y contratistas). Vigencia 2024 | T16: https://dnbcgovco-my.sharepoint.com/my?id=%2Fpersonal%2Fplaneacion%5Fdnbc%5Fgov%5Fco%2FDocuments%2FDocumentos%20SIGE%2F6%2E%20Planes%2FPLAN%20DE%20MEJORA%2F2026%2F02%2E%20Seguimiento%20Segundo%20Trimestre%2F01%2E%20Planeaci%C3%B3n%20Estrat%C3%A9gica&viewid=efb70791%2Db8ab%2D49e7%2Db552%2Dd3d4cbe976b9 | U16: 46213 | V16: Acción cumplida en 2024 | W16: 1 | X16: CUMPLIDO
